Workbook

Sheet Rebases
A1: Before taking this survey, were you familiar with the concept of cloud computing? | B1: BASE: All Respondents | C1: =IFERROR(VLOOKUP(A1, E1:G200, 2, FALSE), 0) -> 1 | D1: =IFERROR(VLOOKUP(A1, E1:G200, 3, FALSE), 0) -> 11 | E1: =Contents!D9 -> Before taking this survey, were you familiar with the concept of cloud computing? | F1: =Contents!C9 -> 1 | G1: =Contents!E9 -> 11
A2: Do you know if your company directly buys any services from a cloud provider? (eg. Amazon Web Services, Microsoft Azure, Google Cloud Platform) | B2: BASE: All Respondents | C2: =IFERROR(VLOOKUP(A2, E2:G201, 2, FALSE), 0) -> 2 | D2: =IFERROR(VLOOKUP(A2, E2:G201, 3, FALSE), 0) -> 18 | E2: =Contents!D10 -> Do you know if your company directly buys any services from a cloud provider? (eg. Amazon Web Services, Microsoft Azure, Google Cloud Platform) | F2: =Contents!C10 -> 2 | G2: =Contents!E10 -> 18
A3: Which of the following purposes do you use a cloud computing provider for?Please select all that apply | B3: BASE: Cloud User | C3: =IFERROR(VLOOKUP(A3, E3:G202, 2, FALSE), 0) -> 3 | D3: =IFERROR(VLOOKUP(A3, E3:G202, 3, FALSE), 0) -> 26 | E3: =Contents!D11 -> Which of the following purposes do you use a cloud computing provider for?Please select all that apply | F3: =Contents!C11 -> 3 | G3: =Contents!E11 -> 26
A4: Which, if any, of the following best describes how you use cloud services?Please select all that apply | B4: BASE: Cloud User | C4: =IFERROR(VLOOKUP(A4, E4:G203, 2, FALSE), 0) -> 4 | D4: =IFERROR(VLOOKUP(A4, E4:G203, 3, FALSE), 0) -> 41 | E4: =Contents!D12 -> Which, if any, of the following best describes how you use cloud services?Please select all that apply | F4: =Contents!C12 -> 4 | G4: =Contents!E12 -> 41
A5: Besides cloud computing and personal computers for your staff, does your company own any centralised computers, servers, on-premises computing or data centres of its own? | B5: BASE: Cloud User | C5: =IFERROR(VLOOKUP(A5, E5:G204, 2, FALSE), 0) -> 5 | D5: =IFERROR(VLOOKUP(A5, E5:G204, 3, FALSE), 0) -> 47 | E5: =Contents!D13 -> Besides cloud computing and personal computers for your staff, does your company own any centralised computers, servers, on-premises computing or data centres of its own? | F5: =Contents!C13 -> 5 | G5: =Contents!E13 -> 47
A6: Does your business operate in any of the following sectors?Please select all that apply | B6: BASE: All Respondents | C6: =IFERROR(VLOOKUP(A6, E6:G205, 2, FALSE), 0) -> 6 | D6: =IFERROR(VLOOKUP(A6, E6:G205, 3, FALSE), 0) -> 53 | E6: =Contents!D14 -> Does your business operate in any of the following sectors?Please select all that apply | F6: =Contents!C14 -> 6 | G6: =Contents!E14 -> 53
A7: And more specifically, which one of the following sectors would you say is the best description for your business ? | B7: BASE: All Respondents | C7: =IFERROR(VLOOKUP(A7, E7:G206, 2, FALSE), 0) -> 7 | D7: =IFERROR(VLOOKUP(A7, E7:G206, 3, FALSE), 0) -> 65 | E7: =Contents!D15 -> And more specifically, which one of the following sectors would you say is the best description for your business ? | F7: =Contents!C15 -> 7 | G7: =Contents!E15 -> 65
A8: In 2021, how much did the revenue of your company grow? | B8: BASE: All Respondents | C8: =IFERROR(VLOOKUP(A8, E8:G207, 2, FALSE), 0) -> 8 | D8: =IFERROR(VLOOKUP(A8, E8:G207, 3, FALSE), 0) -> 88 | E8: =Contents!D16 -> In 2021, how much did the revenue of your company grow? | F8: =Contents!C16 -> 8 | G8: =Contents!E16 -> 88
A9: And over the last three years, how much did the revenue of your company grow on average? | B9: BASE: All Respondents | C9: =IFERROR(VLOOKUP(A9, E9:G208, 2, FALSE), 0) -> 9 | D9: =IFERROR(VLOOKUP(A9, E9:G208, 3, FALSE), 0) -> 103 | E9: =Contents!D17 -> And over the last three years, how much did the revenue of your company grow on average? | F9: =Contents!C17 -> 9 | G9: =Contents!E17 -> 103
A10: In 2021, how did the headcount of your company change? | B10: BASE: All Respondents | C10: =IFERROR(VLOOKUP(A10, E10:G209, 2, FALSE), 0) -> 10 | D10: =IFERROR(VLOOKUP(A10, E10:G209, 3, FALSE), 0) -> 118 | E10: =Contents!D18 -> In 2021, how did the headcount of your company change? | F10: =Contents!C18 -> 10 | G10: =Contents!E18 -> 118
A11: What proportion of your staff worked remotely for at least part of the week in 2019? | B11: BASE: All Respondents | C11: =IFERROR(VLOOKUP(A11, E11:G210, 2, FALSE), 0) -> 11 | D11: =IFERROR(VLOOKUP(A11, E11:G210, 3, FALSE), 0) -> 133 | E11: =Contents!D19 -> What proportion of your staff worked remotely for at least part of the week in 2019? | F11: =Contents!C19 -> 11 | G11: =Contents!E19 -> 133
A12: What proportion of your staff are currently working remotely for at least part of the week? | B12: BASE: All Respondents | C12: =IFERROR(VLOOKUP(A12, E12:G211, 2, FALSE), 0) -> 12 | D12: =IFERROR(VLOOKUP(A12, E12:G211, 3, FALSE), 0) -> 149 | E12: =Contents!D20 -> What proportion of your staff are currently working remotely for at least part of the week? | F12: =Contents!C20 -> 12 | G12: =Contents!E20 -> 149
... A168: To what extent, if at all, would you trust your data to be secure in the following scenarios?: Hosted in the data centre of a global company, hosted outside Europe | B168: BASE: All Respondents | C168: =IFERROR(VLOOKUP(A168, E168:G367, 2, FALSE), 0) -> 168 | D168: =IFERROR(VLOOKUP(A168, E168:G367, 3, FALSE), 0) -> 1483 | E168: =Contents!D176 -> To what extent, if at all, would you trust your data to be secure in the following scenarios?: Hosted in the data centre of a global company, hosted outside Europe | F168: =Contents!C176 -> 168 | G168: =Contents!E176 -> 1483
C169: =IFERROR(VLOOKUP(A169, E169:G368, 2, FALSE), 0) -> 0 | D169: =IFERROR(VLOOKUP(A169, E169:G368, 3, FALSE), 0) -> 0 | E169: =Contents!D177 -> 0 | F169: =Contents!C177 -> 0 | G169: =Contents!E177 -> 0
C170: =IFERROR(VLOOKUP(A170, E170:G369, 2, FALSE), 0) -> 0 | D170: =IFERROR(VLOOKUP(A170, E170:G369, 3, FALSE), 0) -> 0 | E170: =Contents!D178 -> 0 | F170: =Contents!C178 -> 0 | G170: =Contents!E178 -> 0
C171: =IFERROR(VLOOKUP(A171, E171:G370, 2, FALSE), 0) -> 0 | D171: =IFERROR(VLOOKUP(A171, E171:G370, 3, FALSE), 0) -> 0 | E171: =Contents!D179 -> 0 | F171: =Contents!C179 -> 0 | G171: =Contents!E179 -> 0
C172: =IFERROR(VLOOKUP(A172, E172:G371, 2, FALSE), 0) -> 0 | D172: =IFERROR(VLOOKUP(A172, E172:G371, 3, FALSE), 0) -> 0 | E172: =Contents!D180 -> 0 | F172: =Contents!C180 -> 0 | G172: =Contents!E180 -> 0
C173: =IFERROR(VLOOKUP(A173, E173:G372, 2, FALSE), 0) -> 0 | D173: =IFERROR(VLOOKUP(A173, E173:G372, 3, FALSE), 0) -> 0 | E173: =Contents!D181 -> 0 | F173: =Contents!C181 -> 0 | G173: =Contents!E181 -> 0
C174: =IFERROR(VLOOKUP(A174, E174:G373, 2, FALSE), 0) -> 0 | D174: =IFERROR(VLOOKUP(A174, E174:G373, 3, FALSE), 0) -> 0 | E174: =Contents!D182 -> 0 | F174: =Contents!C182 -> 0 | G174: =Contents!E182 -> 0
C175: =IFERROR(VLOOKUP(A175, E175:G374, 2, FALSE), 0) -> 0 | D175: =IFERROR(VLOOKUP(A175, E175:G374, 3, FALSE), 0) -> 0 | E175: =Contents!D183 -> 0 | F175: =Contents!C183 -> 0 | G175: =Contents!E183 -> 0
C176: =IFERROR(VLOOKUP(A176, E176:G375, 2, FALSE), 0) -> 0 | D176: =IFERROR(VLOOKUP(A176, E176:G375, 3, FALSE), 0) -> 0 | E176: =Contents!D184 -> 0 | F176: =Contents!C184 -> 0 | G176: =Contents!E184 -> 0
C177: =IFERROR(VLOOKUP(A177, E177:G376, 2, FALSE), 0) -> 0 | D177: =IFERROR(VLOOKUP(A177, E177:G376, 3, FALSE), 0) -> 0 | E177: =Contents!D185 -> 0 | F177: =Contents!C185 -> 0 | G177: =Contents!E185 -> 0
C178: =IFERROR(VLOOKUP(A178, E178:G377, 2, FALSE), 0) -> 0 | D178: =IFERROR(VLOOKUP(A178, E178:G377, 3, FALSE), 0) -> 0 | E178: =Contents!D186 -> 0 | F178: =Contents!C186 -> 0 | G178: =Contents!E186 -> 0
C179: =IFERROR(VLOOKUP(A179, E179:G378, 2, FALSE), 0) -> 0 | D179: =IFERROR(VLOOKUP(A179, E179:G378, 3, FALSE), 0) -> 0 | E179: =Contents!D187 -> 0 | F179: =Contents!C187 -> 0 | G179: =Contents!E187 -> 0
C180: =IFERROR(VLOOKUP(A180, E180:G379, 2, FALSE), 0) -> 0 | D180: =IFERROR(VLOOKUP(A180, E180:G379, 3, FALSE), 0) -> 0 | E180: =Contents!D188 -> 0 | F180: =Contents!C188 -> 0 | G180: =Contents!E188 -> 0
... C200: =IFERROR(VLOOKUP(A200, E200:G399, 2, FALSE), 0) -> 0 | D200: =IFERROR(VLOOKUP(A200, E200:G399, 3, FALSE), 0) -> 0 | E200: =Contents!D208 -> 0 | F200: =Contents!C208 -> 0 | G200: =Contents!E208 -> 0

Sheet Cover Sheet
F7: Public First Poll for AWS EU (Employee share)
F10: Fieldwork: | K10: 22nd Apr - 3rd May 2022
F11: Interview Method: | K11: Online Survey
F12: Population represented: | K12: EU Senior Business Decision Makers
F13: Sample size: | K13: 7184
F16: Methodology:
F17: All results are weighted using Iterative Proportional Fitting, or 'Raking'. The results are weighted by employee share and region to Nationally Representative Proportions
F19: Public First is a member of the BPC and abides by its rules. For more information please contact the Public First polling team:
F20: =HYPERLINK("mailto:" & "polling@publicfirst.co.uk" & "?subject="& F7, "polling@publicfirst.co.uk") -> polling@publicfirst.co.uk

Sheet Contents
D2: Table of Contents
D6: =HYPERLINK("#'Full Results'!A1", "Full Results") -> Full Results
D8: Individual Tables | E8: Full Result Row | F8: Question Base
C9: 1 | D9: =HYPERLINK("#'Table 1'!A1", " Before taking this survey, were you familiar with the concept of cloud computing?") -> Before taking this survey, were you familiar with the concept of cloud computing? | E9: =HYPERLINK("#'Full Results'!A11", "11") -> 11 | F9: BASE: All Respondents
C10: 2 | D10: =HYPERLINK("#'Table 2'!A1", " Do you know if your company directly buys any services from a cloud provider? (eg. Amazon Web Services, Microsoft Azure, Google Cloud Platform)") -> Do you know if your company directly buys any services from a cloud provider? (eg. Amazon Web Services, Microsoft Azure, Google Cloud Platform) | E10: =HYPERLINK("#'Full Results'!A18", "18") -> 18 | F10: BASE: All Respondents
C11: 3 | D11: =HYPERLINK("#'Table 3'!A1", "Which of the following purposes do you use a cloud computing provider for?Please select all that apply") -> Which of the following purposes do you use a cloud computing provider for?Please select all that apply | E11: =HYPERLINK("#'Full Results'!A26", "26") -> 26 | F11: BASE: Cloud User
C12: 4 | D12: =HYPERLINK("#'Table 4'!A1", "Which, if any, of the following best describes how you use cloud services?Please select all that apply") -> Which, if any, of the following best describes how you use cloud services?Please select all that apply | E12: =HYPERLINK("#'Full Results'!A41", "41") -> 41 | F12: BASE: Cloud User
C13: 5 | D13: =HYPERLINK("#'Table 5'!A1", " Besides cloud computing and personal computers for your staff, does your company own any centralised computers, servers, on-premises computing or data centres of its own?") -> Besides cloud computing and personal computers for your staff, does your company own any centralised computers, servers, on-premises computing or data centres of its own? | E13: =HYPERLINK("#'Full Results'!A47", "47") -> 47 | F13: BASE: Cloud User
C14: 6 | D14: =HYPERLINK("#'Table 6'!A1", "Does your business operate in any of the following sectors?Please select all that apply") -> Does your business operate in any of the following sectors?Please select all that apply | E14: =HYPERLINK("#'Full Results'!A53", "53") -> 53 | F14: BASE: All Respondents
C15: 7 | D15: =HYPERLINK("#'Table 7'!A1", " And more specifically, which one of the following sectors would you say is the best description for your business ?") -> And more specifically, which one of the following sectors would you say is the best description for your business ? | E15: =HYPERLINK("#'Full Results'!A65", "65") -> 65 | F15: BASE: All Respondents
C16: 8 | D16: =HYPERLINK("#'Table 8'!A1", " In 2021, how much did the revenue of your company grow? ") -> In 2021, how much did the revenue of your company grow? | E16: =HYPERLINK("#'Full Results'!A88", "88") -> 88 | F16: BASE: All Respondents
C17: 9 | D17: =HYPERLINK("#'Table 9'!A1", " And over the last three years, how much did the revenue of your company grow on average? ") -> And over the last three years, how much did the revenue of your company grow on average? | E17: =HYPERLINK("#'Full Results'!A103", "103") -> 103 | F17: BASE: All Respondents
C18: 10 | D18: =HYPERLINK("#'Table 10'!A1", " In 2021, how did the headcount of your company change?") -> In 2021, how did the headcount of your company change? | E18: =HYPERLINK("#'Full Results'!A118", "118") -> 118 | F18: BASE: All Respondents
C19: 11 | D19: =HYPERLINK("#'Table 11'!A1", " What proportion of your staff worked remotely for at least part of the week in 2019?") -> What proportion of your staff worked remotely for at least part of the week in 2019? | E19: =HYPERLINK("#'Full Results'!A133", "133") -> 133 | F19: BASE: All Respondents
C20: 12 | D20: =HYPERLINK("#'Table 12'!A1", " What proportion of your staff are currently working remotely for at least part of the week?") -> What proportion of your staff are currently working remotely for at least part of the week? | E20: =HYPERLINK("#'Full Results'!A149", "149") -> 149 | F20: BASE: All Respondents
C21: 13 | D21: =HYPERLINK("#'Table 13'!A1", " How likely do you think it is that a significant proportion of your staff will work remotely even after the Covid-19 pandemic fully ends?") -> How likely do you think it is that a significant proportion of your staff will work remotely even after the Covid-19 pandemic fully ends? | E21: =HYPERLINK("#'Full Results'!A165", "165") -> 165 | F21: BASE: All Respondents
C22: 14 | D22: =HYPERLINK("#'Table 14'!A1", "Grid Summary: Which, if any, of the following management practices does your business use?") -> Grid Summary: Which, if any, of the following management practices does your business use? | F22: BASE: All Respondents
C23: 15 | D23: =HYPERLINK("#'Table 15'!A1", "Which, if any, of the following management practices does your business use?: Setting long-term goals") -> Which, if any, of the following management practices does your business use?: Setting long-term goals | E23: =HYPERLINK("#'Full Results'!A177", "177") -> 177 | F23: BASE: All Respondents
C24: 16 | D24: =HYPERLINK("#'Table 16'!A1", "Which, if any, of the following management practices does your business use?: Setting short-term performance benchmarks") -> Which, if any, of the following management practices does your business use?: Setting short-term performance benchmarks | E24: =HYPERLINK("#'Full Results'!A184", "184") -> 184 | F24: BASE: All Respondents
C25: 17 | D25: =HYPERLINK("#'Table 17'!A1", "Which, if any, of the following management practices does your business use?: Rewarding high performers with bonuses or higher salary") -> Which, if any, of the following management practices does your business use?: Rewarding high performers with bonuses or higher salary | E25: =HYPERLINK("#'Full Results'!A191", "191") -> 191 | F25: BASE: All Respondents
C26: 18 | D26: =HYPERLINK("#'Table 18'!A1", "Which, if any, of the following management practices does your business use?: Offering training for underperformers") -> Which, if any, of the following management practices does your business use?: Offering training for underperformers | E26: =HYPERLINK("#'Full Results'!A198", "198") -> 198 | F26: BASE: All Respondents
C27: 19 | D27: =HYPERLINK("#'Table 19'!A1", "Which, if any, of the following management practices does your business use?: Have a structured process for collecting performance data") -> Which, if any, of the following management practices does your business use?: Have a structured process for collecting performance data | E27: =HYPERLINK("#'Full Results'!A205", "205") -> 205 | F27: BASE: All Respondents
C28: 20 | D28: =HYPERLINK("#'Table 20'!A1", "Which, if any, of the following management practices does your business use?: Have a structured process for analysing performance data") -> Which, if any, of the following management practices does your business use?: Have a structured process for analysing performance data | E28: =HYPERLINK("#'Full Results'!A212", "212") -> 212 | F28: BASE: All Respondents
C29: 21 | D29: =HYPERLINK("#'Table 21'!A1", "If you had to choose, which of the following types of infrastructure investment would prefer your Government to prioritise in your local area?Please select up to three") -> If you had to choose, which of the following types of infrastructure investment would prefer your Government to prioritise in your local area?Please select up to three | E29: =HYPERLINK("#'Full Results'!A219", "219") -> 219 | F29: BASE: All Respondents
C30: 22 | D30: =HYPERLINK("#'Table 22'!A1", "Grid Summary: Overall, how satisfied or dissatisfied are you with the speed and reliability of your Internet connection in the following locations?") -> Grid Summary: Overall, how satisfied or dissatisfied are you with the speed and reliability of your Internet connection in the following locations? | F30: BASE: All Respondents
C31: 23 | D31: =HYPERLINK("#'Table 23'!A1", "Overall, how satisfied or dissatisfied are you with the speed and reliability of your Internet connection in the following locations?: At home") -> Overall, how satisfied or dissatisfied are you with the speed and reliability of your Internet connection in the following locations?: At home | E31: =HYPERLINK("#'Full Results'!A229", "229") -> 229 | F31: BASE: All Respondents
C32: 24 | D32: =HYPERLINK("#'Table 24'!A1", "Overall, how satisfied or dissatisfied are you with the speed and reliability of your Internet connection in the following locations?: At work") -> Overall, how satisfied or dissatisfied are you with the speed and reliability of your Internet connection in the following locations?: At work | E32: =HYPERLINK("#'Full Results'!A241", "241") -> 241 | F32: BASE: All Respondents
C33: 25 | D33: =HYPERLINK("#'Table 25'!A1", "Overall, how satisfied or dissatisfied are you with the speed and reliability of your Internet connection in the following locations?: While travelling") -> Overall, how satisfied or dissatisfied are you with the speed and reliability of your Internet connection in the following locations?: While travelling | E33: =HYPERLINK("#'Full Results'!A253", "253") -> 253 | F33: BASE: All Respondents
C34: 26 | D34: =HYPERLINK("#'Table 26'!A1", "Grid Summary: How confident or unconfident would you be that you could perform the following digital activities?") -> Grid Summary: How confident or unconfident would you be that you could perform the following digital activities? | F34: BASE: All Respondents
C35: 27 | D35: =HYPERLINK("#'Table 27'!A1", "How confident or unconfident would you be that you could perform the following digital activities?: Save a document") -> How confident or unconfident would you be that you could perform the following digital activities?: Save a document | E35: =HYPERLINK("#'Full Results'!A265", "265") -> 265 | F35: BASE: All Respondents
C36: 28 | D36: =HYPERLINK("#'Table 28'!A1", "How confident or unconfident would you be that you could perform the following digital activities?: Tracking changes in a document") -> How confident or unconfident would you be that you could perform the following digital activities?: Tracking changes in a document | E36: =HYPERLINK("#'Full Results'!A277", "277") -> 277 | F36: BASE: All Respondents
C37: 29 | D37: =HYPERLINK("#'Table 29'!A1", "How confident or unconfident would you be that you could perform the following digital activities?: Send an email") -> How confident or unconfident would you be that you could perform the following digital activities?: Send an email | E37: =HYPERLINK("#'Full Results'!A289", "289") -> 289 | F37: BASE: All Respondents
C38: 30 | D38: =HYPERLINK("#'Table 30'!A1", "How confident or unconfident would you be that you could perform the following digital activities?: Share a file online") -> How confident or unconfident would you be that you could perform the following digital activities?: Share a file online | E38: =HYPERLINK("#'Full Results'!A301", "301") -> 301 | F38: BASE: All Respondents
C39: 31 | D39: =HYPERLINK("#'Table 31'!A1", "How confident or unconfident would you be that you could perform the following digital activities?: Post something on social media") -> How confident or unconfident would you be that you could perform the following digital activities?: Post something on social media | E39: =HYPERLINK("#'Full Results'!A313", "313") -> 313 | F39: BASE: All Respondents
C40: 32 | D40: =HYPERLINK("#'Table 32'!A1", "How confident or unconfident would you be that you could perform the following digital activities?: Create a spreadsheet to track your budget") -> How confident or unconfident would you be that you could perform the following digital activities?: Create a spreadsheet to track your budget | E40: =HYPERLINK("#'Full Results'!A325", "325") -> 325 | F40: BASE: All Respondents
C41: 33 | D41: =HYPERLINK("#'Table 33'!A1", "How confident or unconfident would you be that you could perform the following digital activities?: Find a good price for a product online") -> How confident or unconfident would you be that you could perform the following digital activities?: Find a good price for a product online | E41: =HYPERLINK("#'Full Results'!A337", "337") -> 337 | F41: BASE: All Respondents
C42: 34 | D42: =HYPERLINK("#'Table 34'!A1", "How confident or unconfident would you be that you could perform the following digital activities?: Research a topic") -> How confident or unconfident would you be that you could perform the following digital activities?: Research a topic | E42: =HYPERLINK("#'Full Results'!A349", "349") -> 349 | F42: BASE: All Respondents
C43: 35 | D43: =HYPERLINK("#'Table 35'!A1", "How confident or unconfident would you be that you could perform the following digital activities?: Edit a photo") -> How confident or unconfident would you be that you could perform the following digital activities?: Edit a photo | E43: =HYPERLINK("#'Full Results'!A361", "361") -> 361 | F43: BASE: All Respondents
C44: 36 | D44: =HYPERLINK("#'Table 36'!A1", "How confident or unconfident would you be that you could perform the following digital activities?: Create your own website") -> How confident or unconfident would you be that you could perform the following digital activities?: Create your own website | E44: =HYPERLINK("#'Full Results'!A373", "373") -> 373 | F44: BASE: All Respondents
C45: 37 | D45: =HYPERLINK("#'Table 37'!A1", "How confident or unconfident would you be that you could perform the following digital activities?: Program a small application") -> How confident or unconfident would you be that you could perform the following digital activities?: Program a small application | E45: =HYPERLINK("#'Full Results'!A385", "385") -> 385 | F45: BASE: All Respondents
C46: 38 | D46: =HYPERLINK("#'Table 38'!A1", "How confident or unconfident would you be that you could perform the following digital activities?: Build a machine learning model") -> How confident or unconfident would you be that you could perform the following digital activities?: Build a machine learning model | E46: =HYPERLINK("#'Full Results'!A397", "397") -> 397 | F46: BASE: All Respondents
C47: 39 | D47: =HYPERLINK("#'Table 39'!A1", " Compared to the average business in your industry, would you say that your company is an early adopter of new technology?") -> Compared to the average business in your industry, would you say that your company is an early adopter of new technology? | E47: =HYPERLINK("#'Full Results'!A409", "409") -> 409 | F47: BASE: All Respondents
C48: 40 | D48: =HYPERLINK("#'Table 40'!A1", " In the last five years, would you say that digital technology has become more or less important to your business?") -> In the last five years, would you say that digital technology has become more or less important to your business? | E48: =HYPERLINK("#'Full Results'!A416", "416") -> 416 | F48: BASE: All Respondents
C49: 41 | D49: =HYPERLINK("#'Table 41'!A1", " And in the next five years, do you expect that the impact of new digital technology in your business is likely to be greater, around the same, or less than in the last five years?") -> And in the next five years, do you expect that the impact of new digital technology in your business is likely to be greater, around the same, or less than in the last five years? | E49: =HYPERLINK("#'Full Results'!A425", "425") -> 425 | F49: BASE: All Respondents
C50: 42 | D50: =HYPERLINK("#'Table 42'!A1", "Which, if any, of the following do you think it would be possible for your business to use digital technology to help with more than you do currently?Please select all that apply") -> Which, if any, of the following do you think it would be possible for your business to use digital technology to help with more than you do currently?Please select all that apply | E50: =HYPERLINK("#'Full Results'!A432", "432") -> 432 | F50: BASE: All Respondents
C51: 43 | D51: =HYPERLINK("#'Table 43'!A1", "And which, if any, of the following are important barriers which explain why your company doesn’t use more digital technology?Please select all that apply") -> And which, if any, of the following are important barriers which explain why your company doesn’t use more digital technology?Please select all that apply | E51: =HYPERLINK("#'Full Results'!A444", "444") -> 444 | F51: BASE: All Respondents
C52: 44 | D52: =HYPERLINK("#'Table 44'!A1", "Grid Summary: Which, if any, of the following purposes does your business use online tools for?") -> Grid Summary: Which, if any, of the following purposes does your business use online tools for? | F52: BASE: All Respondents
C53: 45 | D53: =HYPERLINK("#'Table 45'!A1", "Which, if any, of the following purposes does your business use online tools for?: Selling your products or services to your customers online") -> Which, if any, of the following purposes does your business use online tools for?: Selling your products or services to your customers online | E53: =HYPERLINK("#'Full Results'!A456", "456") -> 456 | F53: BASE: All Respondents
C54: 46 | D54: =HYPERLINK("#'Table 46'!A1", "Which, if any, of the following purposes does your business use online tools for?: Advertising your products or services to your customers online") -> Which, if any, of the following purposes does your business use online tools for?: Advertising your products or services to your customers online | E54: =HYPERLINK("#'Full Results'!A463", "463") -> 463 | F54: BASE: All Respondents
C55: 47 | D55: =HYPERLINK("#'Table 47'!A1", "Which, if any, of the following purposes does your business use online tools for?: Spreading awareness about your products or services through social media") -> Which, if any, of the following purposes does your business use online tools for?: Spreading awareness about your products or services through social media | E55: =HYPERLINK("#'Full Results'!A470", "470") -> 470 | F55: BASE: All Respondents
C56: 48 | D56: =HYPERLINK("#'Table 48'!A1", "Which, if any, of the following purposes does your business use online tools for?: Supporting remote working") -> Which, if any, of the following purposes does your business use online tools for?: Supporting remote working | E56: =HYPERLINK("#'Full Results'!A477", "477") -> 477 | F56: BASE: All Respondents
C57: 49 | D57: =HYPERLINK("#'Table 49'!A1", "Which, if any, of the following purposes does your business use online tools for?: Tracking inventory or orders") -> Which, if any, of the following purposes does your business use online tools for?: Tracking inventory or orders | E57: =HYPERLINK("#'Full Results'!A484", "484") -> 484 | F57: BASE: All Respondents
C58: 50 | D58: =HYPERLINK("#'Table 50'!A1", "Which, if any, of the following purposes does your business use online tools for?: Analysing your internal data") -> Which, if any, of the following purposes does your business use online tools for?: Analysing your internal data | E58: =HYPERLINK("#'Full Results'!A491", "491") -> 491 | F58: BASE: All Respondents
C59: 51 | D59: =HYPERLINK("#'Table 51'!A1", "Which, if any, of the following purposes does your business use online tools for?: To store data online") -> Which, if any, of the following purposes does your business use online tools for?: To store data online | E59: =HYPERLINK("#'Full Results'!A498", "498") -> 498 | F59: BASE: All Respondents
C60: 52 | D60: =HYPERLINK("#'Table 52'!A1", "Which, if any, of the following purposes does your business use online tools for?: Running your own custom internal applications") -> Which, if any, of the following purposes does your business use online tools for?: Running your own custom internal applications | E60: =HYPERLINK("#'Full Results'!A505", "505") -> 505 | F60: BASE: All Respondents
C61: 53 | D61: =HYPERLINK("#'Table 53'!A1", " What proportion of your customer revenue would you say comes through online sales?") -> What proportion of your customer revenue would you say comes through online sales? | E61: =HYPERLINK("#'Full Results'!A512", "512") -> 512 | F61: BASE: All Respondents
C62: 54 | D62: =HYPERLINK("#'Table 54'!A1", "Grid Summary: Online apps or cloud services access their data or run their applications through the Internet, rather than storing it on a device’s local hard drive. Examples of online apps or cloud services include Google Docs, Zoom, Slack, or Am...") -> Grid Summary: Online apps or cloud services access their data or run their applications through the Internet, rather than storing it on a device’s local hard drive. Examples of online apps or cloud services include Google Docs, Zoom, Slack, or Am... | F62: BASE: All Respondents
C63: 55 | D63: =HYPERLINK("#'Table 55'!A1", "Online apps or cloud services access their data or run their applications through the Internet, rather than storing it on a device’s local hard drive. Examples of online apps or cloud services include Google Docs, Zoom, Slack, or Amazon Alexa. Wh...") -> Online apps or cloud services access their data or run their applications through the Internet, rather than storing it on a device’s local hard drive. Examples of online apps or cloud services include Google Docs, Zoom, Slack, or Amazon Alexa. Wh... | E63: =HYPERLINK("#'Full Results'!A522", "522") -> 522 | F63: BASE: All Respondents
C64: 56 | D64: =HYPERLINK("#'Table 56'!A1", "Online apps or cloud services access their data or run their applications through the Internet, rather than storing it on a device’s local hard drive. Examples of online apps or cloud services include Google Docs, Zoom, Slack, or Amazon Alexa. Wh...") -> Online apps or cloud services access their data or run their applications through the Internet, rather than storing it on a device’s local hard drive. Examples of online apps or cloud services include Google Docs, Zoom, Slack, or Amazon Alexa. Wh... | E64: =HYPERLINK("#'Full Results'!A529", "529") -> 529 | F64: BASE: All Respondents
C65: 57 | D65: =HYPERLINK("#'Table 57'!A1", "Online apps or cloud services access their data or run their applications through the Internet, rather than storing it on a device’s local hard drive. Examples of online apps or cloud services include Google Docs, Zoom, Slack, or Amazon Alexa. Wh...") -> Online apps or cloud services access their data or run their applications through the Internet, rather than storing it on a device’s local hard drive. Examples of online apps or cloud services include Google Docs, Zoom, Slack, or Amazon Alexa. Wh... | E65: =HYPERLINK("#'Full Results'!A536", "536") -> 536 | F65: BASE: All Respondents
C66: 58 | D66: =HYPERLINK("#'Table 58'!A1", "Online apps or cloud services access their data or run their applications through the Internet, rather than storing it on a device’s local hard drive. Examples of online apps or cloud services include Google Docs, Zoom, Slack, or Amazon Alexa. Wh...") -> Online apps or cloud services access their data or run their applications through the Internet, rather than storing it on a device’s local hard drive. Examples of online apps or cloud services include Google Docs, Zoom, Slack, or Amazon Alexa. Wh... | E66: =HYPERLINK("#'Full Results'!A543", "543") -> 543 | F66: BASE: All Respondents
C67: 59 | D67: =HYPERLINK("#'Table 59'!A1", "Online apps or cloud services access their data or run their applications through the Internet, rather than storing it on a device’s local hard drive. Examples of online apps or cloud services include Google Docs, Zoom, Slack, or Amazon Alexa. Wh...") -> Online apps or cloud services access their data or run their applications through the Internet, rather than storing it on a device’s local hard drive. Examples of online apps or cloud services include Google Docs, Zoom, Slack, or Amazon Alexa. Wh... | E67: =HYPERLINK("#'Full Results'!A550", "550") -> 550 | F67: BASE: All Respondents
C68: 60 | D68: =HYPERLINK("#'Table 60'!A1", "Online apps or cloud services access their data or run their applications through the Internet, rather than storing it on a device’s local hard drive. Examples of online apps or cloud services include Google Docs, Zoom, Slack, or Amazon Alexa. Wh...") -> Online apps or cloud services access their data or run their applications through the Internet, rather than storing it on a device’s local hard drive. Examples of online apps or cloud services include Google Docs, Zoom, Slack, or Amazon Alexa. Wh... | E68: =HYPERLINK("#'Full Results'!A557", "557") -> 557 | F68: BASE: All Respondents
C69: 61 | D69: =HYPERLINK("#'Table 61'!A1", "Online apps or cloud services access their data or run their applications through the Internet, rather than storing it on a device’s local hard drive. Examples of online apps or cloud services include Google Docs, Zoom, Slack, or Amazon Alexa. Wh...") -> Online apps or cloud services access their data or run their applications through the Internet, rather than storing it on a device’s local hard drive. Examples of online apps or cloud services include Google Docs, Zoom, Slack, or Amazon Alexa. Wh... | E69: =HYPERLINK("#'Full Results'!A564", "564") -> 564 | F69: BASE: All Respondents
C70: 62 | D70: =HYPERLINK("#'Table 62'!A1", "Online apps or cloud services access their data or run their applications through the Internet, rather than storing it on a device’s local hard drive. Examples of online apps or cloud services include Google Docs, Zoom, Slack, or Amazon Alexa. Wh...") -> Online apps or cloud services access their data or run their applications through the Internet, rather than storing it on a device’s local hard drive. Examples of online apps or cloud services include Google Docs, Zoom, Slack, or Amazon Alexa. Wh... | E70: =HYPERLINK("#'Full Results'!A571", "571") -> 571 | F70: BASE: All Respondents
C71: 63 | D71: =HYPERLINK("#'Table 63'!A1", "Online apps or cloud services access their data or run their applications through the Internet, rather than storing it on a device’s local hard drive. Examples of online apps or cloud services include Google Docs, Zoom, Slack, or Amazon Alexa. Wh...") -> Online apps or cloud services access their data or run their applications through the Internet, rather than storing it on a device’s local hard drive. Examples of online apps or cloud services include Google Docs, Zoom, Slack, or Amazon Alexa. Wh... | E71: =HYPERLINK("#'Full Results'!A578", "578") -> 578 | F71: BASE: All Respondents
C72: 64 | D72: =HYPERLINK("#'Table 64'!A1", "Online apps or cloud services access their data or run their applications through the Internet, rather than storing it on a device’s local hard drive. Examples of online apps or cloud services include Google Docs, Zoom, Slack, or Amazon Alexa. Wh...") -> Online apps or cloud services access their data or run their applications through the Internet, rather than storing it on a device’s local hard drive. Examples of online apps or cloud services include Google Docs, Zoom, Slack, or Amazon Alexa. Wh... | E72: =HYPERLINK("#'Full Results'!A585", "585") -> 585 | F72: BASE: All Respondents
C73: 65 | D73: =HYPERLINK("#'Table 65'!A1", "Online apps or cloud services access their data or run their applications through the Internet, rather than storing it on a device’s local hard drive. Examples of online apps or cloud services include Google Docs, Zoom, Slack, or Amazon Alexa. Wh...") -> Online apps or cloud services access their data or run their applications through the Internet, rather than storing it on a device’s local hard drive. Examples of online apps or cloud services include Google Docs, Zoom, Slack, or Amazon Alexa. Wh... | E73: =HYPERLINK("#'Full Results'!A592", "592") -> 592 | F73: BASE: All Respondents
C74: 66 | D74: =HYPERLINK("#'Table 66'!A1", "Online apps or cloud services access their data or run their applications through the Internet, rather than storing it on a device’s local hard drive. Examples of online apps or cloud services include Google Docs, Zoom, Slack, or Amazon Alexa. Wh...") -> Online apps or cloud services access their data or run their applications through the Internet, rather than storing it on a device’s local hard drive. Examples of online apps or cloud services include Google Docs, Zoom, Slack, or Amazon Alexa. Wh... | E74: =HYPERLINK("#'Full Results'!A599", "599") -> 599 | F74: BASE: All Respondents
C75: 67 | D75: =HYPERLINK("#'Table 67'!A1", "Online apps or cloud services access their data or run their applications through the Internet, rather than storing it on a device’s local hard drive. Examples of online apps or cloud services include Google Docs, Zoom, Slack, or Amazon Alexa. Wh...") -> Online apps or cloud services access their data or run their applications through the Internet, rather than storing it on a device’s local hard drive. Examples of online apps or cloud services include Google Docs, Zoom, Slack, or Amazon Alexa. Wh... | E75: =HYPERLINK("#'Full Results'!A606", "606") -> 606 | F75: BASE: All Respondents
C76: 68 | D76: =HYPERLINK("#'Table 68'!A1", "Online apps or cloud services access their data or run their applications through the Internet, rather than storing it on a device’s local hard drive. Examples of online apps or cloud services include Google Docs, Zoom, Slack, or Amazon Alexa. Wh...") -> Online apps or cloud services access their data or run their applications through the Internet, rather than storing it on a device’s local hard drive. Examples of online apps or cloud services include Google Docs, Zoom, Slack, or Amazon Alexa. Wh... | E76: =HYPERLINK("#'Full Results'!A613", "613") -> 613 | F76: BASE: All Respondents
C77: 69 | D77: =HYPERLINK("#'Table 69'!A1", "Online apps or cloud services access their data or run their applications through the Internet, rather than storing it on a device’s local hard drive. Examples of online apps or cloud services include Google Docs, Zoom, Slack, or Amazon Alexa. Wh...") -> Online apps or cloud services access their data or run their applications through the Internet, rather than storing it on a device’s local hard drive. Examples of online apps or cloud services include Google Docs, Zoom, Slack, or Amazon Alexa. Wh... | E77: =HYPERLINK("#'Full Results'!A620", "620") -> 620 | F77: BASE: All Respondents
C78: 70 | D78: =HYPERLINK("#'Table 70'!A1", "Online apps or cloud services access their data or run their applications through the Internet, rather than storing it on a device’s local hard drive. Examples of online apps or cloud services include Google Docs, Zoom, Slack, or Amazon Alexa. Wh...") -> Online apps or cloud services access their data or run their applications through the Internet, rather than storing it on a device’s local hard drive. Examples of online apps or cloud services include Google Docs, Zoom, Slack, or Amazon Alexa. Wh... | E78: =HYPERLINK("#'Full Results'!A627", "627") -> 627 | F78: BASE: All Respondents
C79: 71 | D79: =HYPERLINK("#'Table 71'!A1", "Online apps or cloud services access their data or run their applications through the Internet, rather than storing it on a device’s local hard drive. Examples of online apps or cloud services include Google Docs, Zoom, Slack, or Amazon Alexa. Wh...") -> Online apps or cloud services access their data or run their applications through the Internet, rather than storing it on a device’s local hard drive. Examples of online apps or cloud services include Google Docs, Zoom, Slack, or Amazon Alexa. Wh... | E79: =HYPERLINK("#'Full Results'!A634", "634") -> 634 | F79: BASE: All Respondents
C80: 72 | D80: =HYPERLINK("#'Table 72'!A1", "Online apps or cloud services access their data or run their applications through the Internet, rather than storing it on a device’s local hard drive. Examples of online apps or cloud services include Google Docs, Zoom, Slack, or Amazon Alexa. Wh...") -> Online apps or cloud services access their data or run their applications through the Internet, rather than storing it on a device’s local hard drive. Examples of online apps or cloud services include Google Docs, Zoom, Slack, or Amazon Alexa. Wh... | E80: =HYPERLINK("#'Full Results'!A641", "641") -> 641 | F80: BASE: All Respondents
C81: 73 | D81: =HYPERLINK("#'Table 73'!A1", " And how important would you say those same technologies are to your business: Office suite (word processing, spreadsheets etc)") -> And how important would you say those same technologies are to your business: Office suite (word processing, spreadsheets etc) | E81: =HYPERLINK("#'Full Results'!A648", "648") -> 648 | F81: BASE: Uses Cloud for Office Suite
C82: 74 | D82: =HYPERLINK("#'Table 74'!A1", " And how important would you say those same technologies are to your business: Web hosting") -> And how important would you say those same technologies are to your business: Web hosting | E82: =HYPERLINK("#'Full Results'!A656", "656") -> 656 | F82: BASE: Uses Cloud for Web Hosting
C83: 75 | D83: =HYPERLINK("#'Table 75'!A1", " And how important would you say those same technologies are to your business: Instant messaging or employee collaboration ") -> And how important would you say those same technologies are to your business: Instant messaging or employee collaboration | E83: =HYPERLINK("#'Full Results'!A664", "664") -> 664 | F83: BASE: Uses Cloud for Messaging
C84: 76 | D84: =HYPERLINK("#'Table 76'!A1", " And how important would you say those same technologies are to your business: Video calls") -> And how important would you say those same technologies are to your business: Video calls | E84: =HYPERLINK("#'Full Results'!A672", "672") -> 672 | F84: BASE: Uses Cloud for Video Calls
C85: 77 | D85: =HYPERLINK("#'Table 77'!A1", " And how important would you say those same technologies are to your business: Tracking inventory") -> And how important would you say those same technologies are to your business: Tracking inventory | E85: =HYPERLINK("#'Full Results'!A680", "680") -> 680 | F85: BASE: Uses Cloud to Track Inventory
C86: 78 | D86: =HYPERLINK("#'Table 78'!A1", " And how important would you say those same technologies are to your business: Customer support / CRM") -> And how important would you say those same technologies are to your business: Customer support / CRM | E86: =HYPERLINK("#'Full Results'!A688", "688") -> 688 | F86: BASE: Uses Cloud for Customer Support
C87: 79 | D87: =HYPERLINK("#'Table 79'!A1", " And how important would you say those same technologies are to your business: Time tracking") -> And how important would you say those same technologies are to your business: Time tracking | E87: =HYPERLINK("#'Full Results'!A696", "696") -> 696 | F87: BASE: Uses Cloud to Track Time
C88: 80 | D88: =HYPERLINK("#'Table 80'!A1", " And how important would you say those same technologies are to your business: Managing expenses") -> And how important would you say those same technologies are to your business: Managing expenses | E88: =HYPERLINK("#'Full Results'!A704", "704") -> 704 | F88: BASE: Uses Cloud to Manage Expenses
C89: 81 | D89: =HYPERLINK("#'Table 81'!A1", " And how important would you say those same technologies are to your business: Enterprise Resource Planning (ERP)") -> And how important would you say those same technologies are to your business: Enterprise Resource Planning (ERP) | E89: =HYPERLINK("#'Full Results'!A712", "712") -> 712 | F89: BASE: Uses Cloud for ERP
C90: 82 | D90: =HYPERLINK("#'Table 82'!A1", " And how important would you say those same technologies are to your business: Project management") -> And how important would you say those same technologies are to your business: Project management | E90: =HYPERLINK("#'Full Results'!A720", "720") -> 720 | F90: BASE: Uses Cloud for Project Management
C91: 83 | D91: =HYPERLINK("#'Table 83'!A1", " And how important would you say those same technologies are to your business: Accounting") -> And how important would you say those same technologies are to your business: Accounting | E91: =HYPERLINK("#'Full Results'!A728", "728") -> 728 | F91: BASE: Uses Cloud for Accounting
C92: 84 | D92: =HYPERLINK("#'Table 84'!A1", " And how important would you say those same technologies are to your business: Invoicing") -> And how important would you say those same technologies are to your business: Invoicing | E92: =HYPERLINK("#'Full Results'!A736", "736") -> 736 | F92: BASE: Uses Cloud for Invoicing
C93: 85 | D93: =HYPERLINK("#'Table 85'!A1", " And how important would you say those same technologies are to your business: Data dashboards or analytics") -> And how important would you say those same technologies are to your business: Data dashboards or analytics | E93: =HYPERLINK("#'Full Results'!A744", "744") -> 744 | F93: BASE: Uses Cloud for Analytics
C94: 86 | D94: =HYPERLINK("#'Table 86'!A1", " And how important would you say those same technologies are to your business: 3D Printing") -> And how important would you say those same technologies are to your business: 3D Printing | E94: =HYPERLINK("#'Full Results'!A752", "752") -> 752 | F94: BASE: Uses Cloud to 3D Print
C95: 87 | D95: =HYPERLINK("#'Table 87'!A1", " And how important would you say those same technologies are to your business: Internet of Things (IoT)") -> And how important would you say those same technologies are to your business: Internet of Things (IoT) | E95: =HYPERLINK("#'Full Results'!A760", "760") -> 760 | F95: BASE: Uses Cloud for IoT
C96: 88 | D96: =HYPERLINK("#'Table 88'!A1", " And how important would you say those same technologies are to your business: Cloud computing") -> And how important would you say those same technologies are to your business: Cloud computing | E96: =HYPERLINK("#'Full Results'!A768", "768") -> 768 | F96: BASE: Uses Cloud for Cloud Computing
C97: 89 | D97: =HYPERLINK("#'Table 89'!A1", " And how important would you say those same technologies are to your business: Artificial intelligence and/or machine learning") -> And how important would you say those same technologies are to your business: Artificial intelligence and/or machine learning | E97: =HYPERLINK("#'Full Results'!A776", "776") -> 776 | F97: BASE: Uses Cloud for AI
C98: 90 | D98: =HYPERLINK("#'Table 90'!A1", " And how important would you say those same technologies are to your business: Blockchain") -> And how important would you say those same technologies are to your business: Blockchain | E98: =HYPERLINK("#'Full Results'!A784", "784") -> 784 | F98: BASE: Uses Cloud for Blockchain
C99: 91 | D99: =HYPERLINK("#'Table 91'!A1", "Grid Summary: Which, if any, of the following are true for your business?") -> Grid Summary: Which, if any, of the following are true for your business? | F99: BASE: All Respondents
C100: 92 | D100: =HYPERLINK("#'Table 92'!A1", "Which, if any, of the following are true for your business?: More than 50% of your employees use computers with access to the internet for business purposes") -> Which, if any, of the following are true for your business?: More than 50% of your employees use computers with access to the internet for business purposes | E100: =HYPERLINK("#'Full Results'!A792", "792") -> 792 | F100: BASE: All Respondents
C101: 93 | D101: =HYPERLINK("#'Table 93'!A1", "Which, if any, of the following are true for your business?: Your business employs ICT specialists") -> Which, if any, of the following are true for your business?: Your business employs ICT specialists | E101: =HYPERLINK("#'Full Results'!A798", "798") -> 798 | F101: BASE: All Respondents
C102: 94 | D102: =HYPERLINK("#'Table 94'!A1", "Which, if any, of the following are true for your business?: The internet connection for your business is at least 30 Mb/s") -> Which, if any, of the following are true for your business?: The internet connection for your business is at least 30 Mb/s | E102: =HYPERLINK("#'Full Results'!A804", "804") -> 804 | F102: BASE: All Respondents
C103: 95 | D103: =HYPERLINK("#'Table 95'!A1", "Which, if any, of the following are true for your business?: Your business provides more than 20% of your employees with a portable device that connects to the internet, for business purposes") -> Which, if any, of the following are true for your business?: Your business provides more than 20% of your employees with a portable device that connects to the internet, for business purposes | E103: =HYPERLINK("#'Full Results'!A810", "810") -> 810 | F103: BASE: All Respondents
C104: 96 | D104: =HYPERLINK("#'Table 96'!A1", "Which, if any, of the following are true for your business?: Your business has a website ") -> Which, if any, of the following are true for your business?: Your business has a website | E104: =HYPERLINK("#'Full Results'!A816", "816") -> 816 | F104: BASE: All Respondents
C105: 97 | D105: =HYPERLINK("#'Table 97'!A1", "Which, if any, of the following are true for your business?: Your business uses 3D printing") -> Which, if any, of the following are true for your business?: Your business uses 3D printing | E105: =HYPERLINK("#'Full Results'!A822", "822") -> 822 | F105: BASE: All Respondents
...

Sheet Full Results
D2: Full Results
D5: Country | N5: Number of Employees | S5: Revenue Change | AA5: Cloud User | AD5: Type of Cloud | AH5: AWS User | AK5: Woman-owned Business | AN5: Grouped Employee Count | AQ5: Tech Adoption | AT5: Digital Intensity | AY5: Does your business operate in the technology sector? | BB5: Does your business operate in the retail sector? | BE5: Does your business operate in the financial services sector? | BH5: Does your business operate in the health sector? | BK5: Does your business operate in the manufacturing sector? | BN5: Does your business operate in the automotive sector? | BQ5: Does your business operate in the telecommunications sector? | BT5: Does your business operate in the media & entertainment sector? | BW5: SME Cloud User | BZ5: SME AWS User
C6: Total | D6: France | E6: Germany | F6: Italy | G6: Netherlands | H6: Poland | I6: Spain | J6: Sweden | K6: Denmark | L6: Finland | N6: 1-9 | O6: 10-49 | P6: 50-249 | Q6: 250+ | S6: Declined by 10%+ | T6: Declined by 6-10% | U6: Declined by 0-5% | V6: Stayed about the same size | W6: Grown by 0-5% | X6: Grown by 6-10% | Y6: Grown by 10%+ | AA6: Yes | AB6: No | AD6: IaaS / PaaS | AE6: Both | AF6: SaaS | AH6: Yes | AI6: No | AK6: Yes | AL6: No | AN6: Less than 250 employees | AO6: 250+ employees | AQ6: Early adopter | AR6: Not early adopter | AT6: Low | AU6: Medium | AV6: High | AW6: Very High | AY6: Yes | AZ6: No | BB6: Yes | BC6: No | BE6: Yes | BF6: No | BH6: Yes | BI6: No | BK6: Yes | BL6: No | BN6: Yes | BO6: No | BQ6: Yes | BR6: No | BT6: Yes | BU6: No | BW6: Yes | BX6: No | BZ6: Yes | CA6: No
B7: Unweighted | C7: 7184 | D7: 1017 | E7: 1011 | F7: 1018 | G7: 1016 | H7: 1009 | I7: 1031 | J7: 508 | K7: 279 | L7: 295 | N7: 2091 | O7: 1068 | P7: 1207 | Q7: 2818 | S7: 927 | T7: 521 | U7: 564 | V7: 1628 | W7: 1070 | X7: 1135 | Y7: 780 | AA7: 4504 | AB7: 2680 | AD7: 1442 | AE7: 1077 | AF7: 1921 | AH7: 943 | AI7: 6241 | AK7: 2180 | AL7: 5004 | AN7: 4366 | AO7: 2818 | AQ7: 2450 | AR7: 4734 | AT7: 1316 | AU7: 2176 | AV7: 2715 | AW7: 965 | AY7: 1479 | AZ7: 5705 | BB7: 1121 | BC7: 6063 | BE7: 858 | BF7: 6326 | BH7: 569 | BI7: 6615 | BK7: 1081 | BL7: 6103 | BN7: 328 | BO7: 6856 | BQ7: 555 | BR7: 6629 | BT7: 456 | BU7: 6728 | BW7: 2216 | BX7: 4968 | BZ7: 312 | CA7: 6872
B8: Weighted | C8: 7184 | D8: 1017 | E8: 1011 | F8: 1018 | G8: 1016 | H8: 1009 | I8: 1031 | J8: 508 | K8: 279 | L8: 295 | N8: 2102 | O8: 1377 | P8: 1126 | Q8: 2578 | S8: 976 | T8: 519 | U8: 556 | V8: 1627 | W8: 1049 | X8: 1110 | Y8: 772 | AA8: 4397 | AB8: 2787 | AD8: 1402 | AE8: 1018 | AF8: 1907 | AH8: 892 | AI8: 6292 | AK8: 2232 | AL8: 4952 | AN8: 4606 | AO8: 2578 | AQ8: 2391 | AR8: 4793 | AT8: 1368 | AU8: 2232 | AV8: 2653 | AW8: 919 | AY8: 1427 | AZ8: 5757 | BB8: 1115 | BC8: 6069 | BE8: 832 | BF8: 6352 | BH8: 578 | BI8: 6606 | BK8: 1061 | BL8: 6123 | BN8: 313 | BO8: 6871 | BQ8: 524 | BR8: 6660 | BT8: 450 | BU8: 6734 | BW8: 2318 | BX8: 4866 | BZ8: 329 | CA8: 6855
B11: Before taking this survey, were you familiar with the concept of cloud computing?
B12: BASE: All Respondents
B13: I am very familiar with this concept and I understand what it means | C13: 0.60956606 | D13: 0.6384218 | E13: 0.60484133 | F13: 0.58999356 | G13: 0.57277727 | H13: 0.47539268 | I13: 0.65446948 | J13: 0.75408156 | K13: 0.56255068 | L13: 0.81811384 | N13: 0.44629703 | O13: 0.54633205 | P13: 0.67471749 | Q13: 0.74799734 | S13: 0.50285355 | T13: 0.6100262 | U13: 0.71291941 | V13: 0.57019455 | W13: 0.69256316 | X13: 0.68911145 | Y13: 0.67709069 | AA13: 0.78473047 | AB13: 0.33318905 | AD13: 0.78105962 | AE13: 0.9124167 | AF13: 0.73752066 | AH13: 0.9040019 | AI13: 0.56784929 | AK13: 0.50921286 | AL13: 0.65478452 | AN13: 0.53206514 | AO13: 0.74799734 | AQ13: 0.76108785 | AR13: 0.53398123 | AT13: 0.3635417 | AU13: 0.5264496 | AV13: 0.72689256 | AW13: 0.8354843 | AY13: 0.80135869 | AZ13: 0.56202988 | BB13: 0.55939432 | BC13: 0.61878291 | BE13: 0.70564819 | BF13: 0.59697417 | BH13: 0.54463183 | BI13: 0.6152491 | BK13: 0.66635901 | BL13: 0.59972537 | BN13: 0.58674981 | BO13: 0.61060585 | BQ13: 0.80962833 | BR13: 0.5938273 | BT13: 0.67096008 | BU13: 0.60546438 | BW13: 0.73520616 | BX13: 0.54972682 | BZ13: 0.86349338 | CA13: 0.5973639
B14: I have heard this concept before, but I do not know what it means | C14: 0.26194742 | D14: 0.20069297 | E14: 0.25106339 | F14: 0.27659492 | G14: 0.27485672 | H14: 0.35365851 | I14: 0.2848087 | J14: 0.195209 | K14: 0.23424297 | L14: 0.16296006 | N14: 0.32588371 | O14: 0.32060492 | P14: 0.24641668 | Q14: 0.18527417 | S14: 0.309472 | T14: 0.27042603 | U14: 0.22199854 | V14: 0.27689698 | W14: 0.2258291 | X14: 0.23425082 | Y14: 0.23416503 | AA14: 0.18739429 | AB14: 0.37957846 | AD14: 0.19444313 | AE14: 0.081308559 | AF14: 0.22798373 | AH14: 0.089272858 | AI14: 0.2864126 | AK14: 0.29142667 | AL14: 0.24866428 | AN14: 0.30487304 | AO14: 0.18527417 | AQ14: 0.18089679 | AR14: 0.30237856 | AT14: 0.32195047 | AU14: 0.31769104 | AV14: 0.22702168 | AW14: 0.14058146 | AY14: 0.16360539 | AZ14: 0.28632169 | BB14: 0.28125376 | BC14: 0.25840073 | BE14: 0.23882667 | BF14: 0.26497748 | BH14: 0.27427384 | BI14: 0.26086861 | BK14: 0.25180607 | BL14: 0.26370465 | BN14: 0.33729594 | BO14: 0.25851362 | BQ14: 0.16438484 | BR14: 0.26962261 | BT14: 0.26091904 | BU14: 0.26201613 | BW14: 0.22653332 | BX14: 0.27881427 | BZ14: 0.12612943 | CA14: 0.26847399
B15: No, I have not heard of this concept before | C15: 0.11849775 | D15: 0.14755872 | E15: 0.13459976 | F15: 0.12352323 | G15: 0.13938353 | H15: 0.15612556 | I15: 0.057995664 | J15: 0.046415005 | K15: 0.18384833 | L15: 0.018926101 | N15: 0.21104498 | O15: 0.12398797 | P15: 0.071109276 | Q15: 0.060809028 | S15: 0.1765216 | T15: 0.11374483 | U15: 0.059080012 | V15: 0.14307855 | W15: 0.072945592 | X15: 0.072492186 | Y15: 0.082534726 | AA15: 0.025845548 | AB15: 0.26468577 | AD15: 0.020865606 | AE15: 0.0062747365 | AF15: 0.032938452 | AH15: 0.0067252394 | AI15: 0.1343341 | AK15: 0.18295109 | AL15: 0.089455522 | AN15: 0.15079485 | AO15: 0.060809028 | AQ15: 0.052315098 | AR15: 0.15151217 | AT15: 0.28625585 | AU15: 0.14719125 | AV15: 0.041262182 | AW15: 0.022865093 | AY15: 0.030563702 | AZ15: 0.14029238 | BB15: 0.14691621 | BC15: 0.11327711 | BE15: 0.04793102 | BF15: 0.12774576 | BH15: 0.16881592 | BI15: 0.11409391 | BK15: 0.076074306 | BL15: 0.12584859 | BN15: 0.065432156 | BO15: 0.12091607 | BQ15: 0.02350348 | BR15: 0.12597088 | BT15: 0.064100053 | BU15: 0.12213201 | BW15: 0.03440979 | BX15: 0.15854674 | BZ15: 0.010377183 | CA15: 0.12369335
B16: Don’t know | C16: 0.0099887682 | D16: 0.013326518 | E16: 0.0094955148 | F16: 0.0098882935 | G16: 0.012982482 | H16: 0.014823253 | I16: 0.0027261566 | J16: 0.0042944354 | K16: 0.019358025 | L16: 0 | N16: 0.016774281 | O16: 0.0090750616 | P16: 0.0077565519 | Q16: 0.005919463 | S16: 0.011152845 | T16: 0.0058029363 | U16: 0.0060020436 | V16: 0.0098299161 | W16: 0.0086621514 | X16: 0.0041455497 | Y16: 0.006209557 | AA16: 0.0020296888 | AB16: 0.022546722 | AD16: 0.003631635 | AE16: 0 | AF16: 0.0015571598 | AH16: 0 | AI16: 0.011404014 | AK16: 0.016409383 | AL16: 0.007095684 | AN16: 0.012266974 | AO16: 0.005919463 | AQ16: 0.0057002613 | AR16: 0.012128039 | AT16: 0.028251992 | AU16: 0.0086681108 | AV16: 0.0048235779 | AW16: 0.0010691543 | AY16: 0.0044722202 | AZ16: 0.011356056 | BB16: 0.012435718 | BC16: 0.0095392489 | BE16: 0.0075941248 | BF16: 0.010302594 | BH16: 0.01227841 | BI16: 0.0097883791 | BK16: 0.0057606097 | BL16: 0.010721395 | BN16: 0.0105221 | BO16: 0.009964463 | BQ16: 0.0024833517 | BR16: 0.010579214 | BT16: 0.004020827 | BU16: 0.010387482 | BW16: 0.0038507314 | BX16: 0.012912162 | BZ16: 0 | CA16: 0.010468766
B18: Do you know if your company directly buys any services from a cloud provider? (eg. Amazon Web Services, Microsoft Azure, Google Cloud Platform)
B19: BASE: All Respondents
B20: Yes - we definitely do | C20: 0.43769587 | D20: 0.45545552 | E20: 0.44302342 | F20: 0.45137417 | G20: 0.40774107 | H20: 0.31059017 | I20: 0.49616528 | J20: 0.51272436 | K20: 0.47172103 | L20: 0.48319435 | N20: 0.22154778 | O20: 0.37476394 | P20: 0.51502494 | Q20: 0.61375971 | S20: 0.32388793 | T20: 0.43522579 | U20: 0.50656593 | V20: 0.34508959 | W20: 0.5527352 | X20: 0.58774375 | Y20: 0.54487885 | AA20: 0.71510222 | AB20: 0 | AD20: 0.69485147 | AE20: 0.84644799 | AF20: 0.6581793 | AH20: 0.83931653 | AI20: 0.38079274 | AK20: 0.37091587 | AL20: 0.46778647 | AN20: 0.3391263 | AO20: 0.61375971 | AQ20: 0.63293468 | AR20: 0.34030332 | AT20: 0.13970929 | AU20: 0.30102941 | AV20: 0.59011539 | AW20: 0.77261881 | AY20: 0.64199161 | AZ20: 0.38706076 | BB20: 0.4352751 | BC20: 0.43814058 | BE20: 0.59389658 | BF20: 0.41722523 | BH20: 0.39871294 | BI20: 0.44110765 | BK20: 0.4941904 | BL20: 0.42790688 | BN20: 0.50954092 | BO20: 0.43442173 | BQ20: 0.67602539 | BR20: 0.41894664 | BT20: 0.50560074 | BU20: 0.4331592 | BW20: 0.67388799 | BX20: 0.32520345 | BZ20: 0.78213454 | CA20: 0.4211443
B21: Yes - I think we probably do | C21: 0.17437868 | D21: 0.1632187 | E21: 0.13635927 | F21: 0.13318679 | G21: 0.18703845 | H21: 0.25649073 | I21: 0.1547694 | J21: 0.18281799 | K21: 0.16039982 | L21: 0.2280648 | N21: 0.10875999 | O21: 0.20676167 | P21: 0.21528221 | Q21: 0.19271678 | S21: 0.15142299 | T21: 0.21321017 | U21: 0.19870113 | V21: 0.1644063 | W21: 0.20217399 | X21: 0.17453916 | Y21: 0.16092465 | AA21: 0.28489778 | AB21: 0 | AD21: 0.29808256 | AE21: 0.15355201 | AF21: 0.31429858 | AH21: 0.15909671 | AI21: 0.17654389 | AK21: 0.17265512 | AL21: 0.17515531 | AN21: 0.16411208 | AO21: 0.19271678 | AQ21: 0.1613972 | AR21: 0.18085434 | AT21: 0.070609761 | AU21: 0.18429643 | AV21: 0.22403526 | AW21: 0.15821934 | AY21: 0.20147475 | AZ21: 0.16766287 | BB21: 0.18607118 | BC21: 0.1722307 | BE21: 0.1925637 | BF21: 0.17199548 | BH21: 0.21336301 | BI21: 0.17096678 | BK21: 0.22262348 | BL21: 0.16601915 | BN21: 0.23819991 | BO21: 0.1714702 | BQ21: 0.20385279 | BR21: 0.17205998 | BT21: 0.20126091 | BU21: 0.1725827 | BW21: 0.32611201 | BX21: 0.10211189 | BZ21: 0.21357068 | CA21: 0.17249536
B22: Not sure | C22: 0.095900896 | D22: 0.084031405 | E22: 0.089219763 | F22: 0.054403284 | G22: 0.080456852 | H22: 0.15382241 | I22: 0.11443273 | J22: 0.098737875 | K22: 0.093723404 | L22: 0.090405361 | N22: 0.093311755 | O22: 0.12017012 | P22: 0.099068203 | Q22: 0.083666296 | S22: 0.090527527 | T22: 0.10712221 | U22: 0.085229442 | V22: 0.105989 | W22: 0.06025443 | X22: 0.067301502 | Y22: 0.06518907 | AA22: 0 | AB22: 0.24721476 | AD22: 0.0045495942 | AE22: 0 | AF22: 0.0075884949 | AH22: 0 | AI22: 0.1094885 | AK22: 0.10776071 | AL22: 0.090556944 | AN22: 0.10275045 | AO22: 0.083666296 | AQ22: 0.067951121 | AR22: 0.10984331 | AT22: 0.11373545 | AU22: 0.14451124 | AV22: 0.068495667 | AW22: 0.031772752 | AY22: 0.043602714 | AZ22: 0.10886311 | BB22: 0.096056512 | BC22: 0.095872308 | BE22: 0.0617128 | BF22: 0.10038136 | BH22: 0.11754846 | BI22: 0.094006304 | BK22: 0.093270211 | BL22: 0.096356723 | BN22: 0.10537657 | BO22: 0.095469067 | BQ22: 0.032073778 | BR22: 0.10092213 | BT22: 0.086236387 | BU22: 0.096546574 | BW22: 0 | BX22: 0.1415761 | BZ22: 0 | CA22: 0.10050929
B23: No - I think we probably don’t | C23: 0.099469607 | D23: 0.13154318 | E23: 0.11025505 | F23: 0.095342722 | G23: 0.088799846 | H23: 0.10377907 | I23: 0.090327972 | J23: 0.064761406 | K23: 0.12122011 | L23: 0.05933025 | N23: 0.13519638 | O23: 0.12998235 | P23: 0.088228963 | Q23: 0.058954092 | S23: 0.13066868 | T23: 0.078368293 | U23: 0.08547274 | V23: 0.11005496 | W23: 0.070592287 | X23: 0.072267565 | Y23: 0.071267175 | AA23: 0 | AB23: 0.25641424 | AD23: 0.001769505 | AE23: 0 | AF23: 0.0058941581 | AH23: 0.0015867549 | AI23: 0.11333802 | AK23: 0.1202822 | AL23: 0.090091597 | AN23: 0.12215227 | AO23: 0.058954092 | AQ23: 0.055482487 | AR23: 0.12141206 | AT23: 0.1788196 | AU23: 0.14409092 | AV23: 0.052546214 | AW23: 0.0098814085 | AY23: 0.031667729 | AZ23: 0.11627444 | BB23: 0.097219293 | BC23: 0.099883003 | BE23: 0.060299929 | BF23: 0.10460293 | BH23: 0.11698113 | BI23: 0.097937001 | BK23: 0.088040409 | BL23: 0.10144998 | BN23: 0.082164299 | BO23: 0.10025825 | BQ23: 0.030938599 | BR23: 0.1048609 | BT23: 0.045653187 | BU23: 0.10306504 | BW23: 0 | BX23: 0.1468445 | BZ23: 0.0042947732 | CA23: 0.10404312
B24: No - we definitely don’t | C24: 0.19255494 | D24: 0.16575119 | E24: 0.2211425 | F24: 0.26569303 | G24: 0.23596379 | H24: 0.17531761 | I24: 0.14430462 | J24: 0.14095837 | K24: 0.15293562 | L24: 0.13900524 | N24: 0.44118409 | O24: 0.16832193 | P24: 0.082395678 | Q24: 0.05090312 | S24: 0.30349288 | T24: 0.16607354 | U24: 0.12403076 | V24: 0.27446015 | W24: 0.11424409 | X24: 0.098148018 | Y24: 0.15774026 | AA24: 0 | AB24: 0.49637101 | AD24: 0.00074686305 | AE24: 0 | AF24: 0.014039464 | AH24: 0 | AI24: 0.21983685 | AK24: 0.2283861 | AL24: 0.17640968 | AN24: 0.2718589 | AO24: 0.05090312 | AQ24: 0.082234509 | AR24: 0.24758698 | AT24: 0.4971259 | AU24: 0.22607201 | AV24: 0.064807471 | AW24: 0.027507697 | AY24: 0.081263192 | AZ24: 0.22013883 | BB24: 0.18537791 | BC24: 0.19387341 | BE24: 0.091526995 | BF24: 0.205795 | BH24: 0.15339446 | BI24: 0.19598226 | BK24: 0.10187551 | BL24: 0.20826726 | BN24: 0.064718297 | BO24: 0.19838075 | BQ24: 0.057109444 | BR24: 0.20321035 | BT24: 0.16124878 | BU24: 0.19464648 | BW24: 0 | BX24: 0.28426406 | BZ24: 0 | CA24: 0.20180793
B26: Which of the following purposes do you use a cloud computing provider for?Please select all that apply
B27: BASE: Cloud User
B28: Online documents (eg. Google Docs, Microsoft Office 365 etc) | C28: 0.63757492 | D28: 0.68659011 | E28: 0.6533864 | F28: 0.55713231 | G28: 0.6060593 | H28: 0.66202437 | I28: 0.64156266 | J28: 0.62490768 | K28: 0.56248517 | L28: 0.77038359 | N28: 0.63944656 | O28: 0.60684395 | P28: 0.62460662 | Q28: 0.65391441 | S28: 0.60887507 | T28: 0.55891154 | U28: 0.60676255 | V28: 0.62532405 | W28: 0.64455399 | X28: 0.67910479 | Y28: 0.67332089 | AA28: 0.63757492 | AB28: * | AD28: 0.55422255 | AE28: 0.72969441 | AF28: 0.66435017 | AH28: 0.66514431 | AI28: 0.63057747 | AK28: 0.60948048 | AL28: 0.64827753 | AN28: 0.62291509 | AO28: 0.65391441 | AQ28: 0.67922629 | AR28: 0.60590685 | AT28: 0.53449691 | AU28: 0.63012345 | AV28: 0.63889619 | AW28: 0.68194017 | AY28: 0.63781208 | AZ28: 0.63748555 | BB28: 0.65017912 | BC28: 0.63521782 | BE28: 0.61860292 | BF28: 0.64089356 | BH28: 0.64951177 | BI28: 0.63653021 | BK28: 0.65709094 | BL28: 0.63349364 | BN28: 0.58496971 | BO28: 0.64053352 | BQ28: 0.62250645 | BR28: 0.63933976 | BT28: 0.64621178 | BU28: 0.63690158 | BW28: 0.62291509 | BX28: 0.65391441 | BZ28: 0.63010838 | CA28: 0.63817673
B29: Online data storage or file sharing | C29: 0.63185197 | D29: 0.69183228 | E29: 0.63952049 | F29: 0.55249251 | G29: 0.5886945 | H29: 0.58389621 | I29: 0.71725688 | J29: 0.63187398 | K29: 0.5365178 | L29: 0.71765375 | N29: 0.64503341 | O29: 0.61476214 | P29: 0.62210582 | Q29: 0.63788689 | S29: 0.5916809 | T29: 0.57677481 | U29: 0.61201009 | V29: 0.63498366 | W29: 0.63995827 | X29: 0.66657742 | Y29: 0.63768659 | AA29: 0.63185197 | AB29: * | AD29: 0.60943491 | AE29: 0.69227195 | AF29: 0.62861024 | AH29: 0.61808454 | AI29: 0.63534632 | AK29: 0.61669209 | AL29: 0.63762715 | AN29: 0.62643743 | AO29: 0.63788689 | AQ29: 0.65132375 | AR29: 0.61704733 | AT29: 0.54223276 | AU29: 0.60898956 | AV29: 0.63965518 | AW29: 0.67184722 | AY29: 0.615934 | AZ29: 0.63785087 | BB29: 0.59102036 | BC29: 0.63948786 | BE29: 0.58968898 | BF29: 0.63922726 | BH29: 0.59730712 | BI29: 0.63487534 | BK29: 0.6193812 | BL29: 0.63445992 | BN29: 0.55251528 | BO29: 0.63631399 | BQ29: 0.59102302 | BR29: 0.63663391 | BT29: 0.59485543 | BU29: 0.6347363 | BW29: 0.62643743 | BX29: 0.63788689 | BZ29: 0.59546252 | CA29: 0.63478497
B30: Online email or messaging | C30: 0.51602052 | D30: 0.53592925 | E30: 0.53336877 | F30: 0.43113867 | G30: 0.51302679 | H30: 0.46948874 | I30: 0.57564116 | J30: 0.54552608 | K30: 0.45945655 | L30: 0.59130123 | N30: 0.56742697 | O30: 0.51083006 | P30: 0.50804278 | Q30: 0.50400895 | S30: 0.49239339 | T30: 0.51084674 | U30: 0.46785503 | V30: 0.51244402 | W30: 0.52552078 | X30: 0.52705709 | Y30: 0.54029531 | AA30: 0.51602052 | AB30: * | AD30: 0.43826042 | AE30: 0.59319908 | AF30: 0.54401295 | AH30: 0.5321225 | AI30: 0.51193364 | AK30: 0.50511892 | AL30: 0.5201735 | AN30: 0.52679734 | AO30: 0.50400895 | AQ30: 0.53042747 | AR30: 0.50506673 | AT30: 0.45936027 | AU30: 0.52561723 | AV30: 0.50963429 | AW30: 0.53597888 | AY30: 0.49105385 | AZ30: 0.52542954 | BB30: 0.53857378 | BC30: 0.51180286 | BE30: 0.50913925 | BF30: 0.51722422 | BH30: 0.52530784 | BI30: 0.5152077 | BK30: 0.53062262 | BL30: 0.51296686 | BN30: 0.47583397 | BO30: 0.51828067 | BQ30: 0.52785007 | BR30: 0.51463503 | BT30: 0.49935223 | BU30: 0.51732002 | BW30: 0.52679734 | BX30: 0.50400895 | BZ30: 0.57087241 | CA30: 0.51159946
B31: Running your business’s internal applications | C31: 0.39007431 | D31: 0.42188911 | E31: 0.40241487 | F31: 0.36969168 | G31: 0.38262351 | H31: 0.37760071 | I31: 0.42552746 | J31: 0.32212735 | K31: 0.35162383 | L31: 0.406846 | N31: 0.26455045 | O31: 0.33270356 | P31: 0.40688797 | Q31: 0.44743443 | S31: 0.31436179 | T31: 0.35370309 | U31: 0.39229799 | V31: 0.36317956 | W31: 0.41023412 | X31: 0.42847237 | Y31: 0.44271045 | AA31: 0.39007431 | AB31: * | AD31: 0.35992747 | AE31: 0.5204798 | AF31: 0.35707752 | AH31: 0.49020814 | AI31: 0.3646591 | AK31: 0.36404605 | AL31: 0.3999898 | AN31: 0.33861065 | AO31: 0.44743443 | AQ31: 0.43104811 | AR31: 0.3589214 | AT31: 0.2335314 | AU31: 0.29923012 | AV31: 0.41789095 | AW31: 0.48634882 | AY31: 0.44437225 | AZ31: 0.36961142 | BB31: 0.39915408 | BC31: 0.38837631 | BE31: 0.44011082 | BF31: 0.38132177 | BH31: 0.42235569 | BI31: 0.38724904 | BK31: 0.41416402 | BL31: 0.38503656 | BN31: 0.4301696 | BO31: 0.38781929 | BQ31: 0.44275362 | BR31: 0.38390444 | BT31: 0.3797314 | BU31: 0.39088067 | BW31: 0.33861065 | BX31: 0.44743443 | BZ31: 0.40932802 | CA31: 0.38852246
B32: Disaster Recovery | C32: 0.37710074 | D32: 0.17441519 | E32: 0.40199554 | F32: 0.31439324 | G32: 0.27179694 | H32: 0.63678083 | I32: 0.55326431 | J32: 0.27150102 | K32: 0.19159596 | L32: 0.45866512 | N32: 0.37583896 | O32: 0.3614148 | P32: 0.38922721 | Q32: 0.37876672 | S32: 0.38695312 | T32: 0.36836084 | U32: 0.41678435 | V32: 0.36204742 | W32: 0.37459529 | X32: 0.3762867 | Y32: 0.40408307 | AA32: 0.37710074 | AB32: * | AD32: 0.3719387 | AE32: 0.46939811 | AF32: 0.34112587 | AH32: 0.41394479 | AI32: 0.36774926 | AK32: 0.37517492 | AL32: 0.37783438 | AN32: 0.37560602 | AO32: 0.37876672 | AQ32: 0.42395689 | AR32: 0.3414754 | AT32: 0.23534829 | AU32: 0.31289187 | AV32: 0.40453499 | AW32: 0.43634955 | AY32: 0.38689265 | AZ32: 0.37341053 | BB32: 0.38308828 | BC32: 0.37598101 | BE32: 0.35057763 | BF32: 0.38174024 | BH32: 0.3725828 | BI32: 0.37749615 | BK32: 0.40978652 | BL32: 0.37026533 | BN32: 0.4087724 | BO32: 0.37531948 | BQ32: 0.34450337 | BR32: 0.38091858 | BT32: 0.35757574 | BU32: 0.37862295 | BW32: 0.37560602 | BX32: 0.37876672 | BZ32: 0.42855172 | CA32: 0.37295379
B33: Distributing or receiving data from external customers | C33: 0.36831291 | D33: 0.36477254 | E33: 0.37096965 | F33: 0.32541951 | G33: 0.38746822 | H33: 0.43170715 | I33: 0.37051559 | J33: 0.30080444 | K33: 0.27450865 | L33: 0.45060282 | N33: 0.26425916 | O33: 0.32604593 | P33: 0.37076149 | Q33: 0.41836861 | S33: 0.32580111 | T33: 0.37924306 | U33: 0.41849571 | V33: 0.29408132 | W33: 0.37194559 | X33: 0.42647161 | Y33: 0.433191 | AA33: 0.36831291 | AB33: * | AD33: 0.35435202 | AE33: 0.50043255 | AF33: 0.32243559 | AH33: 0.46094679 | AI33: 0.34480128 | AK33: 0.35311977 | AL33: 0.37410075 | AN33: 0.3234028 | AO33: 0.41836861 | AQ33: 0.43024958 | AR33: 0.32122165 | AT33: 0.19878166 | AU33: 0.26486142 | AV33: 0.39098511 | AW33: 0.50261698 | AY33: 0.40370634 | AZ33: 0.35497443 | BB33: 0.399314 | BC33: 0.36251542 | BE33: 0.37471514 | BF33: 0.36719301 | BH33: 0.3787333 | BI33: 0.36740092 | BK33: 0.4283813 | BL33: 0.35575112 | BN33: 0.47217171 | BO33: 0.36247174 | BQ33: 0.42108271 | BR33: 0.36213244 | BT33: 0.36884109 | BU33: 0.36827173 | BW33: 0.3234028 | BX33: 0.41836861 | BZ33: 0.42463812 | CA33: 0.36377309
B34: Running your business’s external or customer facing applications | C34: 0.35499262 | D34: 0.40062079 | E34: 0.3699469 | F34: 0.37273859 | G34: 0.36345694 | H34: 0.31338266 | I34: 0.34582417 | J34: 0.29496649 | K34: 0.30241753 | L34: 0.389782 | N34: 0.21583428 | O34: 0.30408173 | P34: 0.35986322 | Q34: 0.41914164 | S34: 0.27282078 | T34: 0.35277851 | U34: 0.39459454 | V34: 0.31370313 | W34: 0.36595872 | X34: 0.39056136 | Y34: 0.40457247 | AA34: 0.35499262 | AB34: * | AD34: 0.33308683 | AE34: 0.5235078 | AF34: 0.28963592 | AH34: 0.49698023 | AI34: 0.31895441 | AK34: 0.32629872 | AL34: 0.36592359 | AN34: 0.29743795 | AO34: 0.41914164 | AQ34: 0.41330301 | AR34: 0.31065847 | AT34: 0.20045302 | AU34: 0.28129424 | AV34: 0.36675508 | AW34: 0.47112669 | AY34: 0.42983747 | AZ34: 0.32678637 | BB34: 0.35588344 | BC34: 0.35482603 | BE34: 0.40094185 | BF34: 0.34695504 | BH34: 0.3689647 | BI34: 0.35376978 | BK34: 0.40406931 | BL34: 0.34472947 | BN34: 0.37285554 | BO34: 0.35398799 | BQ34: 0.40537185 | BR34: 0.34909214 | BT34: 0.40014473 | BU34: 0.35147247 | BW34: 0.29743795 | BX34: 0.41914164 | BZ34: 0.43031015 | CA34: 0.34892203
B35: Big Data analysis | C35: 0.32310523 | D35: 0.32245204 | E35: 0.42970282 | F35: 0.23730344 | G35: 0.35505418 | H35: 0.25329434 | I35: 0.36146332 | J35: 0.27101468 | K35: 0.39350783 | L35: 0.27503859 | N35: 0.13947636 | O35: 0.18139464 | P35: 0.32322713 | Q35: 0.43895127 | S35: 0.22537305 | T35: 0.31274834 | U35: 0.38348346 | V35: 0.23563158 | W35: 0.36995053 | X35: 0.37765096 | Y35: 0.40079641 | AA35: 0.32310523 | AB35: * | AD35: 0.32787612 | AE35: 0.4781316 | AF35: 0.24974946 | AH35: 0.51542644 | AI35: 0.27429173 | AK35: 0.29374905 | AL35: 0.3342885 | AN35: 0.21916784 | AO35: 0.43895127 | AQ35: 0.40158216 | AR35: 0.2634382 | AT35: 0.14374324 | AU35: 0.17198579 | AV35: 0.34005416 | AW35: 0.53613052 | AY35: 0.4016698 | AZ35: 0.29349715 | BB35: 0.3364808 | BC35: 0.32060388 | BE35: 0.41144064 | BF35: 0.30765333 | BH35: 0.32931708 | BI35: 0.32256157 | BK35: 0.37891645 | BL35: 0.31143372 | BN35: 0.42028419 | BO35: 0.31763974 | BQ35: 0.44245066 | BR35: 0.30912734 | BT35: 0.38202318 | BU35: 0.31851187 | BW35: 0.21916784 | BX35: 0.43895127 | BZ35: 0.34704755 | CA35: 0.32117548
B36: Monitoring key metrics | C36: 0.24863003 | D36: 0.17577722 | E36: 0.3347989 | F36: 0.21851429 | G36: 0.24124408 | H36: 0.30924849 | I36: 0.22620239 | J36: 0.23064066 | K36: 0.21772275 | L36: 0.29592166 | N36: 0.12706608 | O36: 0.19431971 | P36: 0.24984923 | Q36: 0.30965723 | S36: 0.22194335 | T36: 0.26643498 | U36: 0.28866218 | V36: 0.21046992 | W36: 0.26302673 | X36: 0.26349527 | Y36: 0.28327961 | AA36: 0.24863003 | AB36: * | AD36: 0.24400246 | AE36: 0.36969385 | AF36: 0.19936852 | AH36: 0.36188241 | AI36: 0.21988517 | AK36: 0.23872223 | AL36: 0.25240441 | AN36: 0.19387624 | AO36: 0.30965723 | AQ36: 0.30773031 | AR36: 0.20369531 | AT36: 0.11912719 | AU36: 0.1582805 | AV36: 0.26054626 | AW36: 0.36992598 | AY36: 0.30511906 | AZ36: 0.22734139 | BB36: 0.29514499 | BC36: 0.2399313 | BE36: 0.30313356 | BF36: 0.2390961 | BH36: 0.26687219 | BI36: 0.24703347 | BK36: 0.31272258 | BL36: 0.23522668 | BN36: 0.28597006 | BO36: 0.24652997 | BQ36: 0.29419419 | BR36: 0.24329349 | BT36: 0.28043941 | BU36: 0.2461501 | BW36: 0.19387624 | BX36: 0.30965723 | BZ36: 0.30223019 | CA36: 0.24430985
B37: Artificial Intelligence and/or machine learning | C37: 0.23508353 | D37: 0.3341613 | E37: 0.26491561 | F37: 0.22039163 | G37: 0.21765262 | H37: 0.16140628 | I37: 0.20271661 | J37: 0.17450786 | K37: 0.3467065 | L37: 0.25919686 | N37: 0.079816659 | O37: 0.10836509 | P37: 0.2138408 | Q37: 0.34413526 | S37: 0.17441799 | T37: 0.2053064 | U37: 0.2665249 | V37: 0.17242202 | W37: 0.25023509 | X37: 0.29360658 | Y37: 0.31253539 | AA37: 0.23508353 | AB37: * | AD37: 0.21987028 | AE37: 0.40391827 | AF37: 0.16769468 | AH37: 0.43107001 | AI37: 0.18533973 | AK37: 0.20556533 | AL37: 0.24632852 | AN37: 0.13724201 | AO37: 0.34413526 | AQ37: 0.3230452 | AR37: 0.16820512 | AT37: 0.087640116 | AU37: 0.11997502 | AV37: 0.23067605 | AW37: 0.43922531 | AY37: 0.33015439 | AZ37: 0.19925484 | BB37: 0.2444852 | BC37: 0.23332533 | BE37: 0.32582476 | BF37: 0.21921079 | BH37: 0.22155034 | BI37: 0.23626796 | BK37: 0.299157 | BL37: 0.22168418 | BN37: 0.37056081 | BO37: 0.22746409 | BQ37: 0.34918137 | BR37: 0.22172025 | BT37: 0.30121592 | BU37: 0.22992771 | BW37: 0.13724201 | BX37: 0.34413526 | BZ37: 0.29066873 | CA37: 0.23060336
B38: Don’t Know | C38: 0.0081849271 | D38: 0.018060106 | E38: 0.0099184873 | F38: 0.0058538941 | G38: 0.0049319177 | H38: 0.0044438452 | I38: 0.0039274935 | J38: 0.0063177142 | K38: 0.0091788687 | L38: 0.015840893 | N38: 0.006598384 | O38: 0.010960522 | P38: 0.0010948448 | Q38: 0.010450097 | S38: 0.0054686561 | T38: 0.0024717494 | U38: 0.005405448 | V38: 0.011130563 | W38: 0.0062596938 | X38: 0.0032386804 | Y38: 0.010086911 | AA38: 0.0081849271 | AB38: * | AD38: 0.003335958 | AE38: 0.0019400834 | AF38: 0.0062889725 | AH38: 0 | AI38: 0.010262363 | AK38: 0.0081028116 | AL38: 0.008216209 | AN38: 0.0061526099 | AO38: 0.010450097 | AQ38: 0.0055638156 | AR38: 0.010177792 | AT38: 0.02978744 | AU38: 0.011414574 | AV38: 0.00615164 | AW38: 0.002073118 | AY38: 0.0047848724 | AZ38: 0.009466282 | BB38: 0.0060401013 | BC38: 0.0085860291 | BE38: 0.0108558 | BF38: 0.0077177298 | BH38: 0.0080324908 | BI38: 0.0081982683 | BK38: 0.0049879054 | BL38: 0.0088535036 | BN38: 0.0089448138 | BO38: 0.0081421899 | BQ38: 0.001870037 | BR38: 0.008924535 | BT38: 0.0023491559 | BU38: 0.0086398956 | BW38: 0.0061526099 | BX38: 0.010450097 | BZ38: 0 | CA38: 0.0088446326
B39: Other (please specify) | C39: 0.0075881755 | D39: 0.006036824 | E39: 0.0055832012 | F39: 0.0096916542 | G39: 0.0048049873 | H39: 0.0043123877 | I39: 0.010424199 | J39: 0.017493959 | K39: 0.011238663 | L39: 0 | N39: 0.016896434 | O39: 0.012387208 | P39: 0.0038872111 | Q39: 0.0040955288 | S39: 0.027182904 | T39: 0.0055498433 | U39: 0 | V39: 0.007503442 | W39: 0.0026746194 | X39: 0.0046680818 | Y39: 0.010597696 | AA39: 0.0075881755 | AB39: * | AD39: 0.005633422 | AE39: 0.0041644545 | AF39: 0.009414771 | AH39: 0.0011813102 | AI39: 0.0092143172 | AK39: 0.0043835757 | AL39: 0.0088089708 | AN39: 0.010721788 | AO39: 0.0040955288 | AQ39: 0.0043712003 | AR39: 0.010034084 | AT39: 0.018884674 | AU39: 0.013310107 | AV39: 0.0051920079 | AW39: 0.0026941513 | AY39: 0.008323095 | AZ39: 0.0073112114 | BB39: 0.0011927283 | BC39: 0.0087841824 | BE39: 0.0060892488 | BF39: 0.0078503723 | BH39: 0 | BI39: 0.0082522931 | BK39: 0.0052388931 | BL39: 0.0080794687 | BN39: 0.0066286121 | BO39: 0.0076421427 | BQ39: 0.0018498145 | BR39: 0.0082602596 | BT39: 0.0045219826 | BU39: 0.0078272221 | BW39: 0.010721788 | BX39: 0.0040955288 | BZ39: 0.0032060767 | CA39: 0.0079413728
B41: Which, if any, of the following best describes how you use cloud services?Please select all that apply
B42: BASE: Cloud User
B43: <strong>Through online apps or services run by other companies. </strong>This is commonly known as Software as a Service (SaaS). Examples of SaaS services include Microsoft Office 365, Google Docs, Slack or Zoom. | C43: 0.65268232 | D43: 0.67269922 | E43: 0.64165283 | F43: 0.63254716 | G43: 0.66650946 | H43: 0.6606357 | I43: 0.67003799 | J43: 0.61562417 | K43: 0.61491086 | L43: 0.65623999 | N43: 0.68091019 | O43: 0.62116607 | P43: 0.66317508 | Q43: 0.65099747 | S43: 0.62031645 | T43: 0.64473285 | U43: 0.6313978 | V43: 0.64345838 | W43: 0.63526278 | X43: 0.69328972 | Y43: 0.7082255 | AA43: 0.65338683 | AB43: 0.61631363 | AD43: 0 | AE43: 1 | AF43: 1 | AH43: 0.54040824 | AI43: 0.68055835 | AK43: 0.64404603 | AL43: 0.65595694 | AN43: 0.65416554 | AO43: 0.65099747 | AQ43: 0.67781065 | AR43: 0.63387368 | AT43: 0.60985198 | AU43: 0.62742313 | AV43: 0.65806902 | AW43: 0.68601762 | AY43: 0.64960921 | AZ43: 0.65382612 | BB43: 0.70319759 | BC43: 0.64337026 | BE43: 0.68014194 | BF43: 0.64798589 | BH43: 0.67350412 | BI43: 0.6508367 | BK43: 0.64373136 | BL43: 0.65455324 | BN43: 0.68131866 | BO43: 0.65107075 | BQ43: 0.69202078 | BR43: 0.64812728 | BT43: 0.70213872 | BU43: 0.64886025 | BW43: 0.65587882 | BX43: 0.64925978 | BZ43: 0.44330955 | CA43: 0.66928872
B44: <strong>As a replacement or complement for your own on-site servers or IT infrastructure, or as underlying computing infrastructure for your own applications or services.</strong> This is commonly known as Infrastructure as a Service (IaaS) or Platform as a Service (PaaS). Examples of IaaS and PaaS services include Amazon Web Services or Microsoft Azure. | C44: 0.53987846 | D44: 0.51247673 | E44: 0.68140892 | F44: 0.47253534 | G44: 0.56501513 | H44: 0.52709921 | I44: 0.50926744 | J44: 0.57665686 | K44: 0.64509762 | L44: 0.38912335 | N44: 0.35148782 | O44: 0.45457705 | P44: 0.54582953 | Q44: 0.63638637 | S44: 0.46531946 | T44: 0.4990343 | U44: 0.56987044 | V44: 0.51481647 | W44: 0.58690098 | X44: 0.57758472 | Y44: 0.5759184 | AA44: 0.548084 | AB44: 0.11628705 | AD44: 1 | AE44: 1 | AF44: 0 | AH44: 0.98544171 | AI44: 0.42925154 | AK44: 0.51454047 | AL44: 0.54948584 | AN44: 0.45491986 | AO44: 0.63638637 | AQ44: 0.60688962 | AR44: 0.48972038 | AT44: 0.33599545 | AU44: 0.4693315 | AV44: 0.56717533 | AW44: 0.63580636 | AY44: 0.63717258 | AZ44: 0.50366613 | BB44: 0.5178256 | BC44: 0.54394372 | BE44: 0.60689881 | BF44: 0.52841594 | BH44: 0.53550551 | BI44: 0.54026608 | BK44: 0.59127569 | BL44: 0.52913546 | BN44: 0.60901614 | BO44: 0.5359876 | BQ44: 0.63931493 | BR44: 0.52836461 | BT44: 0.59067421 | BU44: 0.53595289 | BW44: 0.46443618 | BX44: 0.62065575 | BZ44: 0.97944911 | CA44: 0.50501392
B45: Don't Know | C45: 0.034574946 | D45: 0.036943032 | E45: 0.016004583 | F45: 0.0471616 | G45: 0.03078953 | H45: 0.018470774 | I45: 0.023553591 | J45: 0.026150882 | K45: 0.032631065 | L45: 0.11632279 | N45: 0.073407087 | O45: 0.057260714 | P45: 0.013290582 | Q45: 0.020660335 | S45: 0.056094449 | T45: 0.022760612 | U45: 0.0090097898 | V45: 0.037616742 | W45: 0.019110097 | X45: 0.025418219 | Y45: 0.026226347 | AA45: 0.030064826 | AB45: 0.26739932 | AD45: 0 | AE45: 0 | AF45: 0 | AH45: 0.0027610863 | AI45: 0.042473867 | AK45: 0.044350754 | AL45: 0.030868263 | AN45: 0.046824365 | AO45: 0.020660335 | AQ45: 0.016743027 | AR45: 0.047922199 | AT45: 0.15034754 | AU45: 0.061483082 | AV45: 0.014666074 | AW45: 0.0077652912 | AY45: 0.015495725 | AZ45: 0.041676126 | BB45: 0.024541831 | BC45: 0.036424465 | BE45: 0.022546295 | BF45: 0.036632211 | BH45: 0.041618871 | BI45: 0.033950579 | BK45: 0.027167069 | BL45: 0.036123333 | BN45: 0.0061728885 | BO45: 0.036173328 | BQ45: 0.007860553 | BR45: 0.037668233 | BT45: 0.023598773 | BU45: 0.035423202 | BW45: 0.040041264 | BX45: 0.028722069 | BZ45: 0.0074732649 | CA45: 0.036724515
B47: Besides cloud computing and personal computers for your staff, does your company own any centralised computers, servers, on-premises computing or data centres of its own?
B48: BASE: Cloud User
B49: Yes | C49: 0.76960353 | D49: 0.82924414 | E49: 0.85288925 | F49: 0.85673703 | G49: 0.69806862 | H49: 0.72028301 | I49: 0.79473103 | J49: 0.70475917 | K49: 0.70893102 | L49: 0.60023156 | N49: 0.51744319 | O49: 0.67970713 | P49: 0.78266613 | Q49: 0.8872715 | S49: 0.6766668 | T49: 0.77024311 | U49: 0.846583 | V49: 0.68670536 | W49: 0.83937814 | X49: 0.8172775 | Y49: 0.81898637 | AA49: 0.77724963 | AB49: 0.37489157 | AD49: 0.80369563 | AE49: 0.88637341 | AF49: 0.71277515 | AH49: 0.9061564 | AI49: 0.73569942 | AK49: 0.75396985 | AL49: 0.77553134 | AN49: 0.66601714 | AO49: 0.8872715 | AQ49: 0.82988521 | AR49: 0.72448248 | AT49: 0.5380652 | AU49: 0.64450084 | AV49: 0.80874556 | AW49: 0.91811752 | AY49: 0.8545986 | AZ49: 0.73796884 | BB49: 0.76240794 | BC49: 0.77092998 | BE49: 0.84985608 | BF49: 0.7558779 | BH49: 0.74199046 | BI49: 0.77205112 | BK49: 0.82245122 | BL49: 0.75855735 | BN49: 0.86411095 | BO49: 0.76428494 | BQ49: 0.90898828 | BR49: 0.75346403 | BT49: 0.7911804 | BU49: 0.76793604 | BW49: 0.67543882 | BX49: 0.87042722 | BZ49: 0.84770997 | CA49: 0.76340852
B50: No | C50: 0.19434977 | D50: 0.14270753 | E50: 0.13637819 | F50: 0.121926 | G50: 0.26792722 | H50: 0.22698228 | I50: 0.17935932 | J50: 0.23551085 | K50: 0.25081003 | L50: 0.30273294 | N50: 0.44375687 | O50: 0.28861455 | P50: 0.17175063 | Q50: 0.079723775 | S50: 0.28298124 | T50: 0.19772204 | U50: 0.14015807 | V50: 0.27738437 | W50: 0.1346975 | X50: 0.16204083 | Y50: 0.14766889 | AA50: 0.18893432 | AB50: 0.47390982 | AD50: 0.1710412 | AE50: 0.098444089 | AF50: 0.25232574 | AH50: 0.086135558 | AI50: 0.22121779 | AK50: 0.20897709 | AL50: 0.18880354 | AN50: 0.29525823 | AO50: 0.079723775 | AQ50: 0.14655658 | AR50: 0.23012314 | AT50: 0.37147639 | AU50: 0.30796588 | AV50: 0.1585198 | AW50: 0.07161006 | AY50: 0.12071097 | AZ50: 0.22175772 | BB50: 0.19928132 | BC50: 0.19344068 | BE50: 0.12540002 | BF50: 0.20614228 | BH50: 0.20520379 | BI50: 0.19338768 | BK50: 0.13984738 | BL50: 0.20574181 | BN50: 0.12295671 | BO50: 0.19836756 | BQ50: 0.073304636 | BR50: 0.20836571 | BT50: 0.18174811 | BU50: 0.19532365 | BW50: 0.28814104 | BX50: 0.093925919 | BZ50: 0.14213932 | CA50: 0.19849084
B51: Don't know | C51: 0.0360467 | D51: 0.028048327 | E51: 0.010732553 | F51: 0.021336972 | G51: 0.034004155 | H51: 0.052734712 | I51: 0.025909653 | J51: 0.059729974 | K51: 0.040258953 | L51: 0.097035509 | N51: 0.038799942 | O51: 0.031678319 | P51: 0.045583234 | Q51: 0.033004723 | S51: 0.040351962 | T51: 0.032034852 | U51: 0.013258937 | V51: 0.035910274 | W51: 0.025924361 | X51: 0.02068167 | Y51: 0.033344738 | AA51: 0.033816054 | AB51: 0.15119861 | AD51: 0.025263171 | AE51: 0.015182505 | AF51: 0.034899117 | AH51: 0.0077080394 | AI51: 0.043082781 | AK51: 0.037053057 | AL51: 0.035665121 | AN51: 0.038724638 | AO51: 0.033004723 | AQ51: 0.023558216 | AR51: 0.045394375 | AT51: 0.090458406 | AU51: 0.047533287 | AV51: 0.032734637 | AW51: 0.010272418 | AY51: 0.024690435 | AZ51: 0.04027344 | BB51: 0.038310739 | BC51: 0.035629344 | BE51: 0.024743897 | BF51: 0.037979824 | BH51: 0.05280575 | BI51: 0.034561196 | BK51: 0.037701404 | BL51: 0.035700836 | BN51: 0.012932336 | BO51: 0.037347508 | BQ51: 0.017707087 | BR51: 0.038170263 | BT51: 0.027071495 | BU51: 0.036740319 | BW51: 0.036420137 | BX51: 0.035646856 | BZ51: 0.010150713 | CA51: 0.038100641
B53: Does your business operate in any of the following sectors?Please select all that apply
B54: BASE: All Respondents
B55: Technology | C55: 0.19862292 | D55: 0.17608154 | E55: 0.14513571 | F55: 0.17832144 | G55: 0.22083713 | H55: 0.19613954 | I55: 0.18771057 | J55: 0.25848701 | K55: 0.26365334 | L55: 0.33523093 | N55: 0.098884756 | O55: 0.17146253 | P55: 0.25447755 | Q55: 0.27005062 | S55: 0.13472816 | T55: 0.18474968 | U55: 0.23961185 | V55: 0.14588036 | W55: 0.2342577 | X55: 0.26559346 | Y55: 0.28490235 | AA55: 0.27371135 | AB55: 0.080147277 | AD55: 0.29045294 | AE55: 0.36097292 | AF55: 0.22138671 | AH55: 0.40817478 | AI55: 0.16893283 | AK55: 0.11797005 | AL55: 0.23496454 | AN55: 0.15863403 | AO55: 0.27005062 | AQ55: 0.30985834 | AR55: 0.14313446 | AT55: 0.073512162 | AU55: 0.14151212 | AV55: 0.24874454 | AW55: 0.37448746 | AY55: 1 | AZ55: 0 | BB55: 0.14662018 | BC55: 0.20817614 | BE55: 0.20919357 | BF55: 0.1972376 | BH55: 0.15814126 | BI55: 0.20216587 | BK55: 0.19762209 | BL55: 0.19879634 | BN55: 0.27593327 | BO55: 0.19509971 | BQ55: 0.52051597 | BR55: 0.17329981 | BT55: 0.32525491 | BU55: 0.19016274 | BW55: 0.24715101 | BX55: 0.1755102 | BZ55: 0.39904311 | CA55: 0.18899198
B56: Retail | C56: 0.15519558 | D56: 0.16382153 | E56: 0.11002329 | F56: 0.17634301 | G56: 0.14667822 | H56: 0.19967413 | I56: 0.15805208 | J56: 0.13552348 | K56: 0.14386311 | L56: 0.1191056 | N56: 0.19446029 | O56: 0.14217381 | P56: 0.13782642 | Q56: 0.13772405 | S56: 0.1944234 | T56: 0.20098845 | U56: 0.13945136 | V56: 0.12571033 | W56: 0.15449801 | X56: 0.15389945 | Y56: 0.18988682 | AA56: 0.15754649 | AB56: 0.15148628 | AD56: 0.13550138 | AE56: 0.16827795 | AF56: 0.16738479 | AH56: 0.1787613 | AI56: 0.1518567 | AK56: 0.16976683 | AL56: 0.14862988 | AN56: 0.16497704 | AO56: 0.13772405 | AQ56: 0.14756441 | AR56: 0.1590023 | AT56: 0.14769905 | AU56: 0.14145323 | AV56: 0.16548241 | AW56: 0.16754585 | AY56: 0.11456283 | AZ56: 0.16526649 | BB56: 1 | BC56: 0 | BE56: 0.12214304 | BF56: 0.15952723 | BH56: 0.1211952 | BI56: 0.15817129 | BK56: 0.12911856 | BL56: 0.15971403 | BN56: 0.20126595 | BO56: 0.15309605 | BQ56: 0.16716274 | BR56: 0.15425414 | BT56: 0.20730037 | BU56: 0.1517145 | BW56: 0.17033422 | BX56: 0.14798543 | BZ56: 0.16496011 | CA56: 0.15472636
B57: Manufacturing | C57: 0.14768362 | D57: 0.14359476 | E57: 0.12705078 | F57: 0.15220569 | G57: 0.15451298 | H57: 0.16393143 | I57: 0.10955554 | J57: 0.21216548 | K57: 0.16430222 | L57: 0.14428941 | N57: 0.055064827 | O57: 0.14766721 | P57: 0.20813476 | Q57: 0.19680161 | S57: 0.11968592 | T57: 0.16027315 | U57: 0.18501581 | V57: 0.1182536 | W57: 0.14821248 | X57: 0.20131754 | Y57: 0.16881651 | AA57: 0.17295551 | AB57: 0.10780925 | AD57: 0.18192634 | AE57: 0.19955252 | AF57: 0.15501204 | AH57: 0.18906852 | AI57: 0.14182005 | AK57: 0.10478526 | AL57: 0.16701332 | AN57: 0.12018485 | AO57: 0.19680161 | AQ57: 0.16706897 | AR57: 0.13801347 | AT57: 0.10131014 | AU57: 0.12179472 | AV57: 0.16809002 | AW57: 0.22271297 | AY57: 0.14693946 | AZ57: 0.14786806 | BB57: 0.12286881 | BC57: 0.15224225 | BE57: 0.097436953 | BF57: 0.15426862 | BH57: 0.1218131 | BI57: 0.1499478 | BK57: 1 | BL57: 0 | BN57: 0.26249033 | BO57: 0.14245161 | BQ57: 0.13751016 | BR57: 0.14848396 | BT57: 0.17115112 | BU57: 0.14611577 | BW57: 0.14705626 | BX57: 0.14798242 | BZ57: 0.17159331 | CA57: 0.14653467
B58: Financial services | C58: 0.11586846 | D58: 0.11500217 | E58: 0.11955824 | F58: 0.1101641 | G58: 0.16850294 | H58: 0.089293258 | I58: 0.093824771 | J58: 0.12722163 | K58: 0.15587797 | L58: 0.055164829 | N58: 0.065384491 | O58: 0.093140379 | P58: 0.11571371 | Q58: 0.16923519 | S58: 0.07859776 | T58: 0.11722442 | U58: 0.13194505 | V58: 0.090081577 | W58: 0.1443776 | X58: 0.14700893 | Y58: 0.14496234 | AA58: 0.14888046 | AB58: 0.063781635 | AD58: 0.13884497 | AE58: 0.19906853 | AF58: 0.12717763 | AH58: 0.20000805 | AI58: 0.10394725 | AK58: 0.10144329 | AL58: 0.12236834 | AN58: 0.085991029 | AO58: 0.16923519 | AQ58: 0.14334284 | AR58: 0.1021632 | AT58: 0.058872083 | AU58: 0.08970676 | AV58: 0.14459737 | AW58: 0.18193916 | AY58: 0.12203494 | AZ58: 0.11434009 | BB58: 0.091191552 | BC58: 0.12040176 | BE58: 1 | BF58: 0 | BH58: 0.10922561 | BI58: 0.11644984 | BK58: 0.076446325 | BL58: 0.12269926 | BN58: 0.19855822 | BO58: 0.1121001 | BQ58: 0.18508378 | BR58: 0.11042334 | BT58: 0.20097274 | BU58: 0.11018271 | BW58: 0.1150471 | BX58: 0.11625966 | BZ58: 0.15025846 | CA58: 0.11421589
B59: Health | C59: 0.080476552 | D59: 0.091910297 | E59: 0.093599091 | F59: 0.055033852 | G59: 0.10687533 | H59: 0.032540155 | I59: 0.089076121 | J59: 0.077934931 | K59: 0.11438805 | L59: 0.099174887 | N59: 0.069741985 | O59: 0.083208992 | P59: 0.071574049 | Q59: 0.091657607 | S59: 0.053887917 | T59: 0.072438396 | U59: 0.062125467 | V59: 0.071784208 | W59: 0.09859269 | X59: 0.085717268 | Y59: 0.083276251 | AA59: 0.080476735 | AB59: 0.080476263 | AD59: 0.074167045 | AE59: 0.089843321 | AF59: 0.080910769 | AH59: 0.087983213 | AI59: 0.07941298 | AK59: 0.10683379 | AL59: 0.068600164 | AN59: 0.074216824 | AO59: 0.091657607 | AQ59: 0.070596538 | AR59: 0.085405079 | AT59: 0.092499699 | AU59: 0.083394959 | AV59: 0.072306543 | AW59: 0.080207263 | AY59: 0.064074496 | AZ59: 0.084541835 | BB59: 0.062845678 | BC59: 0.083715448 | BE59: 0.075862752 | BF59: 0.081081206 | BH59: 1 | BI59: 0 | BK59: 0.066379049 | BL59: 0.082919272 | BN59: 0.13234175 | BO59: 0.078112936 | BQ59: 0.10306312 | BR59: 0.078699682 | BT59: 0.10613941 | BU59: 0.078762037 | BW59: 0.082224038 | BX59: 0.079644268 | BZ59: 0.10160689 | CA59: 0.07946116
B60: Telecommunications | C60: 0.072931849 | D60: 0.066919339 | E60: 0.048175292 | F60: 0.054006823 | G60: 0.12092602 | H60: 0.044452885 | I60: 0.048337015 | J60: 0.1060878 | K60: 0.13341792 | L60: 0.147579 | N60: 0.024156018 | O60: 0.046857889 | P60: 0.08975017 | Q60: 0.11927944 | S60: 0.046302516 | T60: 0.081427536 | U60: 0.096766184 | V60: 0.040733031 | W60: 0.089964638 | X60: 0.11710251 | Y60: 0.087053211 | AA60: 0.10484204 | AB60: 0.02258348 | AD60: 0.099585893 | AE60: 0.15497357 | AF60: 0.08604065 | AH60: 0.16267328 | AI60: 0.060216946 | AK60: 0.054442747 | AL60: 0.081262909 | AN60: 0.046984092 | AO60: 0.11927944 | AQ60: 0.11156503 | AR60: 0.053660149 | AT60: 0.018268935 | AU60: 0.051588086 | AV60: 0.091993197 | AW60: 0.15119347 | AY60: 0.19112694 | AZ60: 0.043636956 | BB60: 0.078555636 | BC60: 0.071898726 | BE60: 0.1164985 | BF60: 0.06722229 | BH60: 0.093400916 | BI60: 0.071140399 | BK60: 0.067907803 | BL60: 0.073802382 | BN60: 0.17817647 | BO60: 0.06813561 | BQ60: 1 | BR60: 0 | BT60: 0.24108237 | BU60: 0.061697846 | BW60: 0.077073029 | BX60: 0.070959508 | BZ60: 0.13365789 | CA60: 0.070013734
B61: Media & Entertainment | C61: 0.062625264 | D61: 0.036993765 | E61: 0.042120542 | F61: 0.057274074 | G61: 0.092270928 | H61: 0.058379737 | I61: 0.035381957 | J61: 0.10050868 | K61: 0.14714805 | L61: 0.10218453 | N61: 0.068138794 | O61: 0.064595711 | P61: 0.066836244 | Q61: 0.055238341 | S61: 0.084254944 | T61: 0.064684683 | U61: 0.058029808 | V61: 0.057839489 | W61: 0.048026261 | X61: 0.074684012 | Y61: 0.077190263 | AA61: 0.072323538 | AB61: 0.047323183 | AD61: 0.062910938 | AE61: 0.099934174 | AF61: 0.06502493 | AH61: 0.12826502 | AI61: 0.053325177 | AK61: 0.057879658 | AL61: 0.064763601 | AN61: 0.066760843 | AO61: 0.055238341 | AQ61: 0.080324545 | AR61: 0.053796189 | AT61: 0.041060925 | AU61: 0.057194503 | AV61: 0.071689143 | AW61: 0.081684987 | AY61: 0.10255198 | AZ61: 0.052729347 | BB61: 0.083650836 | BC61: 0.058762742 | BE61: 0.10862292 | BF61: 0.056597113 | BH61: 0.082595595 | BI61: 0.060877464 | BK61: 0.072576664 | BL61: 0.060900953 | BN61: 0.13705885 | BO61: 0.059233155 | BQ61: 0.20701309 | BR61: 0.051266368 | BT61: 1 | BU61: 0 | BW61: 0.08042688 | BX61: 0.054146798 | BZ61: 0.14283699 | CA61: 0.058770789
B62: Automotive | C62: 0.043585982 | D62: 0.038310546 | E62: 0.052298866 | F62: 0.025499595 | G62: 0.047163137 | H62: 0.054698786 | I62: 0.034640916 | J62: 0.063055783 | K62: 0.039525648 | L62: 0.045571283 | N62: 0.019935163 | O62: 0.030388549 | P62: 0.046670965 | Q62: 0.068570007 | S62: 0.036955623 | T62: 0.069149458 | U62: 0.067498729 | V62: 0.027417603 | W62: 0.04112156 | X62: 0.051536832 | Y62: 0.051826618 | AA62: 0.053246811 | AB62: 0.028342981 | AD62: 0.053238733 | AE62: 0.069551049 | AF62: 0.048178526 | AH62: 0.076017422 | AI62: 0.038990974 | AK62: 0.034564522 | AL62: 0.047650989 | AN62: 0.029598644 | AO62: 0.068570007 | AQ62: 0.066715837 | AR62: 0.03204793 | AT62: 0.019878716 | AU62: 0.034786714 | AV62: 0.050855507 | AW62: 0.079853828 | AY62: 0.06055103 | AZ62: 0.039381161 | BB62: 0.056524637 | BC62: 0.041209074 | BE62: 0.074691203 | BF62: 0.039509536 | BH62: 0.071676098 | BI62: 0.041127539 | BK62: 0.077468977 | BL62: 0.037714966 | BN62: 1 | BO62: 0 | BQ62: 0.10648292 | BR62: 0.038637921 | BT62: 0.095390332 | BU62: 0.040124974 | BW62: 0.036961357 | BX62: 0.046741126 | BZ62: 0.053840022 | CA62: 0.043093237
B63: None of the above | C63: 0.35075848 | D63: 0.34709567 | E63: 0.38327113 | F63: 0.37029502 | G63: 0.31170669 | H63: 0.35424841 | I63: 0.40733016 | J63: 0.26293524 | K63: 0.30137491 | L63: 0.30733041 | N63: 0.50060768 | O63: 0.39318728 | P63: 0.29591888 | Q63: 0.22987656 | S63: 0.43385598 | T63: 0.29215376 | U63: 0.26169312 | V63: 0.44407008 | W63: 0.26773808 | X63: 0.25845792 | Y63: 0.27439757 | AA63: 0.2573539 | AB63: 0.49813363 | AD63: 0.24441 | AE63: 0.18876163 | AF63: 0.29915177 | AH63: 0.14905818 | AI63: 0.37933614 | AK63: 0.42099697 | AL63: 0.31910952 | AN63: 0.41843438 | AO63: 0.22987656 | AQ63: 0.24038031 | AR63: 0.40581932 | AT63: 0.5204223 | AU63: 0.42891693 | AV63: 0.26959663 | AW63: 0.14549759 | AY63: 0 | AZ63: 0.43769468 | BB63: 0 | BC63: 0.4151949 | BE63: 0 | BF63: 0.39672658 | BH63: 0 | BI63: 0.38145681 | BK63: 0 | BL63: 0.41153554 | BN63: 0 | BO63: 0.36674335 | BQ63: 0 | BR63: 0.37835243 | BT63: 0 | BU63: 0.37419238 | BW63: 0.31380725 | BX63: 0.36835744 | BZ63: 0.19605521 | CA63: 0.35819256
B65: And more specifically, which one of the following sectors would you say is the best description for your business ?
B66: BASE: All Respondents
B67: Agriculture, forestry & fishing | C67: 0.019752742 | D67: 0.01547046 | E67: 0.0087917744 | F67: 0.019616282 | G67: 0.017370929 | H67: 0.037950531 | I67: 0.019414578 | J67: 0.022409853 | K67: 0.01246736 | L67: 0.022008138 | N67: 0.029973638 | O67: 0.023091897 | P67: 0.019650192 | Q67: 0.0096808922 | S67: 0.024032559 | T67: 0.010062109 | U67: 0.027130994 | V67: 0.028498997 | W67: 0.012361735 | X67: 0.013722564 | Y67: 0.015405394 | AA67: 0.014989332 | AB67: 0.02726852 | AD67: 0.015796657 | AE67: 0.0076409785 | AF67: 0.017770546 | AH67: 0.012967144 | AI67: 0.020714151 | AK67: 0.025163475 | AL67: 0.017314703 | AN67: 0.02539148 | AO67: 0.0096808922 | AQ67: 0.012179406 | AR67: 0.02353061 | AT67: 0.040874267 | AU67: 0.018437116 | AV67: 0.012281175 | AW67: 0.013361195 | AY67: 0.0087026885 | AZ67: 0.02249152 | BB67: 0.021278835 | BC67: 0.019472389 | BE67: 0.0087910035 | BF67: 0.021189315 | BH67: 0.016024555 | BI67: 0.020079032 | BK67: 0.024008418 | BL67: 0.019015347 | BN67: 0.03315944 | BO67: 0.019141768 | BQ67: 0.011400029 | BR67: 0.020409844 | BT67: 0.012330573 | BU67: 0.020248611 | BW67: 0.019450575 | BX67: 0.019896656 | BZ67: 0.012366385 | CA67: 0.020107684
B68: Mining & quarrying | C68: 0.0061554025 | D68: 0.004602057 | E68: 0.010720536 | F68: 0.0041128102 | G68: 0.0088058369 | H68: 0.0077511778 | I68: 0.0036779851 | J68: 0.0046352845 | K68: 0.0028044945 | L68: 0.00277277 | N68: 0.0019295283 | O68: 0.0055362287 | P68: 0.0092443662 | Q68: 0.0085823041 | S68: 0.0052431204 | T68: 0.015815357 | U68: 0.009266528 | V68: 0.0039322928 | W68: 0.006529011 | X68: 0.0059484777 | Y68: 0.0052501093 | AA68: 0.0085416919 | AB68: 0.0023902796 | AD68: 0.0089019249 | AE68: 0.0069744192 | AF68: 0.0089626029 | AH68: 0.0038814401 | AI68: 0.0064775861 | AK68: 0.0021143471 | AL68: 0.0079762738 | AN68: 0.0047966986 | AO68: 0.0085823041 | AQ68: 0.0044013376 | AR68: 0.0070303969 | AT68: 0.0034486256 | AU68: 0.0069559587 | AV68: 0.0064361206 | AW68: 0.0075148923 | AY68: 0.0073024287 | AZ68: 0.0058711098 | BB68: 0.0078586746 | BC68: 0.0058425013 | BE68: 0.011806444 | BF68: 0.0054148142 | BH68: 0.015590556 | BI68: 0.0053296393 | BK68: 0.015500021 | BL68: 0.0045362303 | BN68: 0.018676839 | BO68: 0.0055847719 | BQ68: 0.010466473 | BR68: 0.0058162534 | BT68: 0.02153088 | BU68: 0.005128179 | BW68: 0.0073889017 | BX68: 0.0055679176 | BZ68: 0.0027835643 | CA68: 0.0063174321
B69: Manufacturing | C69: 0.10678493 | D69: 0.1180753 | E69: 0.11384228 | F69: 0.11064138 | G69: 0.090861955 | H69: 0.11409177 | I69: 0.076934686 | J69: 0.15173143 | K69: 0.078569026 | L69: 0.11382562 | N69: 0.030057819 | O69: 0.10418176 | P69: 0.15072032 | Q69: 0.1515416 | S69: 0.089868004 | T69: 0.1228209 | U69: 0.15542222 | V69: 0.082055397 | W69: 0.12015597 | X69: 0.1366794 | Y69: 0.10212249 | AA69: 0.12966405 | AB69: 0.070685909 | AD69: 0.13606727 | AE69: 0.13496103 | AF69: 0.12225708 | AH69: 0.12952391 | AI69: 0.10356319 | AK69: 0.0777873 | AL69: 0.11985106 | AN69: 0.08172785 | AO69: 0.1515416 | AQ69: 0.12055299 | AR69: 0.099916898 | AT69: 0.061213047 | AU69: 0.083603849 | AV69: 0.12397777 | AW69: 0.18073291 | AY69: 0.10095063 | AZ69: 0.10823097 | BB69: 0.057620467 | BC69: 0.11581673 | BE69: 0.026381457 | BF69: 0.11732208 | BH69: 0.046697421 | BI69: 0.11204378 | BK69: 0.56075147 | BL69: 0.028124677 | BN69: 0.23217989 | BO69: 0.10107039 | BQ69: 0.039398122 | BR69: 0.11208621 | BT69: 0.043465007 | BU69: 0.11101528 | BW69: 0.10884257 | BX69: 0.10580493 | BZ69: 0.11128088 | CA69: 0.10656888
B70: Electricity & gas supply | C70: 0.012981384 | D70: 0.011492543 | E70: 0.012472359 | F70: 0.013133472 | G70: 0.011374059 | H70: 0.010621839 | I70: 0.014995739 | J70: 0.0091576409 | K70: 0.02773395 | L70: 0.018532136 | N70: 0.0029523582 | O70: 0.0086972701 | P70: 0.013027338 | Q70: 0.023426221 | S70: 0.0036764385 | T70: 0.019865651 | U70: 0.0084195876 | V70: 0.012369947 | W70: 0.018817137 | X70: 0.016539464 | Y70: 0.017384713 | AA70: 0.016705164 | AB70: 0.0071059494 | AD70: 0.012773263 | AE70: 0.028164528 | AF70: 0.012139153 | AH70: 0.024734292 | AI70: 0.011316188 | AK70: 0.0076015372 | AL70: 0.015405506 | AN70: 0.0071338292 | AO70: 0.023426221 | AQ70: 0.015194344 | AR70: 0.011877476 | AT70: 0.0054043709 | AU70: 0.012532414 | AV70: 0.016037195 | AW70: 0.01670742 | AY70: 0.020499333 | AZ70: 0.011118046 | BB70: 0.0095545041 | BC70: 0.013610923 | BE70: 0.015680805 | BF70: 0.012627616 | BH70: 0.014983782 | BI70: 0.012806135 | BK70: 0.017124813 | BL70: 0.012263439 | BN70: 0.024624849 | BO70: 0.012450765 | BQ70: 0.021227244 | BR70: 0.012332688 | BT70: 0.019610572 | BU70: 0.012538494 | BW70: 0.011086523 | BX70: 0.01388386 | BZ70: 0.027664834 | CA70: 0.012275789
B71: Water supply, sewerage & waste management | C71: 0.0041769436 | D71: 0.0058735909 | E71: 0.0046790477 | F71: 0.0044597163 | G71: 0.0035283033 | H71: 0.00086536891 | I71: 0.0037530085 | J71: 0.0046552616 | K71: 0.010175915 | L71: 0.0041762521 | N71: 0.0019202075 | O71: 0.0024406943 | P71: 0.0075656072 | Q71: 0.0054641103 | S71: 0.0037303997 | T71: 0.0042864542 | U71: 0.0027612173 | V71: 0.0028819817 | W71: 0.0046873355 | X71: 0.0063471256 | Y71: 0.0044067913 | AA71: 0.0047640237 | AB71: 0.0032506399 | AD71: 0.0063727463 | AE71: 0.004754953 | AF71: 0.0038892263 | AH71: 0.012275172 | AI71: 0.0030295562 | AK71: 0.0031641648 | AL71: 0.0046332947 | AN71: 0.0034563218 | AO71: 0.0054641103 | AQ71: 0.0052015337 | AR71: 0.0036658391 | AT71: 0.0030032818 | AU71: 0.0051775495 | AV71: 0.005124237 | AW71: 0.00081814717 | AY71: 0.0055109767 | AZ71: 0.0038463009 | BB71: 0.0036951444 | BC71: 0.004265453 | BE71: 0.0011991146 | BF71: 0.0045671983 | BH71: 0.0043535224 | BI71: 0.0041614895 | BK71: 0.0043010028 | BL71: 0.0041554475 | BN71: 0.0081586019 | BO71: 0.0039954903 | BQ71: 0.0099055237 | BR71: 0.00372628 | BT71: 0.0039043852 | BU71: 0.0041951531 | BW71: 0.0051823724 | BX71: 0.003698083 | BZ71: 0.021606042 | CA71: 0.0033394098
B72: Construction | C72: 0.050927477 | D72: 0.049357175 | E72: 0.050373735 | F72: 0.052948074 | G72: 0.025905572 | H72: 0.08669971 | I72: 0.051055749 | J72: 0.032922703 | K72: 0.045155352 | L72: 0.051105551 | N72: 0.056186048 | O72: 0.063889794 | P72: 0.059098095 | Q72: 0.036148199 | S72: 0.054418068 | T72: 0.040123239 | U72: 0.064177642 | V72: 0.058984848 | W72: 0.047324709 | X72: 0.053018526 | Y72: 0.050410057 | AA72: 0.043578135 | AB72: 0.062523378 | AD72: 0.038091917 | AE72: 0.044486701 | AF72: 0.048987989 | AH72: 0.028053155 | AI72: 0.054168396 | AK72: 0.038033941 | AL72: 0.056737213 | AN72: 0.059201674 | AO72: 0.036148199 | AQ72: 0.044936153 | AR72: 0.053916177 | AT72: 0.063289793 | AU72: 0.052156778 | AV72: 0.046113679 | AW72: 0.042949576 | AY72: 0.028789795 | AZ72: 0.056414346 | BB72: 0.023369571 | BC72: 0.055990027 | BE72: 0.023446825 | BF72: 0.05452891 | BH72: 0.0063412061 | BI72: 0.05482966 | BK72: 0.072232 | BL72: 0.047235973 | BN72: 0.025871385 | BO72: 0.05206934 | BQ72: 0.033790807 | BR72: 0.052275607 | BT72: 0.013804243 | BU72: 0.05340765 | BW72: 0.050568695 | BX72: 0.051098355 | BZ72: 0.02704726 | CA72: 0.052075011
B73: Retail and wholesale | C73: 0.11996149 | D73: 0.1368243 | E73: 0.13269457 | F73: 0.11715514 | G73: 0.10156633 | H73: 0.12477674 | I73: 0.12436013 | J73: 0.093676407 | K73: 0.1234203 | L73: 0.1013782 | N73: 0.14236203 | O73: 0.11812284 | P73: 0.11463232 | Q73: 0.10500777 | S73: 0.14940461 | T73: 0.16483616 | U73: 0.11317428 | V73: 0.098923102 | W73: 0.1208104 | X73: 0.12100063 | Y73: 0.14620002 | AA73: 0.11547322 | AB73: 0.12704314 | AD73: 0.12029133 | AE73: 0.092406579 | AF73: 0.12591641 | AH73: 0.10732194 | AI73: 0.1217523 | AK73: 0.12499544 | AL73: 0.11769322 | AN73: 0.12833334 | AO73: 0.10500777 | AQ73: 0.11335752 | AR73: 0.12325579 | AT73: 0.11542619 | AU73: 0.11086921 | AV73: 0.1307561 | AW73: 0.11648206 | AY73: 0.056385025 | AZ73: 0.13571904 | BB73: 0.57310556 | BC73: 0.03671623 | BE73: 0.035209242 | BF73: 0.13106856 | BH73: 0.041363805 | BI73: 0.12684034 | BK73: 0.061883787 | BL73: 0.1300248 | BN73: 0.12213126 | BO73: 0.1198626 | BQ73: 0.062886471 | BR73: 0.12445154 | BT73: 0.060902966 | BU73: 0.12390714 | BW73: 0.12341565 | BX73: 0.11831635 | BZ73: 0.095879042 | CA73: 0.12111874
B74: Transportation & storage | C74: 0.044387474 | D74: 0.047385386 | E74: 0.058986682 | F74: 0.028001641 | G74: 0.043290261 | H74: 0.059652494 | I74: 0.042847491 | J74: 0.02805075 | K74: 0.028082839 | L74: 0.041066255 | N74: 0.018514463 | O74: 0.047168816 | P74: 0.062524192 | Q74: 0.05607475 | S74: 0.032565583 | T74: 0.059681505 | U74: 0.045257985 | V74: 0.034821095 | W74: 0.044347388 | X74: 0.052166469 | Y74: 0.055008628 | AA74: 0.048767284 | AB74: 0.037476946 | AD74: 0.047327454 | AE74: 0.057332126 | AF74: 0.046998235 | AH74: 0.048632549 | AI74: 0.043786016 | AK74: 0.03609554 | AL74: 0.048123762 | AN74: 0.037844338 | AO74: 0.05607475 | AQ74: 0.049303023 | AR74: 0.041935412 | AT74: 0.029160263 | AU74: 0.045895372 | AV74: 0.047592827 | AW74: 0.054752514 | AY74: 0.025667285 | AZ74: 0.049027311 | BB74: 0.03045563 | BC74: 0.046946837 | BE74: 0.020806106 | BF74: 0.047477893 | BH74: 0.021793067 | BI74: 0.046364933 | BK74: 0.026748917 | BL74: 0.047443764 | BN74: 0.14961933 | BO74: 0.039591817 | BQ74: 0.041479462 | BR74: 0.044616246 | BT74: 0.027503975 | BU74: 0.045515448 | BW74: 0.039874755 | BX74: 0.04653677 | BZ74: 0.042957834 | CA74: 0.044456174
B75: Accommodation & food service activities | C75: 0.022567945 | D75: 0.021135709 | E75: 0.022434371 | F75: 0.032801864 | G75: 0.0099774341 | H75: 0.018039185 | I75: 0.038594467 | J75: 0.013678086 | K75: 0.01629799 | L75: 0.016727246 | N75: 0.031767509 | O75: 0.029566752 | P75: 0.023074199 | Q75: 0.011108272 | S75: 0.067495134 | T75: 0.015379573 | U75: 0.0059460569 | V75: 0.013311554 | W75: 0.017005729 | X75: 0.014968147 | Y75: 0.020652889 | AA75: 0.01693925 | AB75: 0.031448983 | AD75: 0.015094591 | AE75: 0.015334289 | AF75: 0.019483274 | AH75: 0.012975837 | AI75: 0.02392699 | AK75: 0.029253426 | AL75: 0.019555513 | AN75: 0.028983657 | AO75: 0.011108272 | AQ75: 0.0097296671 | AR75: 0.028972166 | AT75: 0.0344045 | AU75: 0.027727491 | AV75: 0.016736166 | AW75: 0.0095759154 | AY75: 0.0052774111 | AZ75: 0.026853438 | BB75: 0.031586316 | BC75: 0.020911216 | BE75: 0.0095725926 | BF75: 0.02427103 | BH75: 0.004196195 | BI75: 0.024175837 | BK75: 0.010167251 | BL75: 0.024716653 | BN75: 0.011365822 | BO75: 0.023078451 | BQ75: 0.0087524078 | BR75: 0.023654804 | BT75: 0.025687513 | BU75: 0.022359529 | BW75: 0.023319757 | BX75: 0.022209875 | BZ75: 0.019532593 | CA75: 0.022713805
B76: Information & communication | C76: 0.10369324 | D76: 0.07105637 | E76: 0.096087453 | F76: 0.062986529 | G76: 0.18017464 | H76: 0.12797745 | I76: 0.056496622 | J76: 0.1306202 | K76: 0.17317751 | L76: 0.089141988 | N76: 0.060113975 | O76: 0.086411566 | P76: 0.12590098 | Q76: 0.13875407 | S76: 0.052692921 | T76: 0.098589617 | U76: 0.11729901 | V76: 0.088672654 | W76: 0.13216795 | X76: 0.14637996 | Y76: 0.12703928 | AA76: 0.13911501 | AB76: 0.047804224 | AD76: 0.13430515 | AE76: 0.19444122 | AF76: 0.11393301 | AH76: 0.20697207 | AI76: 0.089060301 | AK76: 0.07527042 | AL76: 0.11650036 | AN76: 0.084064382 | AO76: 0.13875407 | AQ76: 0.15123806 | AR76: 0.079976067 | AT76: 0.044942787 | AU76: 0.085682706 | AV76: 0.12649722 | AW76: 0.16957218 | AY76: 0.32744193 | AZ76: 0.048236671 | BB76: 0.047513474 | BC76: 0.11401379 | BE76: 0.065914443 | BF76: 0.10864428 | BH76: 0.06441594 | BI76: 0.10713078 | BK76: 0.038152389 | BL76: 0.11504971 | BN76: 0.081798671 | BO76: 0.10469102 | BQ76: 0.44272625 | BR76: 0.077021728 | BT76: 0.20450487 | BU76: 0.096958089 | BW76: 0.11809581 | BX76: 0.096833649 | BZ76: 0.17271918 | CA76: 0.10037628
B77: Financial & insurance activities | C77: 0.074410162 | D77: 0.094400793 | E77: 0.097107353 | F77: 0.076293093 | G77: 0.068262812 | H77: 0.062602195 | I77: 0.059361228 | J77: 0.090550758 | K77: 0.068697273 | L77: 0.012971909 | N77: 0.043883741 | O77: 0.043999083 | P77: 0.063444636 | Q77: 0.12033069 | S77: 0.042315943 | T77: 0.064866271 | U77: 0.083456715 | V77: 0.057773951 | W77: 0.10690532 | X77: 0.094536277 | Y77: 0.092501616 | AA77: 0.093715384 | AB77: 0.043950096 | AD77: 0.10074788 | AE77: 0.11838969 | AF77: 0.074210013 | AH77: 0.11541095 | AI77: 0.068601017 | AK77: 0.070153698 | AL77: 0.076328095 | AN77: 0.048701494 | AO77: 0.12033069 | AQ77: 0.10334072 | AR77: 0.059978499 | AT77: 0.040325852 | AU77: 0.055425221 | AV77: 0.096188739 | AW77: 0.10844427 | AY77: 0.039065755 | AZ77: 0.083170345 | BB77: 0.022625355 | BC77: 0.083923338 | BE77: 0.56174432 | BF77: 0.010543354 | BH77: 0.036870261 | BI77: 0.077695649 | BK77: 0.01790901 | BL77: 0.0842003 | BN77: 0.045149927 | BO77: 0.075743618 | BQ77: 0.05499218 | BR77: 0.075937762 | BT77: 0.044078547 | BU77: 0.076436593 | BW77: 0.057919974 | BX77: 0.082264027 | BZ77: 0.077055238 | CA77: 0.074283056
B78: Real estate activities | C78: 0.023353007 | D78: 0.021151148 | E78: 0.025081705 | F78: 0.019841247 | G78: 0.032384866 | H78: 0.018505575 | I78: 0.022492102 | J78: 0.033064067 | K78: 0.019334166 | L78: 0.012698331 | N78: 0.03889131 | O78: 0.024799263 | P78: 0.020493922 | Q78: 0.011160811 | S78: 0.016757207 | T78: 0.01861134 | U78: 0.019668822 | V78: 0.033104085 | W78: 0.02327153 | X78: 0.02255732 | Y78: 0.019737235 | AA78: 0.019616385 | AB78: 0.029248704 | AD78: 0.014211004 | AE78: 0.0079494672 | AF78: 0.029166378 | AH78: 0.0062386874 | AI78: 0.025777828 | AK78: 0.024413283 | AL78: 0.022875254 | AN78: 0.030178823 | AO78: 0.011160811 | AQ78: 0.015982102 | AR78: 0.027029895 | AT78: 0.027870822 | AU78: 0.030924466 | AV78: 0.018261609 | AW78: 0.013268202 | AY78: 0.0061230088 | AZ78: 0.027623497 | BB78: 0.0031914831 | BC78: 0.027056798 | BE78: 0.018138243 | BF78: 0.02403642 | BH78: 0.0030854398 | BI78: 0.025126821 | BK78: 0.0052069081 | BL78: 0.02649724 | BN78: 0.0064999987 | BO78: 0.024121037 | BQ78: 0.0044723529 | BR78: 0.024838336 | BT78: 0.0026662755 | BU78: 0.024735071 | BW78: 0.027685024 | BX78: 0.021289775 | BZ78: 0.010618323 | CA78: 0.023964956
... B86: Other (please specify) | C86: 0.057988153 | D86: 0.047734456 | E86: 0.03540425 | F86: 0.08222375 | G86: 0.047109216 | H86: 0.066913745 | I86: 0.055590445 | J86: 0.082368242 | K86: 0.085009658 | L86: 0.034881454 | N86: 0.077156876 | O86: 0.081251704 | P86: 0.047599845 | Q86: 0.034472086 | S86: 0.076463676 | T86: 0.053398278 | U86: 0.042315971 | V86: 0.048441699 | W86: 0.05250648 | X86: 0.048117827 | Y86: 0.059469641 | AA86: 0.042900656 | AB86: 0.08179343 | AD86: 0.040211774 | AE86: 0.035285871 | AF86: 0.043250052 | AH86: 0.030901735 | AI86: 0.061825858 | AK86: 0.06575897 | AL86: 0.054486677 | AN86: 0.071153653 | AO86: 0.034472086 | AQ86: 0.051376999 | AR86: 0.061286048 | AT86: 0.074744891 | AU86: 0.073946609 | AV86: 0.047945832 | AW86: 0.024102857 | AY86: 0.047403186 | AZ86: 0.060611658 | BB86: 0.030281047 | BC86: 0.063078112 | BE86: 0.019503213 | BF86: 0.063031735 | BH86: 0.01259909 | BI86: 0.061960596 | BK86: 0.030467337 | BL86: 0.062756773 | BN86: 0.051271934 | BO86: 0.058294226 | BQ86: 0.040558446 | BR86: 0.059359336 | BT86: 0.051656279 | BU86: 0.05841118 | BW86: 0.055801671 | BX86: 0.059029519 | BZ86: 0.043160421 | CA86: 0.058700681
B88: In 2021, how much did the revenue of your company grow?
B89: BASE: All Respondents
B90: Declined by over 50% | C90: 0.026023508 | D90: 0.027380528 | E90: 0.02596826 | F90: 0.04649025 | G90: 0.014564739 | H90: 0.023850193 | I90: 0.025124676 | J90: 0.02594051 | K90: 0.016570781 | L90: 0.010029538 | N90: 0.064750942 | O90: 0.017298595 | P90: 0.0096388907 | Q90: 0.0062650483 | S90: 0.1916417 | T90: 0 | U90: 0 | V90: 0 | W90: 0 | X90: 0 | Y90: 0 | AA90: 0.012776014 | AB90: 0.046925602 | AD90: 0.011767705 | AE90: 0.012362654 | AF90: 0.012741672 | AH90: 0.011676103 | AI90: 0.028056302 | AK90: 0.034929569 | AL90: 0.0220105 | AN90: 0.037085307 | AO90: 0.0062650483 | AQ90: 0.014925802 | AR90: 0.031559466 | AT90: 0.05382878 | AU90: 0.035706383 | AV90: 0.0091610697 | AW90: 0.010173089 | AY90: 0.010130433 | AZ90: 0.029962639 | BB90: 0.037347264 | BC90: 0.023943267 | BE90: 0.014257268 | BF90: 0.027565514 | BH90: 0.012295616 | BI90: 0.027224971 | BK90: 0.01175606 | BL90: 0.028495675 | BN90: 0.025746178 | BO90: 0.026036147 | BQ90: 0.0072592049 | BR90: 0.027499684 | BT90: 0.047369705 | BU90: 0.024597385 | BW90: 0.019698229 | BX90: 0.029036081 | BZ90: 0.018275383 | CA90: 0.026395835
B91: Declined by 25-50% | C91: 0.038984722 | D91: 0.041332054 | E91: 0.043511726 | F91: 0.059432301 | G91: 0.013907468 | H91: 0.055548896 | I91: 0.033279299 | J91: 0.023625047 | K91: 0.038028614 | L91: 0.02182313 | N91: 0.078817193 | O91: 0.052425937 | P91: 0.015565571 | Q91: 0.009558983 | S91: 0.28709037 | T91: 0 | U91: 0 | V91: 0 | W91: 0 | X91: 0 | Y91: 0 | AA91: 0.028876281 | AB91: 0.054933972 | AD91: 0.025928397 | AE91: 0.011952381 | AF91: 0.036506886 | AH91: 0.017170974 | AI91: 0.042075376 | AK91: 0.049633092 | AL91: 0.034186642 | AN91: 0.05545876 | AO91: 0.009558983 | AQ91: 0.030158307 | AR91: 0.043387674 | AT91: 0.062664672 | AU91: 0.046798974 | AV91: 0.028878709 | AW91: 0.014491096 | AY91: 0.028386584 | AZ91: 0.041611492 | BB91: 0.051098726 | BC91: 0.036759308 | BE91: 0.016247613 | BF91: 0.041964498 | BH91: 0.033500806 | BI91: 0.039464674 | BK91: 0.026543416 | BL91: 0.041140468 | BN91: 0.017301781 | BO91: 0.039972864 | BQ91: 0.031607242 | BR91: 0.039565104 | BT91: 0.060252775 | BU91: 0.037563821 | BW91: 0.044815424 | BX91: 0.036207705 | BZ91: 0.033279653 | CA91: 0.039258873
B92: Declined by 10-25% | C92: 0.070784281 | D92: 0.042507741 | E92: 0.063232551 | F92: 0.10238355 | G92: 0.063735753 | H92: 0.096765708 | I92: 0.073324407 | J92: 0.061477525 | K92: 0.038678769 | L92: 0.058026411 | N92: 0.10653086 | O92: 0.079719735 | P92: 0.07189603 | Q92: 0.036381713 | S92: 0.52126793 | T92: 0 | U92: 0 | V92: 0 | W92: 0 | X92: 0 | Y92: 0 | AA92: 0.06379836 | AB92: 0.081806771 | AD92: 0.071481745 | AE92: 0.041527309 | AF92: 0.06942141 | AH92: 0.052881957 | AI92: 0.073320749 | AK92: 0.080581354 | AL92: 0.066369788 | AN92: 0.090044602 | AO92: 0.036381713 | AQ92: 0.055268183 | AR92: 0.078524301 | AT92: 0.078107171 | AU92: 0.08777989 | AV92: 0.062061186 | AW92: 0.042963175 | AY92: 0.05359257 | AZ92: 0.075045281 | BB92: 0.081669943 | BC92: 0.06878452 | BE92: 0.06160808 | BF92: 0.071986853 | BH92: 0.045131624 | BI92: 0.073029397 | BK92: 0.07174964 | BL92: 0.07061701 | BN92: 0.072087611 | BO92: 0.070724885 | BQ92: 0.047344653 | BR92: 0.072628261 | BT92: 0.075070408 | BU92: 0.070497928 | BW92: 0.088400059 | BX92: 0.062394325 | BZ92: 0.077897782 | CA92: 0.07044245
B93: Declined by 6-10% | C93: 0.072312272 | D93: 0.046820778 | E93: 0.083482333 | F93: 0.079183764 | G93: 0.063215755 | H93: 0.079268267 | I93: 0.10791432 | J93: 0.044331108 | K93: 0.068740559 | L93: 0.03287303 | N93: 0.070321367 | O93: 0.083580484 | P93: 0.083496112 | Q93: 0.063032271 | S93: 0 | T93: 1 | U93: 0 | V93: 0 | W93: 0 | X93: 0 | Y93: 0 | AA93: 0.076608114 | AB93: 0.065534228 | AD93: 0.080754178 | AE93: 0.055686922 | AF93: 0.085353064 | AH93: 0.069364977 | AI93: 0.072729855 | AK93: 0.075023169 | AL93: 0.07109076 | AN93: 0.077507692 | AO93: 0.063032271 | AQ93: 0.06655187 | AR93: 0.075185779 | AT93: 0.066310144 | AU93: 0.072238836 | AV93: 0.081593106 | AW93: 0.055647601 | AY93: 0.067261466 | AZ93: 0.073564124 | BB93: 0.09364913 | BC93: 0.068392564 | BE93: 0.073158511 | BF93: 0.072201369 | BH93: 0.06508958 | BI93: 0.072944401 | BK93: 0.078476649 | BL93: 0.07124415 | BN93: 0.11472391 | BO93: 0.070379476 | BQ93: 0.080735786 | BR93: 0.071649599 | BT93: 0.074690245 | BU93: 0.072153401 | BW93: 0.086339239 | BX93: 0.065631577 | BZ93: 0.11632719 | CA93: 0.070197189
B94: Declined by 0-5% | C94: 0.077459877 | D94: 0.08652319 | E94: 0.091671703 | F94: 0.094173922 | G94: 0.064337742 | H94: 0.073451652 | I94: 0.067270411 | J94: 0.070099813 | K94: 0.041854399 | L94: 0.08069421 | N94: 0.049055788 | O94: 0.077671503 | P94: 0.098284703 | Q94: 0.091409135 | S94: 0 | T94: 0 | U94: 1 | V94: 0 | W94: 0 | X94: 0 | Y94: 0 | AA94: 0.089253669 | AB94: 0.058851456 | AD94: 0.10120837 | AE94: 0.081489486 | AF94: 0.087106717 | AH94: 0.082534175 | AI94: 0.076740932 | AK94: 0.069150769 | AL94: 0.081203903 | AN94: 0.069650368 | AO94: 0.091409135 | AQ94: 0.069270431 | AR94: 0.081545085 | AT94: 0.048911107 | AU94: 0.062577661 | AV94: 0.09515403 | AW94: 0.10280133 | AY94: 0.093444928 | AZ94: 0.07349795 | BB94: 0.069601759 | BC94: 0.07890346 | BE94: 0.088207327 | BF94: 0.076051387 | BH94: 0.059796685 | BI94: 0.079005757 | BK94: 0.097040568 | BL94: 0.074067068 | BN94: 0.11995699 | BO94: 0.075523186 | BQ94: 0.10277398 | BR94: 0.075468433 | BT94: 0.071775854 | BU94: 0.077839623 | BW94: 0.080493353 | BX94: 0.076015109 | BZ94: 0.083416723 | CA94: 0.077173629
B95: Stayed about the same size | C95: 0.22647931 | D95: 0.2161653 | E95: 0.20696914 | F95: 0.22939523 | G95: 0.26913923 | H95: 0.2411925 | I95: 0.2181825 | J95: 0.18172949 | K95: 0.16552002 | L95: 0.28530023 | N95: 0.32041826 | O95: 0.21506698 | P95: 0.199589 | Q95: 0.16773032 | S95: 0 | T95: 0 | U95: 0 | V95: 1 | W95: 0 | X95: 0 | Y95: 0 | AA95: 0.18852323 | AB95: 0.28636696 | AD95: 0.19550162 | AE95: 0.1653406 | AF95: 0.20163221 | AH95: 0.13303887 | AI95: 0.2397183 | AK95: 0.24207672 | AL95: 0.21945122 | AN95: 0.25937 | AO95: 0.16773032 | AQ95: 0.18134973 | AR95: 0.24899166 | AT95: 0.31431505 | AU95: 0.23818467 | AV95: 0.19644344 | AW95: 0.15452649 | AY95: 0.16633973 | AZ95: 0.24138502 | BB95: 0.18345103 | BC95: 0.23438386 | BE95: 0.17607563 | BF95: 0.23308488 | BH95: 0.20201708 | BI95: 0.22862024 | BK95: 0.18134708 | BL95: 0.23429951 | BN95: 0.14246598 | BO95: 0.23030799 | BQ95: 0.12649054 | BR95: 0.23434536 | BT95: 0.20917193 | BU95: 0.2276356 | BW95: 0.21916575 | BX95: 0.22996257 | BZ95: 0.15889368 | CA95: 0.22972705
B96: Grown by 0-5% | C96: 0.14606488 | D96: 0.17374563 | E96: 0.15519539 | F96: 0.13397816 | G96: 0.15311769 | H96: 0.11236939 | I96: 0.1428715 | J96: 0.16109344 | K96: 0.13941186 | L96: 0.14358758 | N96: 0.075969586 | O96: 0.12641326 | P96: 0.18511478 | Q96: 0.19665399 | S96: 0 | T96: 0 | U96: 0 | V96: 0 | W96: 1 | X96: 0 | Y96: 0 | AA96: 0.1801508 | AB96: 0.092283609 | AD96: 0.19630252 | AE96: 0.18868184 | AF96: 0.16445315 | AH96: 0.18727353 | AI96: 0.14022629 | AK96: 0.13009169 | AL96: 0.15326229 | AN96: 0.11774251 | AO96: 0.19665399 | AQ96: 0.17014526 | AR96: 0.13405267 | AT96: 0.08083508 | AU96: 0.1217589 | AV96: 0.17930376 | AW96: 0.20622871 | AY96: 0.17227027 | AZ96: 0.13956983 | BB96: 0.14540835 | BC96: 0.14618549 | BE96: 0.18200378 | BF96: 0.14135497 | BH96: 0.17894566 | BI96: 0.14318716 | BK96: 0.14658794 | BL96: 0.14597425 | BN96: 0.13780614 | BO96: 0.14644125 | BQ96: 0.18017745 | BR96: 0.14338127 | BT96: 0.1120147 | BU96: 0.14833975 | BW96: 0.15330174 | BX96: 0.14261815 | BZ96: 0.15545964 | CA96: 0.14561343
B97: Grown by 6-10% | C97: 0.15451737 | D97: 0.17465022 | E97: 0.16068313 | F97: 0.10869293 | G97: 0.1796295 | H97: 0.14378182 | I97: 0.14448004 | J97: 0.16085405 | K97: 0.20503842 | L97: 0.14873073 | N97: 0.085286015 | O97: 0.1414156 | P97: 0.17667576 | Q97: 0.20828173 | S97: 0 | T97: 0 | U97: 0 | V97: 0 | W97: 0 | X97: 1 | Y97: 0 | AA97: 0.19243727 | AB97: 0.094686802 | AD97: 0.17148778 | AE97: 0.24871292 | AF97: 0.17787016 | AH97: 0.25700888 | AI97: 0.13999599 | AK97: 0.11345685 | AL97: 0.17301896 | AN97: 0.12441733 | AO97: 0.20828173 | AQ97: 0.2059395 | AR97: 0.12886606 | AT97: 0.074989 | AU97: 0.1289242 | AV97: 0.18248945 | AW97: 0.25318483 | AY97: 0.20661666 | AZ97: 0.14160446 | BB97: 0.15322691 | BC97: 0.15475444 | BE97: 0.19604502 | BF97: 0.14907503 | BH97: 0.1645797 | BI97: 0.15363672 | BK97: 0.2106331 | BL97: 0.14479402 | BN97: 0.18270406 | BO97: 0.15323284 | BQ97: 0.24809974 | BR97: 0.14715531 | BT97: 0.18427032 | BU97: 0.1525296 | BW97: 0.15898896 | BX97: 0.15238767 | BZ97: 0.22007666 | CA97: 0.151367
B98: Grown by 11-20% | C98: 0.072380051 | D98: 0.081880989 | E98: 0.079830557 | F98: 0.055008823 | G98: 0.059327039 | H98: 0.072717436 | I98: 0.076168733 | J98: 0.080039024 | K98: 0.096609485 | L98: 0.06849371 | N98: 0.042731641 | O98: 0.081351578 | P98: 0.061667023 | Q98: 0.096440285 | S98: 0 | T98: 0 | U98: 0 | V98: 0 | W98: 0 | X98: 0 | Y98: 0.67319174 | AA98: 0.086427294 | AB98: 0.0502161 | AD98: 0.072309676 | AE98: 0.12578141 | AF98: 0.078459451 | AH98: 0.12422774 | AI98: 0.065034075 | AK98: 0.06499995 | AL98: 0.075705472 | AN98: 0.058909898 | AO98: 0.096440285 | AQ98: 0.10694816 | AR98: 0.055136162 | AT98: 0.037898244 | AU98: 0.064662112 | AV98: 0.086079231 | AW98: 0.10389984 | AY98: 0.10575402 | AZ98: 0.064108244 | BB98: 0.089781856 | BC98: 0.069183236 | BE98: 0.08754737 | BF98: 0.070392322 | BH98: 0.078413867 | BI98: 0.071851972 | BK98: 0.087692687 | BL98: 0.069726781 | BN98: 0.087514742 | BO98: 0.071690328 | BQ98: 0.081937411 | BR98: 0.071628179 | BT98: 0.082724131 | BU98: 0.071688971 | BW98: 0.070277644 | BX98: 0.073381375 | BZ98: 0.094279078 | CA98: 0.07132772
B99: Grown by 21-50% | C99: 0.026073129 | D99: 0.021272253 | E99: 0.030306097 | F99: 0.030033841 | G99: 0.016566162 | H99: 0.029245068 | I99: 0.018050802 | J99: 0.031695104 | K99: 0.048535094 | L99: 0.033455221 | N99: 0.029628573 | O99: 0.025713977 | P99: 0.013152673 | Q99: 0.029009561 | S99: 0 | T99: 0 | U99: 0 | V99: 0 | W99: 0 | X99: 0 | Y99: 0.24250073 | AA99: 0.028075955 | AB99: 0.022913042 | AD99: 0.027963722 | AE99: 0.028841795 | AF99: 0.028525104 | AH99: 0.040040308 | AI99: 0.024094207 | AK99: 0.02609992 | AL99: 0.026061058 | AN99: 0.024429165 | AO99: 0.029009561 | AQ99: 0.035977929 | AR99: 0.021132238 | AT99: 0.027649051 | AU99: 0.026482243 | AV99: 0.023827108 | AW99: 0.029582116 | AY99: 0.033788863 | AZ99: 0.024160769 | BB99: 0.031112099 | BC99: 0.025147441 | BE99: 0.033348122 | BF99: 0.025119717 | BH99: 0.02617856 | BI99: 0.026063902 | BK99: 0.0242991 | BL99: 0.026380521 | BN99: 0.034812398 | BO99: 0.025674861 | BQ99: 0.035669459 | BR99: 0.025318192 | BT99: 0.032105434 | BU99: 0.025670116 | BW99: 0.02317886 | BX99: 0.027451598 | BZ99: 0.025828578 | CA99: 0.026084881
B100: Grown by over 50% | C100: 0.0090645548 | D100: 0.0043119053 | E100: 0.0066454064 | F100: 0.01015063 | G100: 0.011482663 | H100: 0.0081647626 | I100: 0.0075914585 | J100: 0.019773754 | K100: 0.012378777 | L100: 0.00831368 | N100: 0.015427421 | O100: 0.0053481144 | P100: 0.0053178035 | Q100: 0.0074982908 | S100: 0 | T100: 0 | U100: 0 | V100: 0 | W100: 0 | X100: 0 | Y100: 0.084307532 | AA100: 0.0094790224 | AB100: 0.0084106018 | AD100: 0.0052276567 | AE100: 0.01516025 | AF100: 0.009181361 | AH100: 0.0069368771 | AI100: 0.0093660122 | AK100: 0.0096466552 | AL100: 0.0088022645 | AN100: 0.0099414298 | AO100: 0.0074982908 | AQ100: 0.013000409 | AR100: 0.0071012008 | AT100: 0.0086606692 | AU100: 0.010076473 | AV100: 0.0080346728 | AW100: 0.010307672 | AY100: 0.014679269 | AZ100: 0.0076729367 | BB100: 0.010657471 | BC100: 0.0087719268 | BE100: 0.013619304 | BF100: 0.0084676394 | BH100: 0.0066657423 | BI100: 0.0092744986 | BK100: 0.010911275 | BL100: 0.0087445677 | BN100: 0.005518565 | BO100: 0.0092261537 | BQ100: 0.010728887 | BR100: 0.008933623 | BT100: 0.017693983 | BU100: 0.0084880296 | BW100: 0.0099668589 | BX100: 0.0086348099 | BZ100: 0.0070491163 | CA100: 0.0091614043
B101: Don’t know | C101: 0.079856042 | D101: 0.083409423 | E101: 0.052503703 | F101: 0.051076608 | G101: 0.090976261 | H101: 0.063644312 | I101: 0.085741839 | J101: 0.13934114 | K101: 0.12863322 | L101: 0.10867253 | N101: 0.061062345 | O101: 0.093994246 | P101: 0.079601656 | Q101: 0.087738673 | S101: 0 | T101: 0 | U101: 0 | V101: 0 | W101: 0 | X101: 0 | Y101: 0 | AA101: 0.043593986 | AB101: 0.13707085 | AD101: 0.040066642 | AE101: 0.024462427 | AF101: 0.048748817 | AH101: 0.017845613 | AI101: 0.088641912 | AK101: 0.10431027 | AL101: 0.068837138 | AN101: 0.075442941 | AO101: 0.087738673 | AQ101: 0.050464419 | AR101: 0.094517702 | AT101: 0.14583103 | AU101: 0.10480966 | AV101: 0.04697423 | AW101: 0.016194045 | AY101: 0.04773521 | AZ101: 0.087817254 | BB101: 0.052995467 | BC101: 0.084790489 | BE101: 0.057881977 | BF101: 0.082735818 | BH101: 0.12738508 | BI101: 0.075696307 | BK101: 0.052962479 | BL101: 0.084515976 | BN101: 0.059361635 | BO101: 0.080790019 | BQ101: 0.047175654 | BR101: 0.082426987 | BT101: 0.032860517 | BU101: 0.082995775 | BW101: 0.045373884 | BX101: 0.096279034 | BZ101: 0.0092165303 | CA101: 0.083250536
B103: And over the last three years, how much did the revenue of your company grow on average?
B104: BASE: All Respondents
B105: Declined by over 50% | C105: 0.018133219 | D105: 0.020140394 | E105: 0.021442906 | F105: 0.040188515 | G105: 0.0061856049 | H105: 0.013356864 | I105: 0.013330795 | J105: 0.018099595 | K105: 0.0092599752 | L105: 0.0064805114 | N105: 0.047037255 | O105: 0.011152824 | P105: 0.0019477925 | Q105: 0.0053651359 | S105: 0.11512555 | T105: 0.0075017546 | U105: 0.0019601418 | V105: 0.0044481832 | W105: 0.0009986384 | X105: 0.0020305318 | Y105: 0.0031500841 | AA105: 0.008512358 | AB105: 0.033313157 | AD105: 0.0064404957 | AE105: 0.01185332 | AF105: 0.0076249531 | AH105: 0.0077261151 | AI105: 0.019607737 | AK105: 0.022460039 | AL105: 0.016183584 | AN105: 0.025281447 | AO105: 0.0053651359 | AQ105: 0.010881451 | AR105: 0.021750677 | AT105: 0.037916246 | AU105: 0.023171424 | AV105: 0.0068041994 | AW105: 0.0094159949 | AY105: 0.0085960012 | AZ105: 0.020497038 | BB105: 0.022068498 | BC105: 0.017410285 | BE105: 0.010356211 | BF105: 0.019152423 | BH105: 0.0094314518 | BI105: 0.018894796 | BK105: 0.014183291 | BL105: 0.018817636 | BN105: 0.021014987 | BO105: 0.01800189 | BQ105: 0.01261749 | BR105: 0.018567138 | BT105: 0.029737479 | BU105: 0.017357948 | BW105: 0.011691839 | BX105: 0.021201088 | BZ105: 0.010490423 | CA105: 0.018500484
B106: Declined by 25-50% | C106: 0.033188454 | D106: 0.029754291 | E106: 0.036602867 | F106: 0.059310922 | G106: 0.015789811 | H106: 0.040199102 | I106: 0.034870442 | J106: 0.019473742 | K106: 0.016103958 | L106: 0.01302132 | N106: 0.068779002 | O106: 0.038736329 | P106: 0.015832693 | Q106: 0.0087886437 | S106: 0.20651477 | T106: 0.011978282 | U106: 0.0053224231 | V106: 0.0074173005 | W106: 0.0046882888 | X106: 0.0025065022 | Y106: 0.0088948807 | AA106: 0.023828814 | AB106: 0.047956233 | AD106: 0.025393175 | AE106: 0.014199877 | AF106: 0.027562082 | AH106: 0.022222059 | AI106: 0.034742214 | AK106: 0.04446967 | AL106: 0.028105217 | AN106: 0.046848719 | AO106: 0.0087886437 | AQ106: 0.0278837 | AR106: 0.035834667 | AT106: 0.049910703 | AU106: 0.043555676 | AV106: 0.023279266 | AW106: 0.012199021 | AY106: 0.019321569 | AZ106: 0.036625389 | BB106: 0.040989312 | BC106: 0.03175539 | BE106: 0.017189929 | BF106: 0.035285115 | BH106: 0.027677483 | BI106: 0.033670773 | BK106: 0.019137234 | BL106: 0.035623154 | BN106: 0.019448368 | BO106: 0.033814621 | BQ106: 0.023146418 | BR106: 0.033978454 | BT106: 0.043100086 | BU106: 0.032526265 | BW106: 0.037586997 | BX106: 0.031093537 | BZ106: 0.036638852 | CA106: 0.033022649
B107: Declined by 10-25% | C107: 0.051273756 | D107: 0.04666033 | E107: 0.036860689 | F107: 0.077147479 | G107: 0.052250717 | H107: 0.061690699 | I107: 0.058271166 | J107: 0.02493811 | K107: 0.026702723 | L107: 0.032427051 | N107: 0.084898528 | O107: 0.053896115 | P107: 0.046273387 | Q107: 0.024642585 | S107: 0.22790465 | T107: 0.11662878 | U107: 0.024133647 | V107: 0.01702872 | W107: 0.0085873512 | X107: 0.018316702 | Y107: 0.017677107 | AA107: 0.044160025 | AB107: 0.062497907 | AD107: 0.052153743 | AE107: 0.019269398 | AF107: 0.050371336 | AH107: 0.033903288 | AI107: 0.053734869 | AK107: 0.061849759 | AL107: 0.046508283 | AN107: 0.066183251 | AO107: 0.024642585 | AQ107: 0.033912919 | AR107: 0.059934002 | AT107: 0.061345612 | AU107: 0.059797735 | AV107: 0.046060089 | AW107: 0.029530608 | AY107: 0.033836347 | AZ107: 0.055595653 | BB107: 0.068849 | BC107: 0.048045079 | BE107: 0.039220642 | BF107: 0.052853358 | BH107: 0.032639734 | BI107: 0.052904603 | BK107: 0.044366843 | BL107: 0.052470539 | BN107: 0.048036235 | BO107: 0.051421297 | BQ107: 0.028904164 | BR107: 0.053033557 | BT107: 0.047403914 | BU107: 0.051532297 | BW107: 0.061759473 | BX107: 0.04627967 | BZ107: 0.061854298 | CA107: 0.050765321
B108: Declined by 6-10% | C108: 0.058076454 | D108: 0.054855231 | E108: 0.048369392 | F108: 0.082763859 | G108: 0.052597757 | H108: 0.070265895 | I108: 0.055822725 | J108: 0.049331712 | K108: 0.047829582 | L108: 0.027059689 | N108: 0.063414409 | O108: 0.062612583 | P108: 0.065321002 | Q108: 0.04813735 | S108: 0.12628711 | T108: 0.28117315 | U108: 0.10643977 | V108: 0.017348285 | W108: 0.021585738 | X108: 0.022117727 | Y108: 0.013756324 | AA108: 0.05854429 | AB108: 0.057338295 | AD108: 0.065436443 | AE108: 0.037925852 | AF108: 0.065155964 | AH108: 0.047627453 | AI108: 0.059556907 | AK108: 0.068368786 | AL108: 0.053438801 | AN108: 0.063640874 | AO108: 0.04813735 | AQ108: 0.052085913 | AR108: 0.061064763 | AT108: 0.056645125 | AU108: 0.062690206 | AV108: 0.060889713 | AW108: 0.041697056 | AY108: 0.062589055 | AZ108: 0.056957997 | BB108: 0.065102976 | BC108: 0.05678564 | BE108: 0.04452193 | BF108: 0.05985282 | BH108: 0.043352302 | BI108: 0.059365109 | BK108: 0.059765633 | BL108: 0.057783764 | BN108: 0.068846535 | BO108: 0.057585636 | BQ108: 0.059581369 | BR108: 0.057958063 | BT108: 0.082354667 | BU108: 0.056454445 | BW108: 0.065929777 | BX108: 0.054336112 | BZ108: 0.060212653 | CA108: 0.057973801
B109: Declined by 0-5% | C109: 0.064552998 | D109: 0.064163038 | E109: 0.068108727 | F109: 0.076714474 | G109: 0.075728447 | H109: 0.065921562 | I109: 0.06074156 | J109: 0.033374746 | K109: 0.030845025 | L109: 0.067464524 | N109: 0.06369402 | O109: 0.054500224 | P109: 0.072094689 | Q109: 0.067328434 | S109: 0.055003254 | T109: 0.20087359 | U109: 0.31537348 | V109: 0.038300273 | W109: 0.037631175 | X109: 0.020921033 | Y109: 0.002189318 | AA109: 0.071931458 | AB109: 0.052911155 | AD109: 0.068755227 | AE109: 0.074258508 | AF109: 0.071385299 | AH109: 0.061455846 | AI109: 0.064991815 | AK109: 0.068713009 | AL109: 0.062678527 | AN109: 0.062999167 | AO109: 0.067328434 | AQ109: 0.056022712 | AR109: 0.06880823 | AT109: 0.059585547 | AU109: 0.064755147 | AV109: 0.069416475 | AW109: 0.054104153 | AY109: 0.053271178 | AZ109: 0.06734922 | BB109: 0.067937472 | BC109: 0.06393125 | BE109: 0.076089717 | BF109: 0.063041072 | BH109: 0.056596808 | BI109: 0.065249323 | BK109: 0.07249388 | BL109: 0.063177056 | BN109: 0.092898107 | BO109: 0.063261247 | BQ109: 0.070204843 | BR109: 0.064108371 | BT109: 0.059383902 | BU109: 0.064898342 | BW109: 0.071985445 | BX109: 0.061013109 | BZ109: 0.082480748 | CA109: 0.063691502
B110: Stayed about the same size | C110: 0.19750288 | D110: 0.17955021 | E110: 0.20418925 | F110: 0.20892528 | G110: 0.26714703 | H110: 0.19283434 | I110: 0.19402033 | J110: 0.12138117 | K110: 0.13204072 | L110: 0.17833777 | N110: 0.28340242 | O110: 0.19011859 | P110: 0.16989744 | Q110: 0.1434695 | S110: 0.10461866 | T110: 0.11824709 | U110: 0.20284776 | V110: 0.59472842 | W110: 0.10405006 | X110: 0.033825743 | Y110: 0.023240791 | AA110: 0.15781057 | AB110: 0.26012999 | AD110: 0.1513342 | AE110: 0.13642527 | AF110: 0.17728377 | AH110: 0.1217174 | AI110: 0.20824045 | AK110: 0.21557971 | AL110: 0.18935758 | AN110: 0.22775353 | AO110: 0.1434695 | AQ110: 0.1428393 | AR110: 0.22477115 | AT110: 0.29750944 | AU110: 0.19988083 | AV110: 0.16399989 | AW110: 0.14147691 | AY110: 0.14811129 | AZ110: 0.20974468 | BB110: 0.16465984 | BC110: 0.20353634 | BE110: 0.16195431 | BF110: 0.20216164 | BH110: 0.20438233 | BI110: 0.19690079 | BK110: 0.15267532 | BL110: 0.20527029 | BN110: 0.152904 | BO110: 0.19953535 | BQ110: 0.10783944 | BR110: 0.20455664 | BT110: 0.17750397 | BU110: 0.19883899 | BW110: 0.17722365 | BX110: 0.20716137 | BZ110: 0.14877205 | CA110: 0.19984458
B111: Grown by 0-5% | C111: 0.15462362 | D111: 0.19544341 | E111: 0.17648165 | F111: 0.13033938 | G111: 0.17041908 | H111: 0.1151059 | I111: 0.13548951 | J111: 0.15459603 | K111: 0.16109161 | L111: 0.16435617 | N111: 0.094790039 | O111: 0.14161578 | P111: 0.19158978 | Q111: 0.19420796 | S111: 0.038255488 | T111: 0.090155895 | U111: 0.17098506 | V111: 0.14932648 | W111: 0.41499879 | X111: 0.19061025 | Y111: 0.045604488 | AA111: 0.18071202 | AB111: 0.11346096 | AD111: 0.18911301 | AE111: 0.1881519 | AF111: 0.17637347 | AH111: 0.1728536 | AI111: 0.15204073 | AK111: 0.13233842 | AL111: 0.16466518 | AN111: 0.13246228 | AO111: 0.19420796 | AQ111: 0.16663317 | AR111: 0.1486328 | AT111: 0.091800179 | AU111: 0.14350281 | AV111: 0.18615794 | AW111: 0.18224594 | AY111: 0.15661778 | AZ111: 0.15412937 | BB111: 0.16072497 | BC111: 0.15350277 | BE111: 0.16989925 | BF111: 0.1526217 | BH111: 0.14700555 | BI111: 0.15529036 | BK111: 0.18017222 | BL111: 0.15019674 | BN111: 0.15211275 | BO111: 0.15473805 | BQ111: 0.19313556 | BR111: 0.15159392 | BT111: 0.14223834 | BU111: 0.15545107 | BW111: 0.16066619 | BX111: 0.1517457 | BZ111: 0.13364145 | CA111: 0.1556319
B112: Grown by 6-10% | C112: 0.17922724 | D112: 0.19127698 | E112: 0.20136004 | F112: 0.13854967 | G112: 0.17019414 | H112: 0.18287686 | I112: 0.1867907 | J112: 0.18709139 | K112: 0.20454641 | L112: 0.15691235 | N112: 0.10493208 | O112: 0.17888953 | P112: 0.19789635 | Q112: 0.23182695 | S112: 0.049492295 | T112: 0.09102302 | U112: 0.12998824 | V112: 0.10799465 | W112: 0.31036074 | X112: 0.38917886 | Y112: 0.22719951 | AA112: 0.21325873 | AB112: 0.12553184 | AD112: 0.23765738 | AE112: 0.2447627 | AF112: 0.17750875 | AH112: 0.2741885 | AI112: 0.16577277 | AK112: 0.14154741 | AL112: 0.1962055 | AN112: 0.14977922 | AO112: 0.23182695 | AQ112: 0.22756189 | AR112: 0.15511607 | AT112: 0.10796215 | AU112: 0.14432066 | AV112: 0.21798088 | AW112: 0.25947173 | AY112: 0.22485725 | AZ112: 0.16791775 | BB112: 0.18262114 | BC112: 0.17860376 | BE112: 0.22398274 | BF112: 0.17336187 | BH112: 0.20197459 | BI112: 0.17723639 | BK112: 0.22436829 | BL112: 0.1714055 | BN112: 0.20821941 | BO112: 0.177906 | BQ112: 0.21348434 | BR112: 0.17653225 | BT112: 0.18418813 | BU112: 0.1788958 | BW112: 0.17910575 | BX112: 0.1792851 | BZ112: 0.22876597 | CA112: 0.17684671
B113: Grown by 11-20% | C113: 0.10607014 | D113: 0.093621421 | E113: 0.11273747 | F113: 0.085465004 | G113: 0.069360913 | H113: 0.10953018 | I113: 0.12585071 | J113: 0.15235473 | K113: 0.1369638 | L113: 0.13378351 | N113: 0.063670281 | O113: 0.1146585 | P113: 0.11756146 | Q113: 0.13103301 | S113: 0.030477012 | T113: 0.062150296 | U113: 0.024741227 | V113: 0.043610186 | W113: 0.067119915 | X113: 0.25237881 | Y113: 0.33336497 | AA113: 0.13413674 | AB113: 0.061786244 | AD113: 0.11069611 | AE113: 0.16730513 | AF113: 0.13706369 | AH113: 0.16873753 | AI113: 0.097191193 | AK113: 0.091171672 | AL113: 0.11278329 | AN113: 0.092094652 | AO113: 0.13103301 | AQ113: 0.14896272 | AR113: 0.084673693 | AT113: 0.046958938 | AU113: 0.096058343 | AV113: 0.12057715 | AW113: 0.17704355 | AY113: 0.16248637 | AZ113: 0.092087268 | BB113: 0.10705571 | BC113: 0.10588909 | BE113: 0.12274085 | BF113: 0.10388539 | BH113: 0.091180043 | BI113: 0.10737332 | BK113: 0.13250577 | BL113: 0.10148956 | BN113: 0.14430913 | BO113: 0.10432751 | BQ113: 0.16186469 | BR113: 0.10168082 | BT113: 0.12354032 | BU113: 0.10490297 | BW113: 0.12651908 | BX113: 0.096330825 | BZ113: 0.16201756 | CA113: 0.10338166
B114: Grown by 21-50% | C114: 0.036519588 | D114: 0.035544204 | E114: 0.024610527 | F114: 0.025615693 | G114: 0.020475299 | H114: 0.051425148 | I114: 0.024866446 | J114: 0.072882401 | K114: 0.049697322 | L114: 0.088244909 | N114: 0.026595865 | O114: 0.034980814 | P114: 0.034577914 | Q114: 0.046280446 | S114: 0.017480554 | T114: 0.0049715428 | U114: 0.0078106156 | V114: 0.0075665168 | W114: 0.014349132 | X114: 0.041622754 | Y114: 0.20409723 | AA114: 0.044059382 | AB114: 0.024623188 | AD114: 0.039270778 | AE114: 0.058258738 | AF114: 0.041151488 | AH114: 0.054742703 | AI114: 0.033937668 | AK114: 0.030253602 | AL114: 0.039342997 | AN114: 0.031054959 | AO114: 0.046280446 | AQ114: 0.056395739 | AR114: 0.026604607 | AT114: 0.02102025 | AU114: 0.032365845 | AV114: 0.041033756 | AW114: 0.057148842 | AY114: 0.057360411 | AZ114: 0.031354148 | BB114: 0.045390088 | BC114: 0.034890024 | BE114: 0.045896498 | BF114: 0.035290712 | BH114: 0.043796603 | BI114: 0.035882704 | BK114: 0.035690761 | BL114: 0.036663201 | BN114: 0.038512533 | BO114: 0.036428765 | BQ114: 0.060204321 | BR114: 0.034656325 | BT114: 0.043113672 | BU114: 0.036079042 | BW114: 0.037324331 | BX114: 0.036136308 | BZ114: 0.036635755 | CA114: 0.036514005
B115: Grown by over 50% | C115: 0.015729621 | D115: 0.0087463658 | E115: 0.010143088 | F115: 0.018139296 | G115: 0.0087958154 | H115: 0.016021379 | I115: 0.016304336 | J115: 0.026866335 | K115: 0.041951234 | L115: 0.027531171 | N115: 0.025648515 | O115: 0.016124751 | P115: 0.0080435508 | Q115: 0.010788726 | S115: 0.0057908895 | T115: 0.0039000544 | U115: 0.0028413233 | V115: 0.0025693592 | W115: 0.0024341234 | X115: 0.010568794 | Y115: 0.10831327 | AA115: 0.016978942 | AB115: 0.013758424 | AD115: 0.013501012 | AE115: 0.02179537 | AF115: 0.016400809 | AH115: 0.017322022 | AI115: 0.015504004 | AK115: 0.011424454 | AL115: 0.017669499 | AN115: 0.018495787 | AO115: 0.010788726 | AQ115: 0.02508815 | AR115: 0.011061231 | AT115: 0.010777531 | AU115: 0.019499564 | AV115: 0.014976045 | AW115: 0.016339045 | AY115: 0.026675203 | AZ115: 0.013016737 | BB115: 0.020872066 | BC115: 0.014784924 | BE115: 0.022322666 | BF115: 0.01486558 | BH115: 0.01658381 | BI115: 0.015654863 | BK115: 0.01245346 | BL115: 0.016297292 | BN115: 0.0036371498 | BO115: 0.016280703 | BQ115: 0.017180454 | BR115: 0.015615485 | BT115: 0.023245671 | BU115: 0.01522748 | BW115: 0.020963106 | BX115: 0.013237043 | BZ115: 0.021589594 | CA115: 0.015448027
B116: Don’t know | C116: 0.08510203 | D116: 0.080244117 | E116: 0.059093392 | F116: 0.056840434 | G116: 0.091055394 | H116: 0.080772074 | I116: 0.093641275 | J116: 0.13961004 | K116: 0.14296764 | L116: 0.10438103 | N116: 0.073137593 | O116: 0.10271396 | P116: 0.078963957 | Q116: 0.088131263 | S116: 0.023049764 | T116: 0.011396561 | U116: 0.0075563061 | V116: 0.0096616241 | W116: 0.013196049 | X116: 0.015922305 | Y116: 0.012512027 | AA116: 0.046066671 | AB116: 0.1466926 | AD116: 0.040248427 | AE116: 0.02579395 | AF116: 0.0521184 | AH116: 0.017503482 | AI116: 0.094679646 | AK116: 0.11182347 | AL116: 0.073061536 | AN116: 0.083406109 | AO116: 0.088131263 | AQ116: 0.05173233 | AR116: 0.10174811 | AT116: 0.15856828 | AU116: 0.11040176 | AV116: 0.0488246 | AW116: 0.019327145 | AY116: 0.046277548 | AZ116: 0.094724756 | BB116: 0.053728928 | BC116: 0.090865454 | BE116: 0.065825265 | BF116: 0.087628315 | BH116: 0.1253793 | BI116: 0.081576969 | BK116: 0.052187301 | BL116: 0.090805271 | BN116: 0.050060794 | BO116: 0.086698939 | BQ116: 0.051836917 | BR116: 0.087718974 | BT116: 0.044189833 | BU116: 0.087835341 | BW116: 0.04924436 | BX116: 0.10218014 | BZ116: 0.016900651 | CA116: 0.088379363
B118: In 2021, how did the headcount of your company change?
B119: BASE: All Respondents
B120: Declined by over 50% | C120: 0.010419312 | D120: 0.01139697 | E120: 0.010041111 | F120: 0.019155582 | G120: 0.0035575226 | H120: 0.010282088 | I120: 0.012426541 | J120: 0.0040623281 | K120: 0.011028397 | L120: 0.0056550906 | N120: 0.027523435 | O120: 0.0063564416 | P120: 0.001422186 | Q120: 0.0025738725 | S120: 0.066235377 | T120: 0.010130008 | U120: 0 | V120: 0.0012480448 | W120: 0 | X120: 0.0010058535 | Y120: 0.0013679949 | AA120: 0.0068228056 | AB120: 0.016093932 | AD120: 0.0065569725 | AE120: 0.0073709839 | AF120: 0.0069752433 | AH120: 0.003937177 | AI120: 0.011337725 | AK120: 0.010957166 | AL120: 0.010176958 | AN120: 0.014811591 | AO120: 0.0025738725 | AQ120: 0.0055054685 | AR120: 0.012870524 | AT120: 0.019845533 | AU120: 0.011605651 | AV120: 0.0061563656 | AW120: 0.0059629111 | AY120: 0.0041781265 | AZ120: 0.011966202 | BB120: 0.016261887 | BC120: 0.0093459958 | BE120: 0.016059242 | BF120: 0.0096801794 | BH120: 0.0077076169 | BI120: 0.010656639 | BK120: 0.0067795357 | BL120: 0.011049987 | BN120: 0.018580526 | BO120: 0.010047386 | BQ120: 0.0070670405 | BR120: 0.010683033 | BT120: 0.016992266 | BU120: 0.0099801778 | BW120: 0.010725075 | BX120: 0.010273684 | BZ120: 0.0028609325 | CA120: 0.01078252
B121: Declined by 25-50% | C121: 0.016776819 | D121: 0.022515722 | E121: 0.01549721 | F121: 0.020393375 | G121: 0.0069213607 | H121: 0.015693827 | I121: 0.023639568 | J121: 0.020708701 | K121: 0.0056241273 | L121: 0.0063366964 | N121: 0.024948392 | O121: 0.028160975 | P121: 0.0097529991 | Q121: 0.0071020631 | S121: 0.095840219 | T121: 0.014981314 | U121: 0 | V121: 0.0048638582 | W121: 0.0020553083 | X121: 0 | Y121: 0.002403774 | AA121: 0.016021835 | AB121: 0.017968046 | AD121: 0.015444676 | AE121: 0.01023835 | AF121: 0.017883981 | AH121: 0.010852695 | AI121: 0.017616172 | AK121: 0.017012097 | AL121: 0.016670805 | AN121: 0.022193244 | AO121: 0.0071020631 | AQ121: 0.015833204 | AR121: 0.017247531 | AT121: 0.016721271 | AU121: 0.022988404 | AV121: 0.013956004 | AW121: 0.010153289 | AY121: 0.013128913 | AZ121: 0.01768096 | BB121: 0.025204824 | BC121: 0.015228545 | BE121: 0.010428759 | BF121: 0.017608754 | BH121: 0.016361582 | BI121: 0.016813161 | BK121: 0.013472361 | BL121: 0.017349394 | BN121: 0.0078562039 | BO121: 0.017183352 | BQ121: 0.01928973 | BR121: 0.01657913 | BT121: 0.026640418 | BU121: 0.01611784 | BW121: 0.023257929 | BX121: 0.013690028 | BZ121: 0.020789531 | CA121: 0.016583994
...

Sheet Table 1
D2: Before taking this survey, were you familiar with the concept of cloud computing?
D5: Country | N5: Number of Employees | S5: Revenue Change | AA5: Cloud User | AD5: Type of Cloud | AH5: AWS User | AK5: Woman-owned Business | AN5: Grouped Employee Count | AQ5: Tech Adoption | AT5: Digital Intensity | AY5: Does your business operate in the technology sector? | BB5: Does your business operate in the retail sector? | BE5: Does your business operate in the financial services sector? | BH5: Does your business operate in the health sector? | BK5: Does your business operate in the manufacturing sector? | BN5: Does your business operate in the automotive sector? | BQ5: Does your business operate in the telecommunications sector? | BT5: Does your business operate in the media & entertainment sector? | BW5: SME Cloud User | BZ5: SME AWS User
C6: Total | D6: France | E6: Germany | F6: Italy | G6: Netherlands | H6: Poland | I6: Spain | J6: Sweden | K6: Denmark | L6: Finland | N6: 1-9 | O6: 10-49 | P6: 50-249 | Q6: 250+ | S6: Declined by 10%+ | T6: Declined by 6-10% | U6: Declined by 0-5% | V6: Stayed about the same size | W6: Grown by 0-5% | X6: Grown by 6-10% | Y6: Grown by 10%+ | AA6: Yes | AB6: No | AD6: IaaS / PaaS | AE6: Both | AF6: SaaS | AH6: Yes | AI6: No | AK6: Yes | AL6: No | AN6: Less than 250 employees | AO6: 250+ employees | AQ6: Early adopter | AR6: Not early adopter | AT6: Low | AU6: Medium | AV6: High | AW6: Very High | AY6: Yes | AZ6: No | BB6: Yes | BC6: No | BE6: Yes | BF6: No | BH6: Yes | BI6: No | BK6: Yes | BL6: No | BN6: Yes | BO6: No | BQ6: Yes | BR6: No | BT6: Yes | BU6: No | BW6: Yes | BX6: No | BZ6: Yes | CA6: No
B7: Unweighted | C7: 7184 | D7: 1017 | E7: 1011 | F7: 1018 | G7: 1016 | H7: 1009 | I7: 1031 | J7: 508 | K7: 279 | L7: 295 | N7: 2091 | O7: 1068 | P7: 1207 | Q7: 2818 | S7: 927 | T7: 521 | U7: 564 | V7: 1628 | W7: 1070 | X7: 1135 | Y7: 780 | AA7: 4504 | AB7: 2680 | AD7: 1442 | AE7: 1077 | AF7: 1921 | AH7: 943 | AI7: 6241 | AK7: 2180 | AL7: 5004 | AN7: 4366 | AO7: 2818 | AQ7: 2450 | AR7: 4734 | AT7: 1316 | AU7: 2176 | AV7: 2715 | AW7: 965 | AY7: 1479 | AZ7: 5705 | BB7: 1121 | BC7: 6063 | BE7: 858 | BF7: 6326 | BH7: 569 | BI7: 6615 | BK7: 1081 | BL7: 6103 | BN7: 328 | BO7: 6856 | BQ7: 555 | BR7: 6629 | BT7: 456 | BU7: 6728 | BW7: 2216 | BX7: 4968 | BZ7: 312 | CA7: 6872
B8: Weighted | C8: 7184 | D8: 1017 | E8: 1011 | F8: 1018 | G8: 1016 | H8: 1009 | I8: 1031 | J8: 508 | K8: 279 | L8: 295 | N8: 2102 | O8: 1377 | P8: 1126 | Q8: 2578 | S8: 976 | T8: 519 | U8: 556 | V8: 1627 | W8: 1049 | X8: 1110 | Y8: 772 | AA8: 4397 | AB8: 2787 | AD8: 1402 | AE8: 1018 | AF8: 1907 | AH8: 892 | AI8: 6292 | AK8: 2232 | AL8: 4952 | AN8: 4606 | AO8: 2578 | AQ8: 2391 | AR8: 4793 | AT8: 1368 | AU8: 2232 | AV8: 2653 | AW8: 919 | AY8: 1427 | AZ8: 5757 | BB8: 1115 | BC8: 6069 | BE8: 832 | BF8: 6352 | BH8: 578 | BI8: 6606 | BK8: 1061 | BL8: 6123 | BN8: 313 | BO8: 6871 | BQ8: 524 | BR8: 6660 | BT8: 450 | BU8: 6734 | BW8: 2318 | BX8: 4866 | BZ8: 329 | CA8: 6855
B9: I am very familiar with this concept and I understand what it means | C9: 0.60956606 | D9: 0.6384218 | E9: 0.60484133 | F9: 0.58999356 | G9: 0.57277727 | H9: 0.47539268 | I9: 0.65446948 | J9: 0.75408156 | K9: 0.56255068 | L9: 0.81811384 | N9: 0.44629703 | O9: 0.54633205 | P9: 0.67471749 | Q9: 0.74799734 | S9: 0.50285355 | T9: 0.6100262 | U9: 0.71291941 | V9: 0.57019455 | W9: 0.69256316 | X9: 0.68911145 | Y9: 0.67709069 | AA9: 0.78473047 | AB9: 0.33318905 | AD9: 0.78105962 | AE9: 0.9124167 | AF9: 0.73752066 | AH9: 0.9040019 | AI9: 0.56784929 | AK9: 0.50921286 | AL9: 0.65478452 | AN9: 0.53206514 | AO9: 0.74799734 | AQ9: 0.76108785 | AR9: 0.53398123 | AT9: 0.3635417 | AU9: 0.5264496 | AV9: 0.72689256 | AW9: 0.8354843 | AY9: 0.80135869 | AZ9: 0.56202988 | BB9: 0.55939432 | BC9: 0.61878291 | BE9: 0.70564819 | BF9: 0.59697417 | BH9: 0.54463183 | BI9: 0.6152491 | BK9: 0.66635901 | BL9: 0.59972537 | BN9: 0.58674981 | BO9: 0.61060585 | BQ9: 0.80962833 | BR9: 0.5938273 | BT9: 0.67096008 | BU9: 0.60546438 | BW9: 0.73520616 | BX9: 0.54972682 | BZ9: 0.86349338 | CA9: 0.5973639
B10: I have heard this concept before, but I do not know what it means | C10: 0.26194742 | D10: 0.20069297 | E10: 0.25106339 | F10: 0.27659492 | G10: 0.27485672 | H10: 0.35365851 | I10: 0.2848087 | J10: 0.195209 | K10: 0.23424297 | L10: 0.16296006 | N10: 0.32588371 | O10: 0.32060492 | P10: 0.24641668 | Q10: 0.18527417 | S10: 0.309472 | T10: 0.27042603 | U10: 0.22199854 | V10: 0.27689698 | W10: 0.2258291 | X10: 0.23425082 | Y10: 0.23416503 | AA10: 0.18739429 | AB10: 0.37957846 | AD10: 0.19444313 | AE10: 0.081308559 | AF10: 0.22798373 | AH10: 0.089272858 | AI10: 0.2864126 | AK10: 0.29142667 | AL10: 0.24866428 | AN10: 0.30487304 | AO10: 0.18527417 | AQ10: 0.18089679 | AR10: 0.30237856 | AT10: 0.32195047 | AU10: 0.31769104 | AV10: 0.22702168 | AW10: 0.14058146 | AY10: 0.16360539 | AZ10: 0.28632169 | BB10: 0.28125376 | BC10: 0.25840073 | BE10: 0.23882667 | BF10: 0.26497748 | BH10: 0.27427384 | BI10: 0.26086861 | BK10: 0.25180607 | BL10: 0.26370465 | BN10: 0.33729594 | BO10: 0.25851362 | BQ10: 0.16438484 | BR10: 0.26962261 | BT10: 0.26091904 | BU10: 0.26201613 | BW10: 0.22653332 | BX10: 0.27881427 | BZ10: 0.12612943 | CA10: 0.26847399
B11: No, I have not heard of this concept before | C11: 0.11849775 | D11: 0.14755872 | E11: 0.13459976 | F11: 0.12352323 | G11: 0.13938353 | H11: 0.15612556 | I11: 0.057995664 | J11: 0.046415005 | K11: 0.18384833 | L11: 0.018926101 | N11: 0.21104498 | O11: 0.12398797 | P11: 0.071109276 | Q11: 0.060809028 | S11: 0.1765216 | T11: 0.11374483 | U11: 0.059080012 | V11: 0.14307855 | W11: 0.072945592 | X11: 0.072492186 | Y11: 0.082534726 | AA11: 0.025845548 | AB11: 0.26468577 | AD11: 0.020865606 | AE11: 0.0062747365 | AF11: 0.032938452 | AH11: 0.0067252394 | AI11: 0.1343341 | AK11: 0.18295109 | AL11: 0.089455522 | AN11: 0.15079485 | AO11: 0.060809028 | AQ11: 0.052315098 | AR11: 0.15151217 | AT11: 0.28625585 | AU11: 0.14719125 | AV11: 0.041262182 | AW11: 0.022865093 | AY11: 0.030563702 | AZ11: 0.14029238 | BB11: 0.14691621 | BC11: 0.11327711 | BE11: 0.04793102 | BF11: 0.12774576 | BH11: 0.16881592 | BI11: 0.11409391 | BK11: 0.076074306 | BL11: 0.12584859 | BN11: 0.065432156 | BO11: 0.12091607 | BQ11: 0.02350348 | BR11: 0.12597088 | BT11: 0.064100053 | BU11: 0.12213201 | BW11: 0.03440979 | BX11: 0.15854674 | BZ11: 0.010377183 | CA11: 0.12369335
B12: Don’t know | C12: 0.0099887682 | D12: 0.013326518 | E12: 0.0094955148 | F12: 0.0098882935 | G12: 0.012982482 | H12: 0.014823253 | I12: 0.0027261566 | J12: 0.0042944354 | K12: 0.019358025 | L12: 0 | N12: 0.016774281 | O12: 0.0090750616 | P12: 0.0077565519 | Q12: 0.005919463 | S12: 0.011152845 | T12: 0.0058029363 | U12: 0.0060020436 | V12: 0.0098299161 | W12: 0.0086621514 | X12: 0.0041455497 | Y12: 0.006209557 | AA12: 0.0020296888 | AB12: 0.022546722 | AD12: 0.003631635 | AE12: 0 | AF12: 0.0015571598 | AH12: 0 | AI12: 0.011404014 | AK12: 0.016409383 | AL12: 0.007095684 | AN12: 0.012266974 | AO12: 0.005919463 | AQ12: 0.0057002613 | AR12: 0.012128039 | AT12: 0.028251992 | AU12: 0.0086681108 | AV12: 0.0048235779 | AW12: 0.0010691543 | AY12: 0.0044722202 | AZ12: 0.011356056 | BB12: 0.012435718 | BC12: 0.0095392489 | BE12: 0.0075941248 | BF12: 0.010302594 | BH12: 0.01227841 | BI12: 0.0097883791 | BK12: 0.0057606097 | BL12: 0.010721395 | BN12: 0.0105221 | BO12: 0.009964463 | BQ12: 0.0024833517 | BR12: 0.010579214 | BT12: 0.004020827 | BU12: 0.010387482 | BW12: 0.0038507314 | BX12: 0.012912162 | BZ12: 0 | CA12: 0.010468766
B14: Fieldwork: 22nd Apr - 3rd May 2022
B15: Data weighted by employee share and region to Nationally Representative Proportions
B17: =HYPERLINK("#'Contents'!A1", "Return to Contents") -> Return to Contents

Sheet Table 2
D2: Do you know if your company directly buys any services from a cloud provider? (eg. Amazon Web Services, Microsoft Azure, Google Cloud Platform)
D5: Country | N5: Number of Employees | S5: Revenue Change | AA5: Cloud User | AD5: Type of Cloud | AH5: AWS User | AK5: Woman-owned Business | AN5: Grouped Employee Count | AQ5: Tech Adoption | AT5: Digital Intensity | AY5: Does your business operate in the technology sector? | BB5: Does your business operate in the retail sector? | BE5: Does your business operate in the financial services sector? | BH5: Does your business operate in the health sector? | BK5: Does your business operate in the manufacturing sector? | BN5: Does your business operate in the automotive sector? | BQ5: Does your business operate in the telecommunications sector? | BT5: Does your business operate in the media & entertainment sector? | BW5: SME Cloud User | BZ5: SME AWS User
C6: Total | D6: France | E6: Germany | F6: Italy | G6: Netherlands | H6: Poland | I6: Spain | J6: Sweden | K6: Denmark | L6: Finland | N6: 1-9 | O6: 10-49 | P6: 50-249 | Q6: 250+ | S6: Declined by 10%+ | T6: Declined by 6-10% | U6: Declined by 0-5% | V6: Stayed about the same size | W6: Grown by 0-5% | X6: Grown by 6-10% | Y6: Grown by 10%+ | AA6: Yes | AB6: No | AD6: IaaS / PaaS | AE6: Both | AF6: SaaS | AH6: Yes | AI6: No | AK6: Yes | AL6: No | AN6: Less than 250 employees | AO6: 250+ employees | AQ6: Early adopter | AR6: Not early adopter | AT6: Low | AU6: Medium | AV6: High | AW6: Very High | AY6: Yes | AZ6: No | BB6: Yes | BC6: No | BE6: Yes | BF6: No | BH6: Yes | BI6: No | BK6: Yes | BL6: No | BN6: Yes | BO6: No | BQ6: Yes | BR6: No | BT6: Yes | BU6: No | BW6: Yes | BX6: No | BZ6: Yes | CA6: No
B7: Unweighted | C7: 7184 | D7: 1017 | E7: 1011 | F7: 1018 | G7: 1016 | H7: 1009 | I7: 1031 | J7: 508 | K7: 279 | L7: 295 | N7: 2091 | O7: 1068 | P7: 1207 | Q7: 2818 | S7: 927 | T7: 521 | U7: 564 | V7: 1628 | W7: 1070 | X7: 1135 | Y7: 780 | AA7: 4504 | AB7: 2680 | AD7: 1442 | AE7: 1077 | AF7: 1921 | AH7: 943 | AI7: 6241 | AK7: 2180 | AL7: 5004 | AN7: 4366 | AO7: 2818 | AQ7: 2450 | AR7: 4734 | AT7: 1316 | AU7: 2176 | AV7: 2715 | AW7: 965 | AY7: 1479 | AZ7: 5705 | BB7: 1121 | BC7: 6063 | BE7: 858 | BF7: 6326 | BH7: 569 | BI7: 6615 | BK7: 1081 | BL7: 6103 | BN7: 328 | BO7: 6856 | BQ7: 555 | BR7: 6629 | BT7: 456 | BU7: 6728 | BW7: 2216 | BX7: 4968 | BZ7: 312 | CA7: 6872
B8: Weighted | C8: 7184 | D8: 1017 | E8: 1011 | F8: 1018 | G8: 1016 | H8: 1009 | I8: 1031 | J8: 508 | K8: 279 | L8: 295 | N8: 2102 | O8: 1377 | P8: 1126 | Q8: 2578 | S8: 976 | T8: 519 | U8: 556 | V8: 1627 | W8: 1049 | X8: 1110 | Y8: 772 | AA8: 4397 | AB8: 2787 | AD8: 1402 | AE8: 1018 | AF8: 1907 | AH8: 892 | AI8: 6292 | AK8: 2232 | AL8: 4952 | AN8: 4606 | AO8: 2578 | AQ8: 2391 | AR8: 4793 | AT8: 1368 | AU8: 2232 | AV8: 2653 | AW8: 919 | AY8: 1427 | AZ8: 5757 | BB8: 1115 | BC8: 6069 | BE8: 832 | BF8: 6352 | BH8: 578 | BI8: 6606 | BK8: 1061 | BL8: 6123 | BN8: 313 | BO8: 6871 | BQ8: 524 | BR8: 6660 | BT8: 450 | BU8: 6734 | BW8: 2318 | BX8: 4866 | BZ8: 329 | CA8: 6855
B9: Yes - we definitely do | C9: 0.43769587 | D9: 0.45545552 | E9: 0.44302342 | F9: 0.45137417 | G9: 0.40774107 | H9: 0.31059017 | I9: 0.49616528 | J9: 0.51272436 | K9: 0.47172103 | L9: 0.48319435 | N9: 0.22154778 | O9: 0.37476394 | P9: 0.51502494 | Q9: 0.61375971 | S9: 0.32388793 | T9: 0.43522579 | U9: 0.50656593 | V9: 0.34508959 | W9: 0.5527352 | X9: 0.58774375 | Y9: 0.54487885 | AA9: 0.71510222 | AB9: 0 | AD9: 0.69485147 | AE9: 0.84644799 | AF9: 0.6581793 | AH9: 0.83931653 | AI9: 0.38079274 | AK9: 0.37091587 | AL9: 0.46778647 | AN9: 0.3391263 | AO9: 0.61375971 | AQ9: 0.63293468 | AR9: 0.34030332 | AT9: 0.13970929 | AU9: 0.30102941 | AV9: 0.59011539 | AW9: 0.77261881 | AY9: 0.64199161 | AZ9: 0.38706076 | BB9: 0.4352751 | BC9: 0.43814058 | BE9: 0.59389658 | BF9: 0.41722523 | BH9: 0.39871294 | BI9: 0.44110765 | BK9: 0.4941904 | BL9: 0.42790688 | BN9: 0.50954092 | BO9: 0.43442173 | BQ9: 0.67602539 | BR9: 0.41894664 | BT9: 0.50560074 | BU9: 0.4331592 | BW9: 0.67388799 | BX9: 0.32520345 | BZ9: 0.78213454 | CA9: 0.4211443
B10: Yes - I think we probably do | C10: 0.17437868 | D10: 0.1632187 | E10: 0.13635927 | F10: 0.13318679 | G10: 0.18703845 | H10: 0.25649073 | I10: 0.1547694 | J10: 0.18281799 | K10: 0.16039982 | L10: 0.2280648 | N10: 0.10875999 | O10: 0.20676167 | P10: 0.21528221 | Q10: 0.19271678 | S10: 0.15142299 | T10: 0.21321017 | U10: 0.19870113 | V10: 0.1644063 | W10: 0.20217399 | X10: 0.17453916 | Y10: 0.16092465 | AA10: 0.28489778 | AB10: 0 | AD10: 0.29808256 | AE10: 0.15355201 | AF10: 0.31429858 | AH10: 0.15909671 | AI10: 0.17654389 | AK10: 0.17265512 | AL10: 0.17515531 | AN10: 0.16411208 | AO10: 0.19271678 | AQ10: 0.1613972 | AR10: 0.18085434 | AT10: 0.070609761 | AU10: 0.18429643 | AV10: 0.22403526 | AW10: 0.15821934 | AY10: 0.20147475 | AZ10: 0.16766287 | BB10: 0.18607118 | BC10: 0.1722307 | BE10: 0.1925637 | BF10: 0.17199548 | BH10: 0.21336301 | BI10: 0.17096678 | BK10: 0.22262348 | BL10: 0.16601915 | BN10: 0.23819991 | BO10: 0.1714702 | BQ10: 0.20385279 | BR10: 0.17205998 | BT10: 0.20126091 | BU10: 0.1725827 | BW10: 0.32611201 | BX10: 0.10211189 | BZ10: 0.21357068 | CA10: 0.17249536
B11: Not sure | C11: 0.095900896 | D11: 0.084031405 | E11: 0.089219763 | F11: 0.054403284 | G11: 0.080456852 | H11: 0.15382241 | I11: 0.11443273 | J11: 0.098737875 | K11: 0.093723404 | L11: 0.090405361 | N11: 0.093311755 | O11: 0.12017012 | P11: 0.099068203 | Q11: 0.083666296 | S11: 0.090527527 | T11: 0.10712221 | U11: 0.085229442 | V11: 0.105989 | W11: 0.06025443 | X11: 0.067301502 | Y11: 0.06518907 | AA11: 0 | AB11: 0.24721476 | AD11: 0.0045495942 | AE11: 0 | AF11: 0.0075884949 | AH11: 0 | AI11: 0.1094885 | AK11: 0.10776071 | AL11: 0.090556944 | AN11: 0.10275045 | AO11: 0.083666296 | AQ11: 0.067951121 | AR11: 0.10984331 | AT11: 0.11373545 | AU11: 0.14451124 | AV11: 0.068495667 | AW11: 0.031772752 | AY11: 0.043602714 | AZ11: 0.10886311 | BB11: 0.096056512 | BC11: 0.095872308 | BE11: 0.0617128 | BF11: 0.10038136 | BH11: 0.11754846 | BI11: 0.094006304 | BK11: 0.093270211 | BL11: 0.096356723 | BN11: 0.10537657 | BO11: 0.095469067 | BQ11: 0.032073778 | BR11: 0.10092213 | BT11: 0.086236387 | BU11: 0.096546574 | BW11: 0 | BX11: 0.1415761 | BZ11: 0 | CA11: 0.10050929
B12: No - I think we probably don’t | C12: 0.099469607 | D12: 0.13154318 | E12: 0.11025505 | F12: 0.095342722 | G12: 0.088799846 | H12: 0.10377907 | I12: 0.090327972 | J12: 0.064761406 | K12: 0.12122011 | L12: 0.05933025 | N12: 0.13519638 | O12: 0.12998235 | P12: 0.088228963 | Q12: 0.058954092 | S12: 0.13066868 | T12: 0.078368293 | U12: 0.08547274 | V12: 0.11005496 | W12: 0.070592287 | X12: 0.072267565 | Y12: 0.071267175 | AA12: 0 | AB12: 0.25641424 | AD12: 0.001769505 | AE12: 0 | AF12: 0.0058941581 | AH12: 0.0015867549 | AI12: 0.11333802 | AK12: 0.1202822 | AL12: 0.090091597 | AN12: 0.12215227 | AO12: 0.058954092 | AQ12: 0.055482487 | AR12: 0.12141206 | AT12: 0.1788196 | AU12: 0.14409092 | AV12: 0.052546214 | AW12: 0.0098814085 | AY12: 0.031667729 | AZ12: 0.11627444 | BB12: 0.097219293 | BC12: 0.099883003 | BE12: 0.060299929 | BF12: 0.10460293 | BH12: 0.11698113 | BI12: 0.097937001 | BK12: 0.088040409 | BL12: 0.10144998 | BN12: 0.082164299 | BO12: 0.10025825 | BQ12: 0.030938599 | BR12: 0.1048609 | BT12: 0.045653187 | BU12: 0.10306504 | BW12: 0 | BX12: 0.1468445 | BZ12: 0.0042947732 | CA12: 0.10404312
B13: No - we definitely don’t | C13: 0.19255494 | D13: 0.16575119 | E13: 0.2211425 | F13: 0.26569303 | G13: 0.23596379 | H13: 0.17531761 | I13: 0.14430462 | J13: 0.14095837 | K13: 0.15293562 | L13: 0.13900524 | N13: 0.44118409 | O13: 0.16832193 | P13: 0.082395678 | Q13: 0.05090312 | S13: 0.30349288 | T13: 0.16607354 | U13: 0.12403076 | V13: 0.27446015 | W13: 0.11424409 | X13: 0.098148018 | Y13: 0.15774026 | AA13: 0 | AB13: 0.49637101 | AD13: 0.00074686305 | AE13: 0 | AF13: 0.014039464 | AH13: 0 | AI13: 0.21983685 | AK13: 0.2283861 | AL13: 0.17640968 | AN13: 0.2718589 | AO13: 0.05090312 | AQ13: 0.082234509 | AR13: 0.24758698 | AT13: 0.4971259 | AU13: 0.22607201 | AV13: 0.064807471 | AW13: 0.027507697 | AY13: 0.081263192 | AZ13: 0.22013883 | BB13: 0.18537791 | BC13: 0.19387341 | BE13: 0.091526995 | BF13: 0.205795 | BH13: 0.15339446 | BI13: 0.19598226 | BK13: 0.10187551 | BL13: 0.20826726 | BN13: 0.064718297 | BO13: 0.19838075 | BQ13: 0.057109444 | BR13: 0.20321035 | BT13: 0.16124878 | BU13: 0.19464648 | BW13: 0 | BX13: 0.28426406 | BZ13: 0 | CA13: 0.20180793
B15: Fieldwork: 22nd Apr - 3rd May 2022
B16: Data weighted by employee share and region to Nationally Representative Proportions
B18: =HYPERLINK("#'Contents'!A1", "Return to Contents") -> Return to Contents

Sheet Table 3
D2: Which of the following purposes do you use a cloud computing provider for?Please select all that apply
D5: Country | N5: Number of Employees | S5: Revenue Change | AA5: Cloud User | AD5: Type of Cloud | AH5: AWS User | AK5: Woman-owned Business | AN5: Grouped Employee Count | AQ5: Tech Adoption | AT5: Digital Intensity | AY5: Does your business operate in the technology sector? | BB5: Does your business operate in the retail sector? | BE5: Does your business operate in the financial services sector? | BH5: Does your business operate in the health sector? | BK5: Does your business operate in the manufacturing sector? | BN5: Does your business operate in the automotive sector? | BQ5: Does your business operate in the telecommunications sector? | BT5: Does your business operate in the media & entertainment sector? | BW5: SME Cloud User | BZ5: SME AWS User
C6: Total | D6: France | E6: Germany | F6: Italy | G6: Netherlands | H6: Poland | I6: Spain | J6: Sweden | K6: Denmark | L6: Finland | N6: 1-9 | O6: 10-49 | P6: 50-249 | Q6: 250+ | S6: Declined by 10%+ | T6: Declined by 6-10% | U6: Declined by 0-5% | V6: Stayed about the same size | W6: Grown by 0-5% | X6: Grown by 6-10% | Y6: Grown by 10%+ | AA6: Yes | AB6: No | AD6: IaaS / PaaS | AE6: Both | AF6: SaaS | AH6: Yes | AI6: No | AK6: Yes | AL6: No | AN6: Less than 250 employees | AO6: 250+ employees | AQ6: Early adopter | AR6: Not early adopter | AT6: Low | AU6: Medium | AV6: High | AW6: Very High | AY6: Yes | AZ6: No | BB6: Yes | BC6: No | BE6: Yes | BF6: No | BH6: Yes | BI6: No | BK6: Yes | BL6: No | BN6: Yes | BO6: No | BQ6: Yes | BR6: No | BT6: Yes | BU6: No | BW6: Yes | BX6: No | BZ6: Yes | CA6: No
B7: Unweighted | C7: 4504 | D7: 647 | E7: 604 | F7: 612 | G7: 624 | H7: 587 | I7: 690 | J7: 348 | K7: 184 | L7: 208 | N7: 689 | O7: 641 | P7: 886 | Q7: 2288 | S7: 449 | T7: 351 | U7: 410 | V7: 842 | W7: 819 | X7: 877 | Y7: 565 | AA7: 4504 | AB7: 0 | AD7: 1433 | AE7: 1077 | AF7: 1868 | AH7: 942 | AI7: 3562 | AK7: 1219 | AL7: 3285 | AN7: 2216 | AO7: 2288 | AQ7: 1973 | AR7: 2531 | AT7: 287 | AU7: 1075 | AV7: 2232 | AW7: 900 | AY7: 1255 | AZ7: 3249 | BB7: 714 | BC7: 3790 | BE7: 682 | BF7: 3822 | BH7: 352 | BI7: 4152 | BK7: 798 | BL7: 3706 | BN7: 249 | BO7: 4255 | BQ7: 492 | BR7: 4012 | BT7: 329 | BU7: 4175 | BW7: 2216 | BX7: 2288 | BZ7: 311 | CA7: 4193
B8: Weighted | C8: 4397 | D8: 629 | E8: 586 | F8: 595 | G8: 604 | H8: 572 | I8: 671 | J8: 353 | K8: 176 | L8: 210 | N8: 694 | O8: 801 | P8: 822 | Q8: 2079 | S8: 464 | T8: 337 | U8: 392 | V8: 829 | W8: 792 | X8: 846 | Y8: 545 | AA8: 4397 | AB8: 0 | AD8: 1392 | AE8: 1018 | AF8: 1855 | AH8: 890 | AI8: 3507 | AK8: 1213 | AL8: 3184 | AN8: 2318 | AO8: 2079 | AQ8: 1899 | AR8: 2498 | AT8: 288 | AU8: 1083 | AV8: 2160 | AW8: 856 | AY8: 1204 | AZ8: 3194 | BB8: 693 | BC8: 3704 | BE8: 655 | BF8: 3742 | BH8: 354 | BI8: 4043 | BK8: 761 | BL8: 3637 | BN8: 234 | BO8: 4163 | BQ8: 461 | BR8: 3936 | BT8: 318 | BU8: 4079 | BW8: 2318 | BX8: 2079 | BZ8: 328 | CA8: 4069
B9: Online documents (eg. Google Docs, Microsoft Office 365 etc) | C9: 0.63757492 | D9: 0.68659011 | E9: 0.6533864 | F9: 0.55713231 | G9: 0.6060593 | H9: 0.66202437 | I9: 0.64156266 | J9: 0.62490768 | K9: 0.56248517 | L9: 0.77038359 | N9: 0.63944656 | O9: 0.60684395 | P9: 0.62460662 | Q9: 0.65391441 | S9: 0.60887507 | T9: 0.55891154 | U9: 0.60676255 | V9: 0.62532405 | W9: 0.64455399 | X9: 0.67910479 | Y9: 0.67332089 | AA9: 0.63757492 | AB9: * | AD9: 0.55422255 | AE9: 0.72969441 | AF9: 0.66435017 | AH9: 0.66514431 | AI9: 0.63057747 | AK9: 0.60948048 | AL9: 0.64827753 | AN9: 0.62291509 | AO9: 0.65391441 | AQ9: 0.67922629 | AR9: 0.60590685 | AT9: 0.53449691 | AU9: 0.63012345 | AV9: 0.63889619 | AW9: 0.68194017 | AY9: 0.63781208 | AZ9: 0.63748555 | BB9: 0.65017912 | BC9: 0.63521782 | BE9: 0.61860292 | BF9: 0.64089356 | BH9: 0.64951177 | BI9: 0.63653021 | BK9: 0.65709094 | BL9: 0.63349364 | BN9: 0.58496971 | BO9: 0.64053352 | BQ9: 0.62250645 | BR9: 0.63933976 | BT9: 0.64621178 | BU9: 0.63690158 | BW9: 0.62291509 | BX9: 0.65391441 | BZ9: 0.63010838 | CA9: 0.63817673
B10: Online data storage or file sharing | C10: 0.63185197 | D10: 0.69183228 | E10: 0.63952049 | F10: 0.55249251 | G10: 0.5886945 | H10: 0.58389621 | I10: 0.71725688 | J10: 0.63187398 | K10: 0.5365178 | L10: 0.71765375 | N10: 0.64503341 | O10: 0.61476214 | P10: 0.62210582 | Q10: 0.63788689 | S10: 0.5916809 | T10: 0.57677481 | U10: 0.61201009 | V10: 0.63498366 | W10: 0.63995827 | X10: 0.66657742 | Y10: 0.63768659 | AA10: 0.63185197 | AB10: * | AD10: 0.60943491 | AE10: 0.69227195 | AF10: 0.62861024 | AH10: 0.61808454 | AI10: 0.63534632 | AK10: 0.61669209 | AL10: 0.63762715 | AN10: 0.62643743 | AO10: 0.63788689 | AQ10: 0.65132375 | AR10: 0.61704733 | AT10: 0.54223276 | AU10: 0.60898956 | AV10: 0.63965518 | AW10: 0.67184722 | AY10: 0.615934 | AZ10: 0.63785087 | BB10: 0.59102036 | BC10: 0.63948786 | BE10: 0.58968898 | BF10: 0.63922726 | BH10: 0.59730712 | BI10: 0.63487534 | BK10: 0.6193812 | BL10: 0.63445992 | BN10: 0.55251528 | BO10: 0.63631399 | BQ10: 0.59102302 | BR10: 0.63663391 | BT10: 0.59485543 | BU10: 0.6347363 | BW10: 0.62643743 | BX10: 0.63788689 | BZ10: 0.59546252 | CA10: 0.63478497
B11: Online email or messaging | C11: 0.51602052 | D11: 0.53592925 | E11: 0.53336877 | F11: 0.43113867 | G11: 0.51302679 | H11: 0.46948874 | I11: 0.57564116 | J11: 0.54552608 | K11: 0.45945655 | L11: 0.59130123 | N11: 0.56742697 | O11: 0.51083006 | P11: 0.50804278 | Q11: 0.50400895 | S11: 0.49239339 | T11: 0.51084674 | U11: 0.46785503 | V11: 0.51244402 | W11: 0.52552078 | X11: 0.52705709 | Y11: 0.54029531 | AA11: 0.51602052 | AB11: * | AD11: 0.43826042 | AE11: 0.59319908 | AF11: 0.54401295 | AH11: 0.5321225 | AI11: 0.51193364 | AK11: 0.50511892 | AL11: 0.5201735 | AN11: 0.52679734 | AO11: 0.50400895 | AQ11: 0.53042747 | AR11: 0.50506673 | AT11: 0.45936027 | AU11: 0.52561723 | AV11: 0.50963429 | AW11: 0.53597888 | AY11: 0.49105385 | AZ11: 0.52542954 | BB11: 0.53857378 | BC11: 0.51180286 | BE11: 0.50913925 | BF11: 0.51722422 | BH11: 0.52530784 | BI11: 0.5152077 | BK11: 0.53062262 | BL11: 0.51296686 | BN11: 0.47583397 | BO11: 0.51828067 | BQ11: 0.52785007 | BR11: 0.51463503 | BT11: 0.49935223 | BU11: 0.51732002 | BW11: 0.52679734 | BX11: 0.50400895 | BZ11: 0.57087241 | CA11: 0.51159946
B12: Running your business’s internal applications | C12: 0.39007431 | D12: 0.42188911 | E12: 0.40241487 | F12: 0.36969168 | G12: 0.38262351 | H12: 0.37760071 | I12: 0.42552746 | J12: 0.32212735 | K12: 0.35162383 | L12: 0.406846 | N12: 0.26455045 | O12: 0.33270356 | P12: 0.40688797 | Q12: 0.44743443 | S12: 0.31436179 | T12: 0.35370309 | U12: 0.39229799 | V12: 0.36317956 | W12: 0.41023412 | X12: 0.42847237 | Y12: 0.44271045 | AA12: 0.39007431 | AB12: * | AD12: 0.35992747 | AE12: 0.5204798 | AF12: 0.35707752 | AH12: 0.49020814 | AI12: 0.3646591 | AK12: 0.36404605 | AL12: 0.3999898 | AN12: 0.33861065 | AO12: 0.44743443 | AQ12: 0.43104811 | AR12: 0.3589214 | AT12: 0.2335314 | AU12: 0.29923012 | AV12: 0.41789095 | AW12: 0.48634882 | AY12: 0.44437225 | AZ12: 0.36961142 | BB12: 0.39915408 | BC12: 0.38837631 | BE12: 0.44011082 | BF12: 0.38132177 | BH12: 0.42235569 | BI12: 0.38724904 | BK12: 0.41416402 | BL12: 0.38503656 | BN12: 0.4301696 | BO12: 0.38781929 | BQ12: 0.44275362 | BR12: 0.38390444 | BT12: 0.3797314 | BU12: 0.39088067 | BW12: 0.33861065 | BX12: 0.44743443 | BZ12: 0.40932802 | CA12: 0.38852246
B13: Disaster Recovery | C13: 0.37710074 | D13: 0.17441519 | E13: 0.40199554 | F13: 0.31439324 | G13: 0.27179694 | H13: 0.63678083 | I13: 0.55326431 | J13: 0.27150102 | K13: 0.19159596 | L13: 0.45866512 | N13: 0.37583896 | O13: 0.3614148 | P13: 0.38922721 | Q13: 0.37876672 | S13: 0.38695312 | T13: 0.36836084 | U13: 0.41678435 | V13: 0.36204742 | W13: 0.37459529 | X13: 0.3762867 | Y13: 0.40408307 | AA13: 0.37710074 | AB13: * | AD13: 0.3719387 | AE13: 0.46939811 | AF13: 0.34112587 | AH13: 0.41394479 | AI13: 0.36774926 | AK13: 0.37517492 | AL13: 0.37783438 | AN13: 0.37560602 | AO13: 0.37876672 | AQ13: 0.42395689 | AR13: 0.3414754 | AT13: 0.23534829 | AU13: 0.31289187 | AV13: 0.40453499 | AW13: 0.43634955 | AY13: 0.38689265 | AZ13: 0.37341053 | BB13: 0.38308828 | BC13: 0.37598101 | BE13: 0.35057763 | BF13: 0.38174024 | BH13: 0.3725828 | BI13: 0.37749615 | BK13: 0.40978652 | BL13: 0.37026533 | BN13: 0.4087724 | BO13: 0.37531948 | BQ13: 0.34450337 | BR13: 0.38091858 | BT13: 0.35757574 | BU13: 0.37862295 | BW13: 0.37560602 | BX13: 0.37876672 | BZ13: 0.42855172 | CA13: 0.37295379
B14: Distributing or receiving data from external customers | C14: 0.36831291 | D14: 0.36477254 | E14: 0.37096965 | F14: 0.32541951 | G14: 0.38746822 | H14: 0.43170715 | I14: 0.37051559 | J14: 0.30080444 | K14: 0.27450865 | L14: 0.45060282 | N14: 0.26425916 | O14: 0.32604593 | P14: 0.37076149 | Q14: 0.41836861 | S14: 0.32580111 | T14: 0.37924306 | U14: 0.41849571 | V14: 0.29408132 | W14: 0.37194559 | X14: 0.42647161 | Y14: 0.433191 | AA14: 0.36831291 | AB14: * | AD14: 0.35435202 | AE14: 0.50043255 | AF14: 0.32243559 | AH14: 0.46094679 | AI14: 0.34480128 | AK14: 0.35311977 | AL14: 0.37410075 | AN14: 0.3234028 | AO14: 0.41836861 | AQ14: 0.43024958 | AR14: 0.32122165 | AT14: 0.19878166 | AU14: 0.26486142 | AV14: 0.39098511 | AW14: 0.50261698 | AY14: 0.40370634 | AZ14: 0.35497443 | BB14: 0.399314 | BC14: 0.36251542 | BE14: 0.37471514 | BF14: 0.36719301 | BH14: 0.3787333 | BI14: 0.36740092 | BK14: 0.4283813 | BL14: 0.35575112 | BN14: 0.47217171 | BO14: 0.36247174 | BQ14: 0.42108271 | BR14: 0.36213244 | BT14: 0.36884109 | BU14: 0.36827173 | BW14: 0.3234028 | BX14: 0.41836861 | BZ14: 0.42463812 | CA14: 0.36377309
B15: Running your business’s external or customer facing applications | C15: 0.35499262 | D15: 0.40062079 | E15: 0.3699469 | F15: 0.37273859 | G15: 0.36345694 | H15: 0.31338266 | I15: 0.34582417 | J15: 0.29496649 | K15: 0.30241753 | L15: 0.389782 | N15: 0.21583428 | O15: 0.30408173 | P15: 0.35986322 | Q15: 0.41914164 | S15: 0.27282078 | T15: 0.35277851 | U15: 0.39459454 | V15: 0.31370313 | W15: 0.36595872 | X15: 0.39056136 | Y15: 0.40457247 | AA15: 0.35499262 | AB15: * | AD15: 0.33308683 | AE15: 0.5235078 | AF15: 0.28963592 | AH15: 0.49698023 | AI15: 0.31895441 | AK15: 0.32629872 | AL15: 0.36592359 | AN15: 0.29743795 | AO15: 0.41914164 | AQ15: 0.41330301 | AR15: 0.31065847 | AT15: 0.20045302 | AU15: 0.28129424 | AV15: 0.36675508 | AW15: 0.47112669 | AY15: 0.42983747 | AZ15: 0.32678637 | BB15: 0.35588344 | BC15: 0.35482603 | BE15: 0.40094185 | BF15: 0.34695504 | BH15: 0.3689647 | BI15: 0.35376978 | BK15: 0.40406931 | BL15: 0.34472947 | BN15: 0.37285554 | BO15: 0.35398799 | BQ15: 0.40537185 | BR15: 0.34909214 | BT15: 0.40014473 | BU15: 0.35147247 | BW15: 0.29743795 | BX15: 0.41914164 | BZ15: 0.43031015 | CA15: 0.34892203
B16: Big Data analysis | C16: 0.32310523 | D16: 0.32245204 | E16: 0.42970282 | F16: 0.23730344 | G16: 0.35505418 | H16: 0.25329434 | I16: 0.36146332 | J16: 0.27101468 | K16: 0.39350783 | L16: 0.27503859 | N16: 0.13947636 | O16: 0.18139464 | P16: 0.32322713 | Q16: 0.43895127 | S16: 0.22537305 | T16: 0.31274834 | U16: 0.38348346 | V16: 0.23563158 | W16: 0.36995053 | X16: 0.37765096 | Y16: 0.40079641 | AA16: 0.32310523 | AB16: * | AD16: 0.32787612 | AE16: 0.4781316 | AF16: 0.24974946 | AH16: 0.51542644 | AI16: 0.27429173 | AK16: 0.29374905 | AL16: 0.3342885 | AN16: 0.21916784 | AO16: 0.43895127 | AQ16: 0.40158216 | AR16: 0.2634382 | AT16: 0.14374324 | AU16: 0.17198579 | AV16: 0.34005416 | AW16: 0.53613052 | AY16: 0.4016698 | AZ16: 0.29349715 | BB16: 0.3364808 | BC16: 0.32060388 | BE16: 0.41144064 | BF16: 0.30765333 | BH16: 0.32931708 | BI16: 0.32256157 | BK16: 0.37891645 | BL16: 0.31143372 | BN16: 0.42028419 | BO16: 0.31763974 | BQ16: 0.44245066 | BR16: 0.30912734 | BT16: 0.38202318 | BU16: 0.31851187 | BW16: 0.21916784 | BX16: 0.43895127 | BZ16: 0.34704755 | CA16: 0.32117548
B17: Monitoring key metrics | C17: 0.24863003 | D17: 0.17577722 | E17: 0.3347989 | F17: 0.21851429 | G17: 0.24124408 | H17: 0.30924849 | I17: 0.22620239 | J17: 0.23064066 | K17: 0.21772275 | L17: 0.29592166 | N17: 0.12706608 | O17: 0.19431971 | P17: 0.24984923 | Q17: 0.30965723 | S17: 0.22194335 | T17: 0.26643498 | U17: 0.28866218 | V17: 0.21046992 | W17: 0.26302673 | X17: 0.26349527 | Y17: 0.28327961 | AA17: 0.24863003 | AB17: * | AD17: 0.24400246 | AE17: 0.36969385 | AF17: 0.19936852 | AH17: 0.36188241 | AI17: 0.21988517 | AK17: 0.23872223 | AL17: 0.25240441 | AN17: 0.19387624 | AO17: 0.30965723 | AQ17: 0.30773031 | AR17: 0.20369531 | AT17: 0.11912719 | AU17: 0.1582805 | AV17: 0.26054626 | AW17: 0.36992598 | AY17: 0.30511906 | AZ17: 0.22734139 | BB17: 0.29514499 | BC17: 0.2399313 | BE17: 0.30313356 | BF17: 0.2390961 | BH17: 0.26687219 | BI17: 0.24703347 | BK17: 0.31272258 | BL17: 0.23522668 | BN17: 0.28597006 | BO17: 0.24652997 | BQ17: 0.29419419 | BR17: 0.24329349 | BT17: 0.28043941 | BU17: 0.2461501 | BW17: 0.19387624 | BX17: 0.30965723 | BZ17: 0.30223019 | CA17: 0.24430985
B18: Artificial Intelligence and/or machine learning | C18: 0.23508353 | D18: 0.3341613 | E18: 0.26491561 | F18: 0.22039163 | G18: 0.21765262 | H18: 0.16140628 | I18: 0.20271661 | J18: 0.17450786 | K18: 0.3467065 | L18: 0.25919686 | N18: 0.079816659 | O18: 0.10836509 | P18: 0.2138408 | Q18: 0.34413526 | S18: 0.17441799 | T18: 0.2053064 | U18: 0.2665249 | V18: 0.17242202 | W18: 0.25023509 | X18: 0.29360658 | Y18: 0.31253539 | AA18: 0.23508353 | AB18: * | AD18: 0.21987028 | AE18: 0.40391827 | AF18: 0.16769468 | AH18: 0.43107001 | AI18: 0.18533973 | AK18: 0.20556533 | AL18: 0.24632852 | AN18: 0.13724201 | AO18: 0.34413526 | AQ18: 0.3230452 | AR18: 0.16820512 | AT18: 0.087640116 | AU18: 0.11997502 | AV18: 0.23067605 | AW18: 0.43922531 | AY18: 0.33015439 | AZ18: 0.19925484 | BB18: 0.2444852 | BC18: 0.23332533 | BE18: 0.32582476 | BF18: 0.21921079 | BH18: 0.22155034 | BI18: 0.23626796 | BK18: 0.299157 | BL18: 0.22168418 | BN18: 0.37056081 | BO18: 0.22746409 | BQ18: 0.34918137 | BR18: 0.22172025 | BT18: 0.30121592 | BU18: 0.22992771 | BW18: 0.13724201 | BX18: 0.34413526 | BZ18: 0.29066873 | CA18: 0.23060336
... B20: Other (please specify) | C20: 0.0075881755 | D20: 0.006036824 | E20: 0.0055832012 | F20: 0.0096916542 | G20: 0.0048049873 | H20: 0.0043123877 | I20: 0.010424199 | J20: 0.017493959 | K20: 0.011238663 | L20: 0 | N20: 0.016896434 | O20: 0.012387208 | P20: 0.0038872111 | Q20: 0.0040955288 | S20: 0.027182904 | T20: 0.0055498433 | U20: 0 | V20: 0.007503442 | W20: 0.0026746194 | X20: 0.0046680818 | Y20: 0.010597696 | AA20: 0.0075881755 | AB20: * | AD20: 0.005633422 | AE20: 0.0041644545 | AF20: 0.009414771 | AH20: 0.0011813102 | AI20: 0.0092143172 | AK20: 0.0043835757 | AL20: 0.0088089708 | AN20: 0.010721788 | AO20: 0.0040955288 | AQ20: 0.0043712003 | AR20: 0.010034084 | AT20: 0.018884674 | AU20: 0.013310107 | AV20: 0.0051920079 | AW20: 0.0026941513 | AY20: 0.008323095 | AZ20: 0.0073112114 | BB20: 0.0011927283 | BC20: 0.0087841824 | BE20: 0.0060892488 | BF20: 0.0078503723 | BH20: 0 | BI20: 0.0082522931 | BK20: 0.0052388931 | BL20: 0.0080794687 | BN20: 0.0066286121 | BO20: 0.0076421427 | BQ20: 0.0018498145 | BR20: 0.0082602596 | BT20: 0.0045219826 | BU20: 0.0078272221 | BW20: 0.010721788 | BX20: 0.0040955288 | BZ20: 0.0032060767 | CA20: 0.0079413728
B21: BASE: Cloud User
B22: Fieldwork: 22nd Apr - 3rd May 2022
B23: Data weighted by employee share and region to Nationally Representative Proportions
B25: =HYPERLINK("#'Contents'!A1", "Return to Contents") -> Return to Contents

Sheet Table 4
D2: Which, if any, of the following best describes how you use cloud services?Please select all that apply
D5: Country | N5: Number of Employees | S5: Revenue Change | AA5: Cloud User | AD5: Type of Cloud | AH5: AWS User | AK5: Woman-owned Business | AN5: Grouped Employee Count | AQ5: Tech Adoption | AT5: Digital Intensity | AY5: Does your business operate in the technology sector? | BB5: Does your business operate in the retail sector? | BE5: Does your business operate in the financial services sector? | BH5: Does your business operate in the health sector? | BK5: Does your business operate in the manufacturing sector? | BN5: Does your business operate in the automotive sector? | BQ5: Does your business operate in the telecommunications sector? | BT5: Does your business operate in the media & entertainment sector? | BW5: SME Cloud User | BZ5: SME AWS User
C6: Total | D6: France | E6: Germany | F6: Italy | G6: Netherlands | H6: Poland | I6: Spain | J6: Sweden | K6: Denmark | L6: Finland | N6: 1-9 | O6: 10-49 | P6: 50-249 | Q6: 250+ | S6: Declined by 10%+ | T6: Declined by 6-10% | U6: Declined by 0-5% | V6: Stayed about the same size | W6: Grown by 0-5% | X6: Grown by 6-10% | Y6: Grown by 10%+ | AA6: Yes | AB6: No | AD6: IaaS / PaaS | AE6: Both | AF6: SaaS | AH6: Yes | AI6: No | AK6: Yes | AL6: No | AN6: Less than 250 employees | AO6: 250+ employees | AQ6: Early adopter | AR6: Not early adopter | AT6: Low | AU6: Medium | AV6: High | AW6: Very High | AY6: Yes | AZ6: No | BB6: Yes | BC6: No | BE6: Yes | BF6: No | BH6: Yes | BI6: No | BK6: Yes | BL6: No | BN6: Yes | BO6: No | BQ6: Yes | BR6: No | BT6: Yes | BU6: No | BW6: Yes | BX6: No | BZ6: Yes | CA6: No
B7: Unweighted | C7: 4591 | D7: 647 | E7: 604 | F7: 612 | G7: 624 | H7: 587 | I7: 690 | J7: 348 | K7: 184 | L7: 295 | N7: 730 | O7: 656 | P7: 899 | Q7: 2306 | S7: 459 | T7: 355 | U7: 412 | V7: 874 | W7: 823 | X7: 885 | Y7: 576 | AA7: 4504 | AB7: 87 | AD7: 1442 | AE7: 1077 | AF7: 1921 | AH7: 943 | AI7: 3648 | AK7: 1241 | AL7: 3350 | AN7: 2285 | AO7: 2306 | AQ7: 1992 | AR7: 2599 | AT7: 313 | AU7: 1109 | AV7: 2257 | AW7: 902 | AY7: 1267 | AZ7: 3324 | BB7: 719 | BC7: 3872 | BE7: 682 | BF7: 3909 | BH7: 364 | BI7: 4227 | BK7: 812 | BL7: 3779 | BN7: 254 | BO7: 4337 | BQ7: 496 | BR7: 4095 | BT7: 333 | BU7: 4258 | BW7: 2216 | BX7: 2375 | BZ7: 312 | CA7: 4279
B8: Weighted | C8: 4482 | D8: 629 | E8: 586 | F8: 595 | G8: 604 | H8: 572 | I8: 671 | J8: 353 | K8: 176 | L8: 295 | N8: 730 | O8: 820 | P8: 834 | Q8: 2099 | S8: 473 | T8: 340 | U8: 395 | V8: 859 | W8: 796 | X8: 855 | Y8: 557 | AA8: 4397 | AB8: 85 | AD8: 1402 | AE8: 1018 | AF8: 1907 | AH8: 892 | AI8: 3591 | AK8: 1232 | AL8: 3250 | AN8: 2384 | AO8: 2099 | AQ8: 1919 | AR8: 2564 | AT8: 311 | AU8: 1117 | AV8: 2186 | AW8: 858 | AY8: 1216 | AZ8: 3267 | BB8: 698 | BC8: 3785 | BE8: 655 | BF8: 3828 | BH8: 365 | BI8: 4117 | BK8: 775 | BL8: 3707 | BN8: 239 | BO8: 4244 | BQ8: 465 | BR8: 4017 | BT8: 322 | BU8: 4161 | BW8: 2318 | BX8: 2165 | BZ8: 329 | CA8: 4153
B9: <strong>Through online apps or services run by other companies. </strong>This is commonly known as Software as a Service (SaaS). Examples of SaaS services include Microsoft Office 365, Google Docs, Slack or Zoom. | C9: 0.65268232 | D9: 0.67269922 | E9: 0.64165283 | F9: 0.63254716 | G9: 0.66650946 | H9: 0.6606357 | I9: 0.67003799 | J9: 0.61562417 | K9: 0.61491086 | L9: 0.65623999 | N9: 0.68091019 | O9: 0.62116607 | P9: 0.66317508 | Q9: 0.65099747 | S9: 0.62031645 | T9: 0.64473285 | U9: 0.6313978 | V9: 0.64345838 | W9: 0.63526278 | X9: 0.69328972 | Y9: 0.7082255 | AA9: 0.65338683 | AB9: 0.61631363 | AD9: 0 | AE9: 1 | AF9: 1 | AH9: 0.54040824 | AI9: 0.68055835 | AK9: 0.64404603 | AL9: 0.65595694 | AN9: 0.65416554 | AO9: 0.65099747 | AQ9: 0.67781065 | AR9: 0.63387368 | AT9: 0.60985198 | AU9: 0.62742313 | AV9: 0.65806902 | AW9: 0.68601762 | AY9: 0.64960921 | AZ9: 0.65382612 | BB9: 0.70319759 | BC9: 0.64337026 | BE9: 0.68014194 | BF9: 0.64798589 | BH9: 0.67350412 | BI9: 0.6508367 | BK9: 0.64373136 | BL9: 0.65455324 | BN9: 0.68131866 | BO9: 0.65107075 | BQ9: 0.69202078 | BR9: 0.64812728 | BT9: 0.70213872 | BU9: 0.64886025 | BW9: 0.65587882 | BX9: 0.64925978 | BZ9: 0.44330955 | CA9: 0.66928872
B10: <strong>As a replacement or complement for your own on-site servers or IT infrastructure, or as underlying computing infrastructure for your own applications or services.</strong> This is commonly known as Infrastructure as a Service (IaaS) or Platform as a Service (PaaS). Examples of IaaS and PaaS services include Amazon Web Services or Microsoft Azure. | C10: 0.53987846 | D10: 0.51247673 | E10: 0.68140892 | F10: 0.47253534 | G10: 0.56501513 | H10: 0.52709921 | I10: 0.50926744 | J10: 0.57665686 | K10: 0.64509762 | L10: 0.38912335 | N10: 0.35148782 | O10: 0.45457705 | P10: 0.54582953 | Q10: 0.63638637 | S10: 0.46531946 | T10: 0.4990343 | U10: 0.56987044 | V10: 0.51481647 | W10: 0.58690098 | X10: 0.57758472 | Y10: 0.5759184 | AA10: 0.548084 | AB10: 0.11628705 | AD10: 1 | AE10: 1 | AF10: 0 | AH10: 0.98544171 | AI10: 0.42925154 | AK10: 0.51454047 | AL10: 0.54948584 | AN10: 0.45491986 | AO10: 0.63638637 | AQ10: 0.60688962 | AR10: 0.48972038 | AT10: 0.33599545 | AU10: 0.4693315 | AV10: 0.56717533 | AW10: 0.63580636 | AY10: 0.63717258 | AZ10: 0.50366613 | BB10: 0.5178256 | BC10: 0.54394372 | BE10: 0.60689881 | BF10: 0.52841594 | BH10: 0.53550551 | BI10: 0.54026608 | BK10: 0.59127569 | BL10: 0.52913546 | BN10: 0.60901614 | BO10: 0.5359876 | BQ10: 0.63931493 | BR10: 0.52836461 | BT10: 0.59067421 | BU10: 0.53595289 | BW10: 0.46443618 | BX10: 0.62065575 | BZ10: 0.97944911 | CA10: 0.50501392
B11: Don't Know | C11: 0.034574946 | D11: 0.036943032 | E11: 0.016004583 | F11: 0.0471616 | G11: 0.03078953 | H11: 0.018470774 | I11: 0.023553591 | J11: 0.026150882 | K11: 0.032631065 | L11: 0.11632279 | N11: 0.073407087 | O11: 0.057260714 | P11: 0.013290582 | Q11: 0.020660335 | S11: 0.056094449 | T11: 0.022760612 | U11: 0.0090097898 | V11: 0.037616742 | W11: 0.019110097 | X11: 0.025418219 | Y11: 0.026226347 | AA11: 0.030064826 | AB11: 0.26739932 | AD11: 0 | AE11: 0 | AF11: 0 | AH11: 0.0027610863 | AI11: 0.042473867 | AK11: 0.044350754 | AL11: 0.030868263 | AN11: 0.046824365 | AO11: 0.020660335 | AQ11: 0.016743027 | AR11: 0.047922199 | AT11: 0.15034754 | AU11: 0.061483082 | AV11: 0.014666074 | AW11: 0.0077652912 | AY11: 0.015495725 | AZ11: 0.041676126 | BB11: 0.024541831 | BC11: 0.036424465 | BE11: 0.022546295 | BF11: 0.036632211 | BH11: 0.041618871 | BI11: 0.033950579 | BK11: 0.027167069 | BL11: 0.036123333 | BN11: 0.0061728885 | BO11: 0.036173328 | BQ11: 0.007860553 | BR11: 0.037668233 | BT11: 0.023598773 | BU11: 0.035423202 | BW11: 0.040041264 | BX11: 0.028722069 | BZ11: 0.0074732649 | CA11: 0.036724515
B12: BASE: Cloud User
B13: Fieldwork: 22nd Apr - 3rd May 2022
B14: Data weighted by employee share and region to Nationally Representative Proportions
B16: =HYPERLINK("#'Contents'!A1", "Return to Contents") -> Return to Contents

Sheet Table 5
D2: Besides cloud computing and personal computers for your staff, does your company own any centralised computers, servers, on-premises computing or data centres of its own?
D5: Country | N5: Number of Employees | S5: Revenue Change | AA5: Cloud User | AD5: Type of Cloud | AH5: AWS User | AK5: Woman-owned Business | AN5: Grouped Employee Count | AQ5: Tech Adoption | AT5: Digital Intensity | AY5: Does your business operate in the technology sector? | BB5: Does your business operate in the retail sector? | BE5: Does your business operate in the financial services sector? | BH5: Does your business operate in the health sector? | BK5: Does your business operate in the manufacturing sector? | BN5: Does your business operate in the automotive sector? | BQ5: Does your business operate in the telecommunications sector? | BT5: Does your business operate in the media & entertainment sector? | BW5: SME Cloud User | BZ5: SME AWS User
C6: Total | D6: France | E6: Germany | F6: Italy | G6: Netherlands | H6: Poland | I6: Spain | J6: Sweden | K6: Denmark | L6: Finland | N6: 1-9 | O6: 10-49 | P6: 50-249 | Q6: 250+ | S6: Declined by 10%+ | T6: Declined by 6-10% | U6: Declined by 0-5% | V6: Stayed about the same size | W6: Grown by 0-5% | X6: Grown by 6-10% | Y6: Grown by 10%+ | AA6: Yes | AB6: No | AD6: IaaS / PaaS | AE6: Both | AF6: SaaS | AH6: Yes | AI6: No | AK6: Yes | AL6: No | AN6: Less than 250 employees | AO6: 250+ employees | AQ6: Early adopter | AR6: Not early adopter | AT6: Low | AU6: Medium | AV6: High | AW6: Very High | AY6: Yes | AZ6: No | BB6: Yes | BC6: No | BE6: Yes | BF6: No | BH6: Yes | BI6: No | BK6: Yes | BL6: No | BN6: Yes | BO6: No | BQ6: Yes | BR6: No | BT6: Yes | BU6: No | BW6: Yes | BX6: No | BZ6: Yes | CA6: No
B7: Unweighted | C7: 4591 | D7: 647 | E7: 604 | F7: 612 | G7: 624 | H7: 587 | I7: 690 | J7: 348 | K7: 184 | L7: 295 | N7: 730 | O7: 656 | P7: 899 | Q7: 2306 | S7: 459 | T7: 355 | U7: 412 | V7: 874 | W7: 823 | X7: 885 | Y7: 576 | AA7: 4504 | AB7: 87 | AD7: 1442 | AE7: 1077 | AF7: 1921 | AH7: 943 | AI7: 3648 | AK7: 1241 | AL7: 3350 | AN7: 2285 | AO7: 2306 | AQ7: 1992 | AR7: 2599 | AT7: 313 | AU7: 1109 | AV7: 2257 | AW7: 902 | AY7: 1267 | AZ7: 3324 | BB7: 719 | BC7: 3872 | BE7: 682 | BF7: 3909 | BH7: 364 | BI7: 4227 | BK7: 812 | BL7: 3779 | BN7: 254 | BO7: 4337 | BQ7: 496 | BR7: 4095 | BT7: 333 | BU7: 4258 | BW7: 2216 | BX7: 2375 | BZ7: 312 | CA7: 4279
B8: Weighted | C8: 4482 | D8: 629 | E8: 586 | F8: 595 | G8: 604 | H8: 572 | I8: 671 | J8: 353 | K8: 176 | L8: 295 | N8: 730 | O8: 820 | P8: 834 | Q8: 2099 | S8: 473 | T8: 340 | U8: 395 | V8: 859 | W8: 796 | X8: 855 | Y8: 557 | AA8: 4397 | AB8: 85 | AD8: 1402 | AE8: 1018 | AF8: 1907 | AH8: 892 | AI8: 3591 | AK8: 1232 | AL8: 3250 | AN8: 2384 | AO8: 2099 | AQ8: 1919 | AR8: 2564 | AT8: 311 | AU8: 1117 | AV8: 2186 | AW8: 858 | AY8: 1216 | AZ8: 3267 | BB8: 698 | BC8: 3785 | BE8: 655 | BF8: 3828 | BH8: 365 | BI8: 4117 | BK8: 775 | BL8: 3707 | BN8: 239 | BO8: 4244 | BQ8: 465 | BR8: 4017 | BT8: 322 | BU8: 4161 | BW8: 2318 | BX8: 2165 | BZ8: 329 | CA8: 4153
B9: Yes | C9: 0.76960353 | D9: 0.82924414 | E9: 0.85288925 | F9: 0.85673703 | G9: 0.69806862 | H9: 0.72028301 | I9: 0.79473103 | J9: 0.70475917 | K9: 0.70893102 | L9: 0.60023156 | N9: 0.51744319 | O9: 0.67970713 | P9: 0.78266613 | Q9: 0.8872715 | S9: 0.6766668 | T9: 0.77024311 | U9: 0.846583 | V9: 0.68670536 | W9: 0.83937814 | X9: 0.8172775 | Y9: 0.81898637 | AA9: 0.77724963 | AB9: 0.37489157 | AD9: 0.80369563 | AE9: 0.88637341 | AF9: 0.71277515 | AH9: 0.9061564 | AI9: 0.73569942 | AK9: 0.75396985 | AL9: 0.77553134 | AN9: 0.66601714 | AO9: 0.8872715 | AQ9: 0.82988521 | AR9: 0.72448248 | AT9: 0.5380652 | AU9: 0.64450084 | AV9: 0.80874556 | AW9: 0.91811752 | AY9: 0.8545986 | AZ9: 0.73796884 | BB9: 0.76240794 | BC9: 0.77092998 | BE9: 0.84985608 | BF9: 0.7558779 | BH9: 0.74199046 | BI9: 0.77205112 | BK9: 0.82245122 | BL9: 0.75855735 | BN9: 0.86411095 | BO9: 0.76428494 | BQ9: 0.90898828 | BR9: 0.75346403 | BT9: 0.7911804 | BU9: 0.76793604 | BW9: 0.67543882 | BX9: 0.87042722 | BZ9: 0.84770997 | CA9: 0.76340852
B10: No | C10: 0.19434977 | D10: 0.14270753 | E10: 0.13637819 | F10: 0.121926 | G10: 0.26792722 | H10: 0.22698228 | I10: 0.17935932 | J10: 0.23551085 | K10: 0.25081003 | L10: 0.30273294 | N10: 0.44375687 | O10: 0.28861455 | P10: 0.17175063 | Q10: 0.079723775 | S10: 0.28298124 | T10: 0.19772204 | U10: 0.14015807 | V10: 0.27738437 | W10: 0.1346975 | X10: 0.16204083 | Y10: 0.14766889 | AA10: 0.18893432 | AB10: 0.47390982 | AD10: 0.1710412 | AE10: 0.098444089 | AF10: 0.25232574 | AH10: 0.086135558 | AI10: 0.22121779 | AK10: 0.20897709 | AL10: 0.18880354 | AN10: 0.29525823 | AO10: 0.079723775 | AQ10: 0.14655658 | AR10: 0.23012314 | AT10: 0.37147639 | AU10: 0.30796588 | AV10: 0.1585198 | AW10: 0.07161006 | AY10: 0.12071097 | AZ10: 0.22175772 | BB10: 0.19928132 | BC10: 0.19344068 | BE10: 0.12540002 | BF10: 0.20614228 | BH10: 0.20520379 | BI10: 0.19338768 | BK10: 0.13984738 | BL10: 0.20574181 | BN10: 0.12295671 | BO10: 0.19836756 | BQ10: 0.073304636 | BR10: 0.20836571 | BT10: 0.18174811 | BU10: 0.19532365 | BW10: 0.28814104 | BX10: 0.093925919 | BZ10: 0.14213932 | CA10: 0.19849084
B11: Don't know | C11: 0.0360467 | D11: 0.028048327 | E11: 0.010732553 | F11: 0.021336972 | G11: 0.034004155 | H11: 0.052734712 | I11: 0.025909653 | J11: 0.059729974 | K11: 0.040258953 | L11: 0.097035509 | N11: 0.038799942 | O11: 0.031678319 | P11: 0.045583234 | Q11: 0.033004723 | S11: 0.040351962 | T11: 0.032034852 | U11: 0.013258937 | V11: 0.035910274 | W11: 0.025924361 | X11: 0.02068167 | Y11: 0.033344738 | AA11: 0.033816054 | AB11: 0.15119861 | AD11: 0.025263171 | AE11: 0.015182505 | AF11: 0.034899117 | AH11: 0.0077080394 | AI11: 0.043082781 | AK11: 0.037053057 | AL11: 0.035665121 | AN11: 0.038724638 | AO11: 0.033004723 | AQ11: 0.023558216 | AR11: 0.045394375 | AT11: 0.090458406 | AU11: 0.047533287 | AV11: 0.032734637 | AW11: 0.010272418 | AY11: 0.024690435 | AZ11: 0.04027344 | BB11: 0.038310739 | BC11: 0.035629344 | BE11: 0.024743897 | BF11: 0.037979824 | BH11: 0.05280575 | BI11: 0.034561196 | BK11: 0.037701404 | BL11: 0.035700836 | BN11: 0.012932336 | BO11: 0.037347508 | BQ11: 0.017707087 | BR11: 0.038170263 | BT11: 0.027071495 | BU11: 0.036740319 | BW11: 0.036420137 | BX11: 0.035646856 | BZ11: 0.010150713 | CA11: 0.038100641
B12: BASE: Cloud User
B13: Fieldwork: 22nd Apr - 3rd May 2022
B14: Data weighted by employee share and region to Nationally Representative Proportions
B16: =HYPERLINK("#'Contents'!A1", "Return to Contents") -> Return to Contents

Sheet Table 6
D2: Does your business operate in any of the following sectors?Please select all that apply
D5: Country | N5: Number of Employees | S5: Revenue Change | AA5: Cloud User | AD5: Type of Cloud | AH5: AWS User | AK5: Woman-owned Business | AN5: Grouped Employee Count | AQ5: Tech Adoption | AT5: Digital Intensity | AY5: Does your business operate in the technology sector? | BB5: Does your business operate in the retail sector? | BE5: Does your business operate in the financial services sector? | BH5: Does your business operate in the health sector? | BK5: Does your business operate in the manufacturing sector? | BN5: Does your business operate in the automotive sector? | BQ5: Does your business operate in the telecommunications sector? | BT5: Does your business operate in the media & entertainment sector? | BW5: SME Cloud User | BZ5: SME AWS User
C6: Total | D6: France | E6: Germany | F6: Italy | G6: Netherlands | H6: Poland | I6: Spain | J6: Sweden | K6: Denmark | L6: Finland | N6: 1-9 | O6: 10-49 | P6: 50-249 | Q6: 250+ | S6: Declined by 10%+ | T6: Declined by 6-10% | U6: Declined by 0-5% | V6: Stayed about the same size | W6: Grown by 0-5% | X6: Grown by 6-10% | Y6: Grown by 10%+ | AA6: Yes | AB6: No | AD6: IaaS / PaaS | AE6: Both | AF6: SaaS | AH6: Yes | AI6: No | AK6: Yes | AL6: No | AN6: Less than 250 employees | AO6: 250+ employees | AQ6: Early adopter | AR6: Not early adopter | AT6: Low | AU6: Medium | AV6: High | AW6: Very High | AY6: Yes | AZ6: No | BB6: Yes | BC6: No | BE6: Yes | BF6: No | BH6: Yes | BI6: No | BK6: Yes | BL6: No | BN6: Yes | BO6: No | BQ6: Yes | BR6: No | BT6: Yes | BU6: No | BW6: Yes | BX6: No | BZ6: Yes | CA6: No
B7: Unweighted | C7: 7184 | D7: 1017 | E7: 1011 | F7: 1018 | G7: 1016 | H7: 1009 | I7: 1031 | J7: 508 | K7: 279 | L7: 295 | N7: 2091 | O7: 1068 | P7: 1207 | Q7: 2818 | S7: 927 | T7: 521 | U7: 564 | V7: 1628 | W7: 1070 | X7: 1135 | Y7: 780 | AA7: 4504 | AB7: 2680 | AD7: 1442 | AE7: 1077 | AF7: 1921 | AH7: 943 | AI7: 6241 | AK7: 2180 | AL7: 5004 | AN7: 4366 | AO7: 2818 | AQ7: 2450 | AR7: 4734 | AT7: 1316 | AU7: 2176 | AV7: 2715 | AW7: 965 | AY7: 1479 | AZ7: 5705 | BB7: 1121 | BC7: 6063 | BE7: 858 | BF7: 6326 | BH7: 569 | BI7: 6615 | BK7: 1081 | BL7: 6103 | BN7: 328 | BO7: 6856 | BQ7: 555 | BR7: 6629 | BT7: 456 | BU7: 6728 | BW7: 2216 | BX7: 4968 | BZ7: 312 | CA7: 6872
B8: Weighted | C8: 7184 | D8: 1017 | E8: 1011 | F8: 1018 | G8: 1016 | H8: 1009 | I8: 1031 | J8: 508 | K8: 279 | L8: 295 | N8: 2102 | O8: 1377 | P8: 1126 | Q8: 2578 | S8: 976 | T8: 519 | U8: 556 | V8: 1627 | W8: 1049 | X8: 1110 | Y8: 772 | AA8: 4397 | AB8: 2787 | AD8: 1402 | AE8: 1018 | AF8: 1907 | AH8: 892 | AI8: 6292 | AK8: 2232 | AL8: 4952 | AN8: 4606 | AO8: 2578 | AQ8: 2391 | AR8: 4793 | AT8: 1368 | AU8: 2232 | AV8: 2653 | AW8: 919 | AY8: 1427 | AZ8: 5757 | BB8: 1115 | BC8: 6069 | BE8: 832 | BF8: 6352 | BH8: 578 | BI8: 6606 | BK8: 1061 | BL8: 6123 | BN8: 313 | BO8: 6871 | BQ8: 524 | BR8: 6660 | BT8: 450 | BU8: 6734 | BW8: 2318 | BX8: 4866 | BZ8: 329 | CA8: 6855
B9: Technology | C9: 0.19862292 | D9: 0.17608154 | E9: 0.14513571 | F9: 0.17832144 | G9: 0.22083713 | H9: 0.19613954 | I9: 0.18771057 | J9: 0.25848701 | K9: 0.26365334 | L9: 0.33523093 | N9: 0.098884756 | O9: 0.17146253 | P9: 0.25447755 | Q9: 0.27005062 | S9: 0.13472816 | T9: 0.18474968 | U9: 0.23961185 | V9: 0.14588036 | W9: 0.2342577 | X9: 0.26559346 | Y9: 0.28490235 | AA9: 0.27371135 | AB9: 0.080147277 | AD9: 0.29045294 | AE9: 0.36097292 | AF9: 0.22138671 | AH9: 0.40817478 | AI9: 0.16893283 | AK9: 0.11797005 | AL9: 0.23496454 | AN9: 0.15863403 | AO9: 0.27005062 | AQ9: 0.30985834 | AR9: 0.14313446 | AT9: 0.073512162 | AU9: 0.14151212 | AV9: 0.24874454 | AW9: 0.37448746 | AY9: 1 | AZ9: 0 | BB9: 0.14662018 | BC9: 0.20817614 | BE9: 0.20919357 | BF9: 0.1972376 | BH9: 0.15814126 | BI9: 0.20216587 | BK9: 0.19762209 | BL9: 0.19879634 | BN9: 0.27593327 | BO9: 0.19509971 | BQ9: 0.52051597 | BR9: 0.17329981 | BT9: 0.32525491 | BU9: 0.19016274 | BW9: 0.24715101 | BX9: 0.1755102 | BZ9: 0.39904311 | CA9: 0.18899198
B10: Retail | C10: 0.15519558 | D10: 0.16382153 | E10: 0.11002329 | F10: 0.17634301 | G10: 0.14667822 | H10: 0.19967413 | I10: 0.15805208 | J10: 0.13552348 | K10: 0.14386311 | L10: 0.1191056 | N10: 0.19446029 | O10: 0.14217381 | P10: 0.13782642 | Q10: 0.13772405 | S10: 0.1944234 | T10: 0.20098845 | U10: 0.13945136 | V10: 0.12571033 | W10: 0.15449801 | X10: 0.15389945 | Y10: 0.18988682 | AA10: 0.15754649 | AB10: 0.15148628 | AD10: 0.13550138 | AE10: 0.16827795 | AF10: 0.16738479 | AH10: 0.1787613 | AI10: 0.1518567 | AK10: 0.16976683 | AL10: 0.14862988 | AN10: 0.16497704 | AO10: 0.13772405 | AQ10: 0.14756441 | AR10: 0.1590023 | AT10: 0.14769905 | AU10: 0.14145323 | AV10: 0.16548241 | AW10: 0.16754585 | AY10: 0.11456283 | AZ10: 0.16526649 | BB10: 1 | BC10: 0 | BE10: 0.12214304 | BF10: 0.15952723 | BH10: 0.1211952 | BI10: 0.15817129 | BK10: 0.12911856 | BL10: 0.15971403 | BN10: 0.20126595 | BO10: 0.15309605 | BQ10: 0.16716274 | BR10: 0.15425414 | BT10: 0.20730037 | BU10: 0.1517145 | BW10: 0.17033422 | BX10: 0.14798543 | BZ10: 0.16496011 | CA10: 0.15472636
B11: Manufacturing | C11: 0.14768362 | D11: 0.14359476 | E11: 0.12705078 | F11: 0.15220569 | G11: 0.15451298 | H11: 0.16393143 | I11: 0.10955554 | J11: 0.21216548 | K11: 0.16430222 | L11: 0.14428941 | N11: 0.055064827 | O11: 0.14766721 | P11: 0.20813476 | Q11: 0.19680161 | S11: 0.11968592 | T11: 0.16027315 | U11: 0.18501581 | V11: 0.1182536 | W11: 0.14821248 | X11: 0.20131754 | Y11: 0.16881651 | AA11: 0.17295551 | AB11: 0.10780925 | AD11: 0.18192634 | AE11: 0.19955252 | AF11: 0.15501204 | AH11: 0.18906852 | AI11: 0.14182005 | AK11: 0.10478526 | AL11: 0.16701332 | AN11: 0.12018485 | AO11: 0.19680161 | AQ11: 0.16706897 | AR11: 0.13801347 | AT11: 0.10131014 | AU11: 0.12179472 | AV11: 0.16809002 | AW11: 0.22271297 | AY11: 0.14693946 | AZ11: 0.14786806 | BB11: 0.12286881 | BC11: 0.15224225 | BE11: 0.097436953 | BF11: 0.15426862 | BH11: 0.1218131 | BI11: 0.1499478 | BK11: 1 | BL11: 0 | BN11: 0.26249033 | BO11: 0.14245161 | BQ11: 0.13751016 | BR11: 0.14848396 | BT11: 0.17115112 | BU11: 0.14611577 | BW11: 0.14705626 | BX11: 0.14798242 | BZ11: 0.17159331 | CA11: 0.14653467
B12: Financial services | C12: 0.11586846 | D12: 0.11500217 | E12: 0.11955824 | F12: 0.1101641 | G12: 0.16850294 | H12: 0.089293258 | I12: 0.093824771 | J12: 0.12722163 | K12: 0.15587797 | L12: 0.055164829 | N12: 0.065384491 | O12: 0.093140379 | P12: 0.11571371 | Q12: 0.16923519 | S12: 0.07859776 | T12: 0.11722442 | U12: 0.13194505 | V12: 0.090081577 | W12: 0.1443776 | X12: 0.14700893 | Y12: 0.14496234 | AA12: 0.14888046 | AB12: 0.063781635 | AD12: 0.13884497 | AE12: 0.19906853 | AF12: 0.12717763 | AH12: 0.20000805 | AI12: 0.10394725 | AK12: 0.10144329 | AL12: 0.12236834 | AN12: 0.085991029 | AO12: 0.16923519 | AQ12: 0.14334284 | AR12: 0.1021632 | AT12: 0.058872083 | AU12: 0.08970676 | AV12: 0.14459737 | AW12: 0.18193916 | AY12: 0.12203494 | AZ12: 0.11434009 | BB12: 0.091191552 | BC12: 0.12040176 | BE12: 1 | BF12: 0 | BH12: 0.10922561 | BI12: 0.11644984 | BK12: 0.076446325 | BL12: 0.12269926 | BN12: 0.19855822 | BO12: 0.1121001 | BQ12: 0.18508378 | BR12: 0.11042334 | BT12: 0.20097274 | BU12: 0.11018271 | BW12: 0.1150471 | BX12: 0.11625966 | BZ12: 0.15025846 | CA12: 0.11421589
B13: Health | C13: 0.080476552 | D13: 0.091910297 | E13: 0.093599091 | F13: 0.055033852 | G13: 0.10687533 | H13: 0.032540155 | I13: 0.089076121 | J13: 0.077934931 | K13: 0.11438805 | L13: 0.099174887 | N13: 0.069741985 | O13: 0.083208992 | P13: 0.071574049 | Q13: 0.091657607 | S13: 0.053887917 | T13: 0.072438396 | U13: 0.062125467 | V13: 0.071784208 | W13: 0.09859269 | X13: 0.085717268 | Y13: 0.083276251 | AA13: 0.080476735 | AB13: 0.080476263 | AD13: 0.074167045 | AE13: 0.089843321 | AF13: 0.080910769 | AH13: 0.087983213 | AI13: 0.07941298 | AK13: 0.10683379 | AL13: 0.068600164 | AN13: 0.074216824 | AO13: 0.091657607 | AQ13: 0.070596538 | AR13: 0.085405079 | AT13: 0.092499699 | AU13: 0.083394959 | AV13: 0.072306543 | AW13: 0.080207263 | AY13: 0.064074496 | AZ13: 0.084541835 | BB13: 0.062845678 | BC13: 0.083715448 | BE13: 0.075862752 | BF13: 0.081081206 | BH13: 1 | BI13: 0 | BK13: 0.066379049 | BL13: 0.082919272 | BN13: 0.13234175 | BO13: 0.078112936 | BQ13: 0.10306312 | BR13: 0.078699682 | BT13: 0.10613941 | BU13: 0.078762037 | BW13: 0.082224038 | BX13: 0.079644268 | BZ13: 0.10160689 | CA13: 0.07946116
B14: Telecommunications | C14: 0.072931849 | D14: 0.066919339 | E14: 0.048175292 | F14: 0.054006823 | G14: 0.12092602 | H14: 0.044452885 | I14: 0.048337015 | J14: 0.1060878 | K14: 0.13341792 | L14: 0.147579 | N14: 0.024156018 | O14: 0.046857889 | P14: 0.08975017 | Q14: 0.11927944 | S14: 0.046302516 | T14: 0.081427536 | U14: 0.096766184 | V14: 0.040733031 | W14: 0.089964638 | X14: 0.11710251 | Y14: 0.087053211 | AA14: 0.10484204 | AB14: 0.02258348 | AD14: 0.099585893 | AE14: 0.15497357 | AF14: 0.08604065 | AH14: 0.16267328 | AI14: 0.060216946 | AK14: 0.054442747 | AL14: 0.081262909 | AN14: 0.046984092 | AO14: 0.11927944 | AQ14: 0.11156503 | AR14: 0.053660149 | AT14: 0.018268935 | AU14: 0.051588086 | AV14: 0.091993197 | AW14: 0.15119347 | AY14: 0.19112694 | AZ14: 0.043636956 | BB14: 0.078555636 | BC14: 0.071898726 | BE14: 0.1164985 | BF14: 0.06722229 | BH14: 0.093400916 | BI14: 0.071140399 | BK14: 0.067907803 | BL14: 0.073802382 | BN14: 0.17817647 | BO14: 0.06813561 | BQ14: 1 | BR14: 0 | BT14: 0.24108237 | BU14: 0.061697846 | BW14: 0.077073029 | BX14: 0.070959508 | BZ14: 0.13365789 | CA14: 0.070013734
B15: Media & Entertainment | C15: 0.062625264 | D15: 0.036993765 | E15: 0.042120542 | F15: 0.057274074 | G15: 0.092270928 | H15: 0.058379737 | I15: 0.035381957 | J15: 0.10050868 | K15: 0.14714805 | L15: 0.10218453 | N15: 0.068138794 | O15: 0.064595711 | P15: 0.066836244 | Q15: 0.055238341 | S15: 0.084254944 | T15: 0.064684683 | U15: 0.058029808 | V15: 0.057839489 | W15: 0.048026261 | X15: 0.074684012 | Y15: 0.077190263 | AA15: 0.072323538 | AB15: 0.047323183 | AD15: 0.062910938 | AE15: 0.099934174 | AF15: 0.06502493 | AH15: 0.12826502 | AI15: 0.053325177 | AK15: 0.057879658 | AL15: 0.064763601 | AN15: 0.066760843 | AO15: 0.055238341 | AQ15: 0.080324545 | AR15: 0.053796189 | AT15: 0.041060925 | AU15: 0.057194503 | AV15: 0.071689143 | AW15: 0.081684987 | AY15: 0.10255198 | AZ15: 0.052729347 | BB15: 0.083650836 | BC15: 0.058762742 | BE15: 0.10862292 | BF15: 0.056597113 | BH15: 0.082595595 | BI15: 0.060877464 | BK15: 0.072576664 | BL15: 0.060900953 | BN15: 0.13705885 | BO15: 0.059233155 | BQ15: 0.20701309 | BR15: 0.051266368 | BT15: 1 | BU15: 0 | BW15: 0.08042688 | BX15: 0.054146798 | BZ15: 0.14283699 | CA15: 0.058770789
B16: Automotive | C16: 0.043585982 | D16: 0.038310546 | E16: 0.052298866 | F16: 0.025499595 | G16: 0.047163137 | H16: 0.054698786 | I16: 0.034640916 | J16: 0.063055783 | K16: 0.039525648 | L16: 0.045571283 | N16: 0.019935163 | O16: 0.030388549 | P16: 0.046670965 | Q16: 0.068570007 | S16: 0.036955623 | T16: 0.069149458 | U16: 0.067498729 | V16: 0.027417603 | W16: 0.04112156 | X16: 0.051536832 | Y16: 0.051826618 | AA16: 0.053246811 | AB16: 0.028342981 | AD16: 0.053238733 | AE16: 0.069551049 | AF16: 0.048178526 | AH16: 0.076017422 | AI16: 0.038990974 | AK16: 0.034564522 | AL16: 0.047650989 | AN16: 0.029598644 | AO16: 0.068570007 | AQ16: 0.066715837 | AR16: 0.03204793 | AT16: 0.019878716 | AU16: 0.034786714 | AV16: 0.050855507 | AW16: 0.079853828 | AY16: 0.06055103 | AZ16: 0.039381161 | BB16: 0.056524637 | BC16: 0.041209074 | BE16: 0.074691203 | BF16: 0.039509536 | BH16: 0.071676098 | BI16: 0.041127539 | BK16: 0.077468977 | BL16: 0.037714966 | BN16: 1 | BO16: 0 | BQ16: 0.10648292 | BR16: 0.038637921 | BT16: 0.095390332 | BU16: 0.040124974 | BW16: 0.036961357 | BX16: 0.046741126 | BZ16: 0.053840022 | CA16: 0.043093237
B17: None of the above | C17: 0.35075848 | D17: 0.34709567 | E17: 0.38327113 | F17: 0.37029502 | G17: 0.31170669 | H17: 0.35424841 | I17: 0.40733016 | J17: 0.26293524 | K17: 0.30137491 | L17: 0.30733041 | N17: 0.50060768 | O17: 0.39318728 | P17: 0.29591888 | Q17: 0.22987656 | S17: 0.43385598 | T17: 0.29215376 | U17: 0.26169312 | V17: 0.44407008 | W17: 0.26773808 | X17: 0.25845792 | Y17: 0.27439757 | AA17: 0.2573539 | AB17: 0.49813363 | AD17: 0.24441 | AE17: 0.18876163 | AF17: 0.29915177 | AH17: 0.14905818 | AI17: 0.37933614 | AK17: 0.42099697 | AL17: 0.31910952 | AN17: 0.41843438 | AO17: 0.22987656 | AQ17: 0.24038031 | AR17: 0.40581932 | AT17: 0.5204223 | AU17: 0.42891693 | AV17: 0.26959663 | AW17: 0.14549759 | AY17: 0 | AZ17: 0.43769468 | BB17: 0 | BC17: 0.4151949 | BE17: 0 | BF17: 0.39672658 | BH17: 0 | BI17: 0.38145681 | BK17: 0 | BL17: 0.41153554 | BN17: 0 | BO17: 0.36674335 | BQ17: 0 | BR17: 0.37835243 | BT17: 0 | BU17: 0.37419238 | BW17: 0.31380725 | BX17: 0.36835744 | BZ17: 0.19605521 | CA17: 0.35819256
B19: Fieldwork: 22nd Apr - 3rd May 2022
B20: Data weighted by employee share and region to Nationally Representative Proportions
B22: =HYPERLINK("#'Contents'!A1", "Return to Contents") -> Return to Contents

Sheet Table 7
D2: And more specifically, which one of the following sectors would you say is the best description for your business ?
D5: Country | N5: Number of Employees | S5: Revenue Change | AA5: Cloud User | AD5: Type of Cloud | AH5: AWS User | AK5: Woman-owned Business | AN5: Grouped Employee Count | AQ5: Tech Adoption | AT5: Digital Intensity | AY5: Does your business operate in the technology sector? | BB5: Does your business operate in the retail sector? | BE5: Does your business operate in the financial services sector? | BH5: Does your business operate in the health sector? | BK5: Does your business operate in the manufacturing sector? | BN5: Does your business operate in the automotive sector? | BQ5: Does your business operate in the telecommunications sector? | BT5: Does your business operate in the media & entertainment sector? | BW5: SME Cloud User | BZ5: SME AWS User
C6: Total | D6: France | E6: Germany | F6: Italy | G6: Netherlands | H6: Poland | I6: Spain | J6: Sweden | K6: Denmark | L6: Finland | N6: 1-9 | O6: 10-49 | P6: 50-249 | Q6: 250+ | S6: Declined by 10%+ | T6: Declined by 6-10% | U6: Declined by 0-5% | V6: Stayed about the same size | W6: Grown by 0-5% | X6: Grown by 6-10% | Y6: Grown by 10%+ | AA6: Yes | AB6: No | AD6: IaaS / PaaS | AE6: Both | AF6: SaaS | AH6: Yes | AI6: No | AK6: Yes | AL6: No | AN6: Less than 250 employees | AO6: 250+ employees | AQ6: Early adopter | AR6: Not early adopter | AT6: Low | AU6: Medium | AV6: High | AW6: Very High | AY6: Yes | AZ6: No | BB6: Yes | BC6: No | BE6: Yes | BF6: No | BH6: Yes | BI6: No | BK6: Yes | BL6: No | BN6: Yes | BO6: No | BQ6: Yes | BR6: No | BT6: Yes | BU6: No | BW6: Yes | BX6: No | BZ6: Yes | CA6: No
